 Dungeon Crawl Stone Soup version 0.30.0-20-g3615ddf2f0 (webtiles) character file.

Game seed: 12580143030811896572

974589 qw the Conqueror (level 27, -6/159 HPs)
             Began as a Gargoyle Fighter on May 28, 2023.
             Was the Champion of the Shining One.
             Killed from afar by an acid blob (7 damage)
             ... with a splash of acid
             ... created by the Royal Jelly
             ... on level 5 of the Pits of Slime.
             The game lasted 01:02:14 (93477 turns).

qw the Conqueror (Gargoyle Fighter)                Turns: 93477, Time: 01:02:15

Health: -6/159     AC: 47    Str: 28 (29) XL:     27
Magic:  0/36       EV: 14    Int:  5 (12) God:    the Shining One [******]
Gold:   10547      SH: 33    Dex:  5      Spells: 26/26 levels left

rFire   + . .        k - +10 broad axe of Inquiry {heavy, Int+4}
rCold   + + +        f - +6 tower shield of the Saviour {rElec Dex+3 Stlth-}
rNeg    + + +        D - +11 gold dragon scales
rPois   inf          c - +2 hat of Joy {Rampage rElec Str-3}
rElec   +            b - +1 cloak "Picipnyi" {Regen+ rCorr Dex-5 Slay+5}
rCorr   +            B - +2 pair of gloves {infuse}
SInv    .            C - +1 pair of boots of Life {rC+}
Will    ++...        t - amulet of reflection Stlth
                     j - ring "Zikics" {Fire Str+2 Int+3 Dex+2}
HPRegen 1.26/turn    u - +5 ring of evasion
MPRegen 0.25/turn

%: reflection, rampage
@: about to teleport, corroded, flying, glowing
A: sickness immunity, AC +20, big wings, negative energy resistance 1,
electricity resistance, torment resistance 1, petrification resistance, hooves
1, horns 1, clumsy 2, cold resistance 2, deterioration 2, dopey 2, frail 2, low
MP 1, screaming 2, teleportitis 2, weak 2, no potion heal 2, heat vulnerability
1, inability to drink after injury 1, inability to read after injury 1
}: 9/15 runes: barnacled, silver, golden, demonic, glowing, magical, fiery,
dark, gossamer
a: Renounce Religion, Divine Shield, Cleansing Flame, Summon Divine Warrior


You were on level 5 of the Pits of Slime.
You worshipped the Shining One.
The Shining One was exalted by your worship.
You visited 12 branches of the dungeon, and saw 55 of its levels.
You visited Pandemonium 3 times, and saw 18 of its levels.
You visited the Abyss 1 time.
You also visited: Gauntlet.

You collected 13852 gold pieces.
You spent 3305 gold pieces at shops.


Innate Abilities, Weirdness & Mutations

You are immune to sickness and miasma.
Your stone body is resilient. (AC +20)
You are immune to poison.
Your large and strong wings let you fly.
You resist negative energy. (rN+)
You are resistant to electric shocks. (rElec)
You are resistant to unholy torment.
You are immune to petrification.
You have large cloven feet.
You have a pair of small horns on your head.
You are very clumsy. (Dex -4)
Your flesh is very cold resistant. (rC++)
Your body often deteriorates upon taking damage.
You are very dopey. (Int -4)
You are very frail. (-20% HP)
Your magical capacity is low. (-10% MP)
You frequently scream uncontrollably at your foes.
You are often teleported next to monsters.
You are very weak. (Str -4)
Potions cannot restore your health.
You are vulnerable to heat. (rF-)
You occasionally lose the ability to drink potions when taking damage.
You occasionally lose the ability to read scrolls when taking damage.


   Skills:
 O Level 27 Fighting
 - Level 4.9 Short Blades
 + Level 25.0 Axes
 - Level 15.0 Throwing
 O Level 27 Armour
 - Level 11.0 Dodging
 - Level 25.8 Shields
 O Level 27 Invocations


You had 26 spell levels left.
You didn't know any spells.
Your spell library was empty.

Inventory:

Hand Weapons
 h - the +8 war axe of Calamity {venom, rElec rCorr Str+3}
   (You acquired it in Pandemonium)

   Str:       It affects your strength (+3).
   rElec:     It insulates you from electricity.
   rCorr:     It protects you from acid and corrosion.
 k - the +10 broad axe of Inquiry (weapon) {heavy, Int+4}
   (You took it off an efreet in Pandemonium)

   Int:       It affects your intelligence (+4).
 y - a +9 broad axe of holy wrath
Armour
 b - the +1 cloak "Picipnyi" (worn) {Regen+ rCorr Dex-5 Slay+5}
   (You found it on level 4 of the Dungeon)

   Dex:       It affects your dexterity (-5).
   Slay:      It affects your accuracy & damage with ranged weapons and melee
   (+5).
   Regen:     It increases your rate of health regeneration.
   rCorr:     It protects you from acid and corrosion.
 c - the +2 hat of Joy (worn) {Rampage rElec Str-3}
   (You acquired it on level 2 of the Tomb of the Ancients)

   Str:       It affects your strength (-3).
   rElec:     It insulates you from electricity.
   Rampage:   It bestows one free step when moving towards enemies.
 f - the +6 tower shield of the Saviour (worn) {rElec Dex+3 Stlth-}
   (You took it off a daeva in Pandemonium)

   Dex:       It affects your dexterity (+3).
   rElec:     It insulates you from electricity.
   Stlth:     It makes you less stealthy.
 x - the +6 scale mail of Baldness {rCorr}
   (You found it on level 4 of the Spider Nest)

   rCorr:     It protects you from acid and corrosion.
 B - a +2 pair of gloves of infusion (worn)
 C - the +1 pair of boots of Life (worn) {rC+}
   (You found it on level 2 of the Lair of Beasts)

   rC:        It protects you from cold.
 D - +11 gold dragon scales (worn)
Jewellery
 e - the ring "Amig" {rF+ Will+}
   (You took it off a guardian mummy on level 3 of the Tomb of the Ancients)

   [ring of protection from fire]

   rF:        It protects you from fire.
   Will:      It increases your willpower.
 j - the ring "Zikics" (left hand) {Fire Str+2 Int+3 Dex+2}
   (You found it in Pandemonium)

   [ring of fire]

   It enhances your fire magic.
   Str:       It affects your strength (+2).
   Int:       It affects your intelligence (+3).
   Dex:       It affects your dexterity (+2).
   rF:        It protects you from fire.
   rC:        It makes you vulnerable to cold.
 m - the amulet of Jobbaf {RegenMP -Tele +Inv rCorr Dex+2}
   (You found it in Pandemonium)

   [amulet of magic regeneration]

   It increases your rate of magic regeneration.
   Dex:       It affects your dexterity (+2).
   +Inv:      It lets you turn invisible.
   -Tele:     It prevents most forms of teleportation.
   rCorr:     It protects you from acid and corrosion.
 o - the ring "Junao" {+Blink Fly rC+ rCorr Int+3}
   (You took it off a minotaur in a Gauntlet)

   [ring of protection from cold]

   Int:       It affects your intelligence (+3).
   rC:        It protects you from cold.
   Fly:       It grants you flight.
   +Blink:    It lets you blink.
   rCorr:     It protects you from acid and corrosion.
 q - the ring "Ceoblapu" {rC+ rN+ Str+2}
   (You took it off an ironbound preserver on level 4 of the Vaults)

   [ring of protection from cold]

   Str:       It affects your strength (+2).
   rC:        It protects you from cold.
   rN:        It protects you from negative energy.
 t - an amulet of reflection (around neck)
 u - a +5 ring of evasion (right hand)
 z - the ring of the Cuttlefish {rElec rCorr Dex+3 SInv Stlth+}
   (You found it in Pandemonium)

   [ring of see invisible]

   Dex:       It affects your dexterity (+3).
   rElec:     It insulates you from electricity.
   SInv:      It lets you see invisible.
   rCorr:     It protects you from acid and corrosion.
   Stlth:     It makes you more stealthy.
 K - a ring of protection from fire
 Y - the ring "Noapsaun" {rElec rN+ MP-9 EV+5}
   (You took it off a spriggan berserker on level 2 of the Depths)

   [ring of evasion]

   EV:        It affects your evasion (+5).
   rElec:     It insulates you from electricity.
   rN:        It protects you from negative energy.
   MP:        It affects your magic capacity (-9).
Wands
 w - a wand of digging (17)
Scrolls
 g - 8 scrolls of identify
 p - 9 scrolls of enchant weapon
 r - 20 scrolls of teleportation
 v - 2 scrolls of brand weapon
Potions
 a - 9 potions of attraction
 d - 7 potions of might
 i - 32 potions of curing
 l - 20 potions of lignification
 n - 9 potions of cancellation
 s - 11 potions of haste
 A - 7 potions of heal wounds

Dungeon Overview and Level Annotations

Branches:
Dungeon (15/15)            Temple (1/1) D:6            Lair (5/5) D:11
 Shoals (4/4) Lair:2       Spider (4/4) Lair:3        Slime (5/5) Lair:5
    Orc (2/2) D:12            Elf (0/3) Orc:2        Vaults (5/5) D:14
  Crypt (3/3) Vaults:2       Tomb (3/3) Crypt:3      Depths (4/4) D:15
    Zot (4/5) Depths:4    Gauntlet (visited)

Altars:
Ashenzari
Dithmenos
Elyvilon
Fedhas
Gozag
Hepliaklqana
Kikubaaqudgha
Makhleb
Nemelex Xobeh
Okawaru
Qazlal
Ru
Sif Muna
Trog
Uskayaw
Vehumet
Wu Jian
Xom
Yredelemnul
Zin
The Shining One
Jiyva
Lugonu

Shops:
D:10 :   D:11 ?   D:15 =   Orc:2 !*:(   Vaults:2 *   Vaults:3 (   Depths:1 *
Depths:3 (

Portals:
Hell: Depths:1 Depths:2 Depths:3 Depths:4
Abyss: Crypt:2 Depths:3 Depths:4
Pandemonium: Depths:1 Depths:2
Ziggurat: Depths:4

Annotations:
D:7 2 runed translucent doors
D:11 3 runed translucent doors
Shoals:1 1 runed translucent door, Kehicw's ghost, adept HOBr
Spider:3 1 runed translucent door, qw's ghost, adept GrCA
Orc:1 1 runed translucent door, blexxed's ghost, journeyman DsFi
Crypt:1 2 runed translucent doors, Teduw's ghost, veteran MiGl
Depths:3 3 runed translucent doors, Imio's ghost, adept DgCj
Zot:4 2 transporters


Message History

You headbutt the acid blob, but do no damage.
The acid blob is severely wounded.
You hit the azure jelly but do no damage.
You cut the acid blob into ribbons!!!
Your hands burn!
You slice the acid blob!!
Your hands burn!
You hit the azure jelly but do no damage.
You open the acid blob like a pillowcase!!!
You kill the acid blob!
That felt strangely unrewarding.
You slash the azure jelly! You block the azure jelly's attack. x2
The azure jelly hits you but does no damage. x2
The acid blob hits you but does no damage.
The acid blob hits you!
You are splashed with acid.
You resist.
The acid blob hits you but does no damage.
The azure jelly closely misses you.
The azure jelly hits you but does no damage.
You block the azure jelly's attack. The azure jelly barely misses you.
The azure jelly misses you.
The azure jelly hits you but does no damage.
The azure jelly closely misses you. The azure jelly misses you.
The azure jelly closely misses you. You block the azure jelly's attack.
The azure jelly hits you but does no damage.
The azure jelly misses you.
You slice the acid blob!!
You kill the acid blob!
That felt strangely unrewarding.
You hit the azure jelly but do no damage.
You slice the acid blob!!
Your hands burn!
You slash the azure jelly! You slash the acid blob!
Your hands burn!
You completely miss the azure jelly. You block the acid blob's attack.
The acid blob spits acid at you. The splash of acid hits you. You resist.
The acid corrodes you! You block the azure jelly's attack. x3
The azure jelly hits you but does no damage.
You block the azure jelly's attack. x2; The azure jelly completely misses you.
The azure jelly hits you.
The azure jelly hits you but does no damage. x4
The acid blob spits acid at you. The splash of acid hits you! You resist.
You die...

................ #
................## ##
.................## #.
.........### ..
...........# # #..
...........##.#. ...
................ ...
......J.J....... ...
........@......... ...
.......JJJ...G..........J
........J.............¤.J
.........................
........................J
#....................JG.
##..................J...
.#..............J......
###..........J.JJG....


You could see 2 acid blobs, 4 azure jellies and a shining eye.

Vanquished Creatures
  the Royal Jelly (Slime:5)
  Gloorx Vloq (Pan)
  Lom Lobon (Pan)
  Mnoleg (Pan)
  Khufu (Tomb:3)
  A dread lich (Abyss:3)
  Mara (Spider:4)
  2 ancient liches
  An orb of fire (Zot:1)
  A juggernaut (Depths:2)
  14 royal mummies
  Bai Suzhen (Shoals:3)
  Saint Roka (Depths:1)
  9 pandemonium lords (Pan)
  2 Killer Klowns (Zot:1)
  Parghit (Zot:3)
  2 curse toes
  Margery (Vaults:2)
  6 caustic shrikes
  15 golden dragons
  2 bone dragons
  2 pearl dragons (Pan)
  Arachne (Spider:2)
  20 Brimstone Fiends (Pan)
  2 Tzitzimimeh (Pan)
  17 tentacled monstrosities
  An electric golem (Zot:3)
  7 Ice Fiends (Pan)
  Rupert (D:12)
  4 Hell Sentinels (Pan)
  10 liches
  2 walking crystal tomes (Depths:1)
  Jorgrun (Orc:1)
  A walking earthen tome (Depths:4)
  3 walking frostbound tomes
  6 deep elf blademasters
  3 deep elf master archers
  19 titans
  Polyphemus (Shoals:4)
  6 quicksilver dragons
  Frances (Shoals:2)
  7 death cobs
  14 ancient champions
  A walking divine tome (Depths:3)
  11 sphinxes
  20 acid blobs
  A kraken (Shoals:2)
  18 Executioners (Pan)
  9 tengu reavers
  Agnes (Spider:2)
  Gastronok (Lair:2)
  14 storm dragons
  Donald (Spider:2)
  11 shadow dragons
  8 azure jellies
  3 draconian monks
  3 revenants (Crypt:3)
  Ilsuiw (Shoals:4)
  17 rockslimes
  8 demonspawn warmongers (Pan)
  26 fire giants
  4 draconian knights
  3 narguns (Depths:1)
  39 balrugs (Pan)
  3 emperor scorpions
  20 frost giants
  3 iron dragons
  8 daevas (Pan)
  Aizul (Depths:1)
  A caustic shrike zombie (Crypt:3)
  19 vault wardens
  7 draconian scorchers
  A quicksilver ooze (shapeshifter) (Vaults:5)
  6 ghost moths
  5 ghouls (Crypt:1)
  13 ironbound preservers
  A broodmother (Spider:1)
  5 curse skulls
  2 draconian stormcallers
  20 angels (Pan)
  6 demonspawn blood saints (Pan)
  5 draconian shifters
  A juggernaut zombie (Crypt:1)
  7 quicksilver oozes
  28 very ugly things
  2 spriggan defenders (Depths:3)
  9 demonspawn corrupters (Pan)
  24 cacodemons
  7 draconian annihilators
  3 ophanim (Pan)
  2 war gargoyles
  5 ironbound thunderhulks
  16 green draconians
  An orc warlord (Vaults:3)
  32 stone giants
  A caustic shrike skeleton (Pan)
  16 reapers
  9 vampire knights
  10 demonspawn black suns (Pan)
  19 apis (Pan)
  13 bennus
  2 deep elf annihilators
  16 black draconians
  2 deep elf demonologists (Vaults:5)
  2 spectral titans (Crypt:3)
  17 red draconians
  7 lorocyprocas (Pan)
  6 dire elephants
  10 spark wasps
  10 purple draconians
  19 yellow draconians
  11 blizzard demons (Pan)
  15 white draconians
  A minotaur (Gauntlet)
  3 deep elf death magi
  16 green deaths (Pan)
  10 eidola
  A crystal guardian (Vaults:3)
  21 mummy priests
  20 ettins
  8 merfolk javelineers
  9 merfolk impalers
  Fannar (Orc:1)
  Josephine (Lair:5)
  6 fire dragons
  A deep elf high priest (Vaults:2)
  9 great orbs of eyes
  2 spectral spriggans (Crypt:3)
  14 yaktaur captains
  2 spectral quicksilver dragons (Crypt:3)
  21 jiangshi
  40 vault guards
  9 entropy weavers
  A fenstrider witch zombie (Tomb:1)
  A spriggan zombie (Crypt:2)
  2 peacekeepers
  4 rakshasas
  A hydra (shapeshifter) (Depths:3)
  A quicksilver dragon skeleton (Crypt:3)
  5 spriggan air magi
  A caustic shrike simulacrum (Crypt:1)
  4 ogre magi
  23 centaur warriors
  5 hell beasts (Pan)
  16 ice dragons
  6 hydras
  2 catoblepae
  Erica (Orc:1)
  3 radroaches
  A jorogumo (Spider:2)
  3 alligator snapping turtles
  3 merfolk avatars
  14 boulder beetles
  9 ironbound frosthearts
  An alligator (shapeshifter) (Vaults:5)
  3 death knights
  6 merfolk aquamancers
  A fenstrider witch skeleton (Tomb:3)
  18 two-headed ogres
  6 dancing weapons (Depths:1)
  8 vampire magi
  3 satyrs
  11 death yaks
  53 death scarabs
  10 tengu warriors
  2 deep troll shamans
  A deep troll earth mage (Depths:1)
  4 spriggan berserkers
  2 titan zombies (Crypt:1)
  3 spectral storm dragons (Crypt:3)
  A spectral dire elephant (Crypt:3)
  6 hell knights
  3 thrashing horrors (Abyss:3)
  11 deep elf knights
  25 soul eaters
  90 sun demons (Pan)
  44 skeletal warriors
  10 skysharks
  A wretched star (Abyss:3)
  14 shadow wraiths
  An iron troll (Depths:2)
  11 cherubim (Pan)
  A fire crab (D:11)
  33 sixfirhies (Pan)
  12 sea snakes
  3 pharaoh ants
  32 deep trolls
  A sun moth (Spider:2)
  A golden dragon skeleton (Vaults:2)
  2 bunyip zombies
  5 glowing orange brains
  8 shadow demons (Pan)
  A spectral anaconda (Crypt:3)
  11 flayed ghosts
  3 spriggan simulacra
  7 orb spiders
  11 phantasmal warriors
  14 wizards
  An elf simulacrum (Crypt:1)
  9 lindwurms
  A spectral hydra (Crypt:3)
  A goliath frog zombie (Crypt:3)
  9 necromancers
  A bunyip skeleton (Tomb:3)
  18 ironbound convokers
  15 deep elf pyromancers
  16 deep elf archers
  7 steelbarb worms
  A fenstrider witch simulacrum (Crypt:1)
  3 bog bodies (Crypt:1)
  6 orc knights
  An iron dragon zombie (Tomb:1)
  27 harpies
  12 deep elf zephyrmancers
  17 wolf spiders
  2 orc sorcerers
  14 manticores
  8 fauns
  38 ugly things
  A faun (shapeshifter) (Vaults:3)
  A frost giant zombie (Vaults:4)
  5 shining eyes
  A glowing shapeshifter (Vaults:5)
  A spectral alligator snapping turtle (Crypt:3)
  A sphinx skeleton (Crypt:2)
  31 moths of wrath
  A spectral ettin (Crypt:3)
  8 cyclopes
  A will-o-the-wisp (Abyss:3)
  14 merfolk sirens
  2 shadow dragon skeletons (Pan)
  A moth of wrath (shapeshifter) (Depths:3)
  5 stone giant skeletons
  2 spectral centaurs (Crypt:3)
  8 torpor snails
  7 elephants (Lair:2)
  10 black mambas
  A frost giant skeleton (Vaults:2)
  5 human skeletons (Vaults:2)
  16 vault sentinels
  A guardian serpent (Lair:5)
  2 rust devils
  An ice statue (Gauntlet)
  9 water nymphs
  55 smoke demons
  22 demonic crawlers
  2 unseen horrors (Pan)
  32 orange demons (Pan)
  3 gargoyles
  3 starcursed masses (Abyss:3)
  4 centaur skeletons
  7 rime drakes
  22 cane toads
  2 yaktaur zombies (Vaults:4)
  3 titan simulacra (Crypt:1)
  2 storm dragon simulacra
  10 komodo dragons
  24 hellions
  39 yaktaurs
  11 efreet (Pan)
  A kobold demonologist (D:13)
  A red draconian zombie (Crypt:2)
  5 tengu conjurers
  13 tormentors (Pan)
  A spectral harpy (Crypt:3)
  33 freezing wraiths
  31 guardian mummies
  A harpy zombie (Crypt:3)
  15 trolls
  27 merfolk
  6 red devils (Pan)
  11 polar bears (Lair:5)
  6 wind drakes
  2 shadow dragon simulacra (Crypt:1)
  4 meliai
  A tarantella zombie (Crypt:1)
  16 tarantellas
  3 hornets (Lair:5)
  A queen bee (D:13)
  A tengu simulacrum (Crypt:3)
  11 blink frogs
  Prince Ribbit (D:5)
  4 harpy skeletons
  6 raiju
  35 hellwings
  An ettin zombie (Crypt:2)
  A stone giant simulacrum (Tomb:1)
  A dream sheep (shapeshifter) (Depths:4)
  8 snapping turtles
  19 flying skulls
  12 dream sheep
  A guardian serpent zombie (Crypt:3)
  A black mamba zombie (Crypt:2)
  71 slime creatures
  3 centaur simulacra
  17 water elementals
  A vampire (D:13)
  18 wraiths
  A yak (shapeshifter) (Depths:3)
  27 jumping spiders
  15 wyverns
  63 yaks
  A dire elephant simulacrum (Crypt:3)
  A basilisk (shapeshifter) (D:15)
  28 culicivoras
  2 ettin skeletons
  6 shadows
  13 ushabtiu
  A hog (shapeshifter) (Vaults:5)
  42 ynoxinuls
  4 basilisks
  An alligator snapping turtle simulacrum (Crypt:1)
  6 golden eyes
  57 redbacks
  A black mamba skeleton (Pan)
  A steam dragon (Lair:2)
  A redback (shapeshifter) (Depths:1)
  Grum (D:8)
  49 chaos spawn
  3 harpy simulacra
  39 neqoxecs (Pan)
  A vampire mosquito (D:11)
  A naga (shapeshifter) (Depths:2)
  56 large abominations
  7 wargs
  4 acid dragons
  Menkaure (D:7)
  19 water moccasins
  4 floating eyes
  3 glowing shapeshifter skeletons (Vaults:2)
  A cane toad skeleton (Crypt:2)
  12 hell hounds (Lair:5)
  12 orc warriors
  A demonspawn skeleton (Tomb:1)
  4 sky beasts
  12 black bears
  4 ettin simulacra
  A fire dragon simulacrum (Crypt:1)
  25 ogres
  35 wolves
  16 centaurs
  3 phantoms
  2 kobold brigands
  A rime drake skeleton (Crypt:1)
  12 bullfrogs
  4 necrophages (Crypt:1)
  5 scorpions
  A naga simulacrum (Crypt:1)
  5 wights (D:8)
  A cyclops skeleton (Crypt:2)
  A water moccasin zombie (Crypt:1)
  A hornet simulacrum (D:15)
  A raiju zombie (Crypt:2)
  A swamp dragon simulacrum (Crypt:1)
  24 killer bees
  3 small abominations (Abyss:3)
  A troll skeleton (Crypt:3)
  3 howler monkeys
  8 crimson imps (Pan)
  3 hounds
  3 jellies
  19 orc priests
  A gnoll bouda (D:7)
  4 sleepcaps
  19 orc wizards
  2 iguanas
  A sky beast zombie (Crypt:1)
  3 naga skeletons
  A tengu skeleton (Crypt:2)
  30 mummies
  7 adders
  9 gnolls
  A steam dragon zombie (Crypt:1)
  15 white imps
  2 ufetubi
  2 adder skeletons (D:2)
  2 adder zombies (D:2)
  An iguana skeleton (Crypt:3)
  3 worms
  11 dart slugs
  65 orcs
  3 bats
  10 endoplasms
  4 giant cockroaches
  3 goblins
  6 hobgoblins
  4 jackals (D:1)
  18 kobolds
  2 quokkas
  5 ball pythons
  2 ball python skeletons (D:2)
  A ball python zombie (D:2)
  5 frilled lizards
  A giant cockroach zombie (Crypt:1)
  A goblin skeleton (Crypt:1)
  A jackal skeleton (Crypt:3)
  A jackal zombie (D:2)
  A quokka zombie (D:2)
  6 rats
  10 fire vortices (Pan)
  2 lurking horrors (Crypt:2)
  A starspawn tentacle (Pan)
  2 tentacles (Shoals:2)
3562 creatures vanquished.

Vanquished Creatures (collateral kills)
  Mennas (Pan)
  9 royal mummies
  A profane servitor (Pan)
  A Tzitzimitl (Pan)
  6 Brimstone Fiends (Pan)
  An Ice Fiend (Pan)
  A Hell Sentinel (Pan)
  A lich (Pan)
  4 pandemonium lords (Pan)
  4 Executioners (Pan)
  A daeva (Pan)
  A fire giant (Tomb:1)
  3 balrugs (Pan)
  2 cacodemons (Pan)
  2 reapers (Pan)
  A quicksilver ooze (Slime:5)
  2 demonspawn blood saints (Pan)
  A deep elf annihilator (Pan)
  A bennu (Tomb:2)
  A lorocyproca (Pan)
  4 blizzard demons (Pan)
  4 green deaths (Pan)
  A mummy priest (Tomb:2)
  2 rakshasas (Pan)
  A death scarab (Tomb:1)
  23 sun demons (Pan)
  3 soul eaters (Pan)
  4 sixfirhies (Pan)
  A cherub (Pan)
  3 glowing orange brains (Pan)
  A deep elf archer (Tomb:1)
  3 shadow demons (Pan)
  A shining eye (Slime:5)
  12 smoke demons (Pan)
  8 demonic crawlers (Pan)
  2 orange demons (Pan)
  4 hellions (Pan)
  An efreet (Pan)
  3 guardian mummies
  4 tormentors (Pan)
  8 hellwings (Pan)
  A red devil (Pan)
  8 large abominations (Pan)
  A hydra skeleton (Pan)
  A merfolk zombie (Tomb:1)
  A centaur simulacrum (Crypt:1)
  7 ynoxinuls (Pan)
  An ettin skeleton (Tomb:3)
  3 ushabtiu (Tomb:2)
  8 chaos spawn (Pan)
  7 neqoxecs (Pan)
  6 mummies
181 creatures vanquished.

Vanquished Creatures (others)
  Cerebov (Pan)
  A tentacled monstrosity (Zot:1)
  2 eldritch tentacles (Pan)
  2 fire giants
  A balrug (Pan)
  A cacodemon (Pan)
  3 demonspawn blood saints (Pan)
  A vampire knight (Depths:2)
  A deep elf annihilator (Tomb:1)
  2 purple draconians
  A spark wasp (Spider:2)
  A rakshasa (Pan)
  A fire dragon (Depths:2)
  A wizard (Pan)
  A ynoxinul (Pan)
  9 ball lightnings (Pan)
  A starspawn tentacle (Pan)
  7 tentacles (Shoals:2)
37 creatures vanquished.

Grand Total: 3780 creatures vanquished

Notes
Turn   | Place    | Note
-------+----------+-------------------------------------------
     0 | D:1      | qw the Gargoyle Fighter began the quest for the Orb.
     0 | D:1      | Reached XP level 1. HP: 14/14 MP: 1/1
     0 | D:1      | 0 ||| qw: Version: 0.2-a-100-g4e38944
     0 | D:1      | 0 ||| qw: Game counter: 220
     0 | D:1      | 0 ||| qw: Always use a shield: true
     0 | D:1      | 0 ||| qw: God list: Okawaru
     0 | D:1      | 0 ||| qw: Allow faded altars: false
     0 | D:1      | 0 ||| qw: Do Orc after D:15 true
     0 | D:1      | 0 ||| qw: Do second Lair branch before Depths: true
     0 | D:1      | 0 ||| qw: Lair rune preference: random
     0 | D:1      | 0 ||| qw: Plans: Normal, Zot:1-4, God:TSO, Crypt, Tomb,
                  | Pan, Slime:5, Hells, Abyss, Win
     0 | D:1      | 0 ||| PLANNING D:1-11
     9 | D:1      | 9 ||| Stepping ~*~*~tactically~*~*~ (stealth).
    14 | D:1      | 14 ||| Stepping ~*~*~tactically~*~*~ (stealth).
    16 | D:1      | 16 ||| Stepping ~*~*~tactically~*~*~ (hiding).
   148 | D:1      | Reached XP level 2. HP: 15/19 MP: 2/2
   289 | D:1      | 289 ||| FLEEEEING.
   290 | D:1      | 290 ||| FLEEEEING.
   405 | D:1      | Reached skill level 3 in Axes
   447 | D:1      | Reached XP level 3. HP: 23/23 MP: 3/3
   864 | D:1      | 864 ||| UPGRADING to ring of protection from cold.
   865 | D:1      | 865 ||| READING scroll labelled DUFITU CAZ JUY.
   866 | D:1      | 866 ||| READING 4 scrolls labelled ILASARRUCAUT.
   867 | D:1      | 867 ||| READING scroll labelled SEUPLE MAOMMUM.
   868 | D:1      | 868 ||| READING 3 scrolls of identify.
   868 | D:1      | 868 ||| IDENTIFYING fuming red potion
   869 | D:1      | 869 ||| READING 2 scrolls of identify.
   869 | D:1      | 869 ||| IDENTIFYING white potion
   870 | D:1      | 870 ||| DROPPING potion of degeneration.
   921 | D:2      | 921 ||| STAIRDANCE
   989 | D:2      | Reached XP level 4. HP: 23/28 MP: 4/4
  1102 | D:2      | 1102 ||| Stepping ~*~*~tactically~*~*~ (stealth).
  1140 | D:2      | 1140 ||| DROPPING +0 club.
  1440 | D:2      | 1440 ||| DROPPING ring of magical power.
  1441 | D:2      | 1441 ||| READING scroll labelled CIGEPIV MERPHUFUGG.
  1445 | D:2      | 1445 ||| READING scroll labelled KILITROT ONONI.
  1446 | D:2      | 1446 ||| READING 2 scrolls labelled TUFETREL ORGHUC.
  1447 | D:2      | 1447 ||| READING scroll labelled UGHU YCVYN MOJ.
  1448 | D:2      | 1448 ||| DRINKING 3 purple potions.
  1449 | D:2      | 1449 ||| DROPPING scroll of poison.
  1585 | D:3      | 1585 ||| Stepping ~*~*~tactically~*~*~ (hiding).
  1616 | D:3      | Reached XP level 5. HP: 32/32 MP: 5/5
  1639 | D:3      | 1639 ||| Stepping ~*~*~tactically~*~*~ (stealth).
  1641 | D:3      | 1641 ||| Stepping ~*~*~tactically~*~*~ (stealth).
  1684 | D:3      | 1684 ||| Stepping ~*~*~tactically~*~*~ (stealth).
  1756 | D:3      | 1756 ||| DRINKING 3 potions of curing.
  1756 | D:3      | 1756 ||| (to cure confusion)
  1758 | D:3      | 1758 ||| DRINKING 2 potions of curing.
  1758 | D:3      | 1758 ||| (to cure confusion)
  2167 | D:3      | 2167 ||| UPGRADING to +0 kite shield.
  2177 | D:3      | 2177 ||| DROPPING +0 buckler.
  2178 | D:3      | 2178 ||| UPGRADING to +0 plate armour.
  2188 | D:3      | 2188 ||| DROPPING +0 scale mail.
  2189 | D:3      | 2189 ||| DRINKING 2 orange potions.
  2190 | D:3      | 2190 ||| DROPPING potion of flight.
  2209 | D:4      | 2209 ||| READING scroll of enchant weapon.
  2209 | D:4      | 2209 ||| ENCHANTING +1 war axe.
  2210 | D:4      | 2210 ||| Stepping ~*~*~tactically~*~*~ (stealth).
  2225 | D:4      | 2225 ||| DROPPING +0 mace of draining.
  2393 | D:4      | Reached XP level 6. HP: 38/38 MP: 6/6
  2467 | D:4      | 2467 ||| READING scroll of enchant armour.
  2467 | D:4      | 2467 ||| ENCHANTING +0 plate armour.
  2540 | D:4      | 2540 ||| Stepping ~*~*~tactically~*~*~ (stealth).
  2542 | D:4      | 2542 ||| Stepping ~*~*~tactically~*~*~ (stealth).
  2602 | D:4      | 2602 ||| Stepping ~*~*~tactically~*~*~ (hiding).
  2859 | D:4      | 2859 ||| FLEEEEING.
  2860 | D:4      | 2860 ||| FLEEEEING.
  2861 | D:4      | 2861 ||| FLEEEEING.
  2862 | D:4      | 2862 ||| FLEEEEING.
  2863 | D:4      | 2863 ||| FLEEEEING.
  2933 | D:4      | Identified the +1 cloak "Picipnyi" {Regen+ rCorr Dex-5
                  | Slay+5}
  3001 | D:4      | 3001 ||| SWAPPING to +0 broad axe.
  3002 | D:4      | 3002 ||| DROPPING +2 war axe.
  3060 | D:4      | 3060 ||| UPGRADING to +1 cloak "Picipnyi" {Regen+ rCorr
                  | Dex-5 Slay+5}.
  3065 | D:4      | 3065 ||| DRINKING 2 green potions.
  3066 | D:4      | 3066 ||| READING 2 scrolls of identify.
  3066 | D:4      | 3066 ||| IDENTIFYING bubbling coppery potion
  3067 | D:4      | 3067 ||| DROPPING potion of magic.
  3084 | D:5      | Entered Level 5 of the Dungeon
  3105 | D:5      | Found a hide-covered altar of Uskayaw.
  3118 | D:5      | Reached XP level 7. HP: 43/43 MP: 7/7
  3353 | D:5      | 3353 ||| Stepping ~*~*~tactically~*~*~ (stealth).
  3358 | D:5      | Reached skill level 6 in Axes
  3361 | D:5      | 3361 ||| Stepping ~*~*~tactically~*~*~ (stealth).
  3369 | D:5      | Found a basalt altar of Yredelemnul.
  3369 | D:5      | Found a glowing silver altar of Zin.
  3426 | D:5      | Noticed Prince Ribbit
  3440 | D:5      | Killed Prince Ribbit
  3441 | D:5      | Reached skill level 6 in Shields
  3441 | D:5      | Reached XP level 8. HP: 30/48 MP: 8/8
  3576 | D:5      | Noticed a +0 dagger
  3576 | D:5      | Noticed a +0 hand axe
  3834 | D:5      | 3834 ||| Stepping ~*~*~tactically~*~*~ (hiding).
  3836 | D:5      | 3836 ||| Stepping ~*~*~tactically~*~*~ (hiding).
  4173 | D:5      | Found a shimmering blue altar of Sif Muna.
  4180 | D:5      | 4180 ||| UPGRADING to +0 helmet.
  4185 | D:5      | 4185 ||| DROPPING amulet of faith.
  4186 | D:5      | 4186 ||| READING scroll labelled RAEXTA OGURI.
  4187 | D:5      | 4187 ||| READING scroll labelled KOICEZX PAUMACK.
  4196 | D:5      | 4196 ||| READING scroll labelled SUSCHO KYLU.
  4197 | D:5      | 4197 ||| READING 2 scrolls of identify.
  4197 | D:5      | 4197 ||| IDENTIFYING silvery potion
  4198 | D:5      | 4198 ||| DROPPING potion of ambrosia.
  4469 | D:6      | Found a hazy altar of Hepliaklqana.
  4876 | D:6      | Found a staircase to the Ecumenical Temple.
  4877 | D:6      | 4877 ||| PLANNING TEMPLE
  4877 | D:6      | 4877 ||| READING scroll labelled OLYVYNG ZIASH.
  4884 | Temple   | Entered the Ecumenical Temple
  4909 | Temple   | 4909 ||| PLANNING OKAWARU WORSHIP
  5028 | Temple   | Became a worshipper of Warmaster Okawaru
  5028 | Temple   | 5028 ||| PLANNING D:1-11
  5249 | D:6      | 5249 ||| READING scroll of enchant weapon.
  5249 | D:6      | 5249 ||| ENCHANTING +0 broad axe.
  5477 | D:6      | Found a blossoming altar of Fedhas.
  5583 | D:6      | Found a sparkling altar of Nemelex Xobeh.
  5588 | D:6      | Reached XP level 9. HP: 54/54 MP: 9/9
  5588 | D:6      | Found an opulent altar of Gozag.
  5772 | D:7      | 5772 ||| Stepping ~*~*~tactically~*~*~ (hiding).
  5786 | D:7      | Reached * piety under Okawaru
  5794 | D:7      | Reached skill level 6 in Fighting
  5794 | D:7      | Reached skill level 1 in Invocations
  5878 | D:7      | Found a large runed translucent door.
  5878 | D:7      | Found a large runed translucent door.
  5902 | D:7      | 5902 ||| Stepping ~*~*~tactically~*~*~ (hiding).
  5972 | D:7      | 5972 ||| Stepping ~*~*~tactically~*~*~ (hiding).
  5975 | D:7      | 5975 ||| INVOKING Heroism.
  5980 | D:7      | 5980 ||| Stepping ~*~*~tactically~*~*~ (hiding).
  6001 | D:7      | Noticed Menkaure
  6002 | D:7      | 6002 ||| INVOKING Heroism.
  6009 | D:7      | Killed Menkaure
  6051 | D:7      | Reached skill level 3 in Invocations
  6094 | D:7      | 6094 ||| Stepping ~*~*~tactically~*~*~ (hiding).
  6095 | D:7      | 6095 ||| Stepping ~*~*~tactically~*~*~ (hiding).
  6598 | D:7      | 6598 ||| READING 2 scrolls of identify.
  6598 | D:7      | 6598 ||| IDENTIFYING amethyst potion
  6599 | D:7      | 6599 ||| DROPPING potion of brilliance.
  6664 | D:8      | 6664 ||| Stepping ~*~*~tactically~*~*~ (stealth).
  6666 | D:8      | 6666 ||| FLEEEEING.
  6668 | D:8      | 6668 ||| FLEEEEING.
  6671 | D:8      | 6671 ||| FLEEEEING.
  6672 | D:8      | 6672 ||| FLEEEEING.
  6673 | D:8      | 6673 ||| FLEEEEING.
  6677 | D:8      | 6677 ||| INVOKING Heroism.
  6726 | D:8      | 6726 ||| INVOKING Heroism.
  6728 | D:8      | Noticed Grum
  6740 | D:8      | 6740 ||| INVOKING Heroism.
  6740 | D:8      | HP: 7/55 [orc priest/divine providence (14)]
  6741 | D:8      | 6741 ||| READING scroll of teleportation.
  6742 | D:8      | 6742 ||| DRINKING 2 potions of heal wounds.
  6745 | D:8      | Killed Grum
  6755 | D:8      | 6755 ||| Stepping ~*~*~tactically~*~*~ (stealth).
  6756 | D:8      | 6756 ||| Stepping ~*~*~tactically~*~*~ (stealth).
  6758 | D:8      | 6758 ||| Stepping ~*~*~tactically~*~*~ (stealth).
  6770 | D:8      | Reached skill level 9 in Axes
  6784 | D:8      | 6784 ||| INVOKING Heroism.
  6840 | D:8      | 6840 ||| Stepping ~*~*~tactically~*~*~ (hiding).
  6948 | D:8      | 6948 ||| Stepping ~*~*~tactically~*~*~ (stealth).
  6950 | D:8      | 6950 ||| Stepping ~*~*~tactically~*~*~ (hiding).
  6952 | D:8      | 6952 ||| Stepping ~*~*~tactically~*~*~ (hiding).
  7061 | D:8      | 7061 ||| READING 3 scrolls of enchant weapon.
  7061 | D:8      | 7061 ||| ENCHANTING +1 broad axe.
  7062 | D:8      | 7062 ||| READING 2 scrolls of enchant weapon.
  7062 | D:8      | 7062 ||| ENCHANTING +2 broad axe.
  7063 | D:8      | 7063 ||| READING scroll of enchant weapon.
  7063 | D:8      | 7063 ||| ENCHANTING +3 broad axe.
  7069 | D:8      | 7069 ||| Stepping ~*~*~tactically~*~*~ (stealth).
  7127 | D:8      | Reached XP level 10. HP: 50/60 MP: 13/13
  7147 | D:8      | 7147 ||| Stepping ~*~*~tactically~*~*~ (stealth).
  7155 | D:8      | Reached skill level 6 in Armour
  7157 | D:8      | 7157 ||| FLEEEEING.
  7158 | D:8      | 7158 ||| FLEEEEING.
  7160 | D:8      | 7160 ||| FLEEEEING.
  7183 | D:8      | 7183 ||| Stepping ~*~*~tactically~*~*~ (hiding).
  7184 | D:8      | 7184 ||| Stepping ~*~*~tactically~*~*~ (hiding).
  7517 | D:8      | 7517 ||| READING scroll labelled EMUSCH FIMMEST.
  7518 | D:8      | 7518 ||| READING scroll labelled ZAUNOMPEWN.
  7542 | D:9      | 7542 ||| Stepping ~*~*~tactically~*~*~ (hiding).
  7663 | D:9      | 7663 ||| Stepping ~*~*~tactically~*~*~ (hiding).
  7664 | D:9      | 7664 ||| Stepping ~*~*~tactically~*~*~ (hiding).
  7665 | D:9      | 7665 ||| Stepping ~*~*~tactically~*~*~ (hiding).
  7737 | D:9      | 7737 ||| Stepping ~*~*~tactically~*~*~ (hiding).
  7738 | D:9      | 7738 ||| Stepping ~*~*~tactically~*~*~ (hiding).
  7790 | D:9      | Found an ornate altar of the Wu Jian Council.
  7847 | D:9      | 7847 ||| Stepping ~*~*~tactically~*~*~ (hiding).
  7848 | D:9      | 7848 ||| Stepping ~*~*~tactically~*~*~ (hiding).
  7969 | D:9      | 7969 ||| Stepping ~*~*~tactically~*~*~ (stealth).
  7981 | D:9      | 7981 ||| FLEEEEING.
  7987 | D:9      | 7987 ||| Stepping ~*~*~tactically~*~*~ (hiding).
  7988 | D:9      | 7988 ||| Stepping ~*~*~tactically~*~*~ (hiding).
  7989 | D:9      | 7989 ||| Stepping ~*~*~tactically~*~*~ (hiding).
  8113 | D:9      | 8113 ||| Stepping ~*~*~tactically~*~*~ (stealth).
  8117 | D:9      | 8117 ||| Stepping ~*~*~tactically~*~*~ (stealth).
  8119 | D:9      | 8119 ||| Stepping ~*~*~tactically~*~*~ (stealth).
  8120 | D:9      | 8120 ||| INVOKING Heroism.
  8126 | D:9      | Reached skill level 1 in Throwing
  8355 | D:9      | 8355 ||| INVOKING Heroism.
  8481 | D:9      | 8481 ||| Stepping ~*~*~tactically~*~*~ (stealth).
  8488 | D:9      | Reached ** piety under Okawaru
  8493 | D:9      | 8493 ||| INVOKING Heroism.
  8496 | D:9      | Reached skill level 9 in Shields
  8591 | D:9      | 8591 ||| DROPPING amulet of guardian spirit.
  8592 | D:9      | 8592 ||| UPGRADING to +5 ring of evasion.
  8593 | D:9      | 8593 ||| DRINKING 3 sapphire potions.
  8631 | D:10     | Entered Level 10 of the Dungeon
  8680 | D:10     | 8680 ||| Stepping ~*~*~tactically~*~*~ (stealth).
  8693 | D:10     | Reached *** piety under Okawaru
  8710 | D:10     | Noticed a gargoyle
  8723 | D:10     | Killed a gargoyle
  8726 | D:10     | 8726 ||| INVOKING Heroism.
  8737 | D:10     | Reached XP level 11. HP: 67/68 MP: 12/14
  8751 | D:10     | Found Biag's Book Shoppe.
  8766 | D:9      | Found a stormy altar of Qazlal.
  8766 | D:9      | Found a radiant altar of Vehumet.
  8842 | D:10     | 8842 ||| Stepping ~*~*~tactically~*~*~ (hiding).
  8843 | D:10     | 8843 ||| Stepping ~*~*~tactically~*~*~ (hiding).
  8924 | D:10     | 8924 ||| INVOKING Heroism.
  8973 | D:10     | 8973 ||| Stepping ~*~*~tactically~*~*~ (stealth).
  8975 | D:10     | 8975 ||| Stepping ~*~*~tactically~*~*~ (hiding).
  9192 | D:10     | 9192 ||| READING 2 scrolls of identify.
  9192 | D:10     | 9192 ||| IDENTIFYING pink potion
  9193 | D:10     | 9193 ||| DROPPING potion of berserk rage.
  9225 | D:11     | Found a gate leading to a gauntlet.
  9226 | D:11     | 9226 ||| PLANNING GAUNTLET
  9231 | Gauntlet | Entered a Gauntlet
  9231 | Gauntlet | Found a transporter.
  9231 | Gauntlet | Found a transporter.
  9232 | Gauntlet | Found a transporter.
  9236 | Gauntlet | Found a transporter.
  9236 | Gauntlet | Found a transporter.
  9244 | Gauntlet | Found a transporter.
  9245 | Gauntlet | Found a transporter.
  9246 | Gauntlet | Found a transporter.
  9247 | Gauntlet | Found a transporter.
  9253 | Gauntlet | Found a runed translucent gate.
  9254 | Gauntlet | Noticed a necromancer
  9254 | Gauntlet | Noticed a death yak
  9255 | Gauntlet | Found a transporter.
  9255 | Gauntlet | Found a transporter.
  9255 | Gauntlet | Noticed a death yak
  9255 | Gauntlet | Noticed a death yak
  9256 | Gauntlet | Found a runed translucent gate.
  9257 | Gauntlet | Found a runed translucent gate.
  9298 | Gauntlet | Found a transporter.
  9435 | Gauntlet | 9435 ||| INVOKING Heroism.
  9544 | Gauntlet | 9544 ||| INVOKING Heroism.
  9561 | Gauntlet | Identified the +0 pair of gloves "Orghekof" {-Tele Rampage
                  | rPois Slay+2}
  9567 | Gauntlet | 9567 ||| Stepping randomly (stuck).
  9570 | Gauntlet | 9570 ||| Stepping randomly (stuck).
  9571 | Gauntlet | 9571 ||| Stepping randomly (stuck).
  9573 | Gauntlet | 9573 ||| INVOKING Heroism.
  9579 | Gauntlet | Killed a necromancer
  9579 | Gauntlet | Killed a death yak
  9579 | Gauntlet | Reached **** piety under Okawaru
  9585 | Gauntlet | Killed a death yak
  9587 | Gauntlet | Killed a death yak
  9631 | Gauntlet | 9631 ||| UPGRADING to amulet of reflection.
  9672 | Gauntlet | Identified the +8 glaive "Boira" {freeze, rElec Str+3}
  9672 | Gauntlet | Identified the ring "Junao" {+Blink Fly rC+ rCorr Int+3}
  9672 | Gauntlet | Noticed a minotaur
  9673 | Gauntlet | 9673 ||| INVOKING Heroism.
  9678 | Gauntlet | HP: 14/69 [minotaur/the +8 glaive "Boira" {freeze, rElec
                  | Str+3} (6)]
  9679 | Gauntlet | 9679 ||| DRINKING 2 potions of heal wounds.
  9682 | Gauntlet | HP: 5/69 [minotaur/the +8 glaive "Boira" {freeze, rElec
                  | Str+3} (25)]
  9682 | Gauntlet | HP: 2/69 [minotaur/the +8 glaive "Boira" {freeze, rElec
                  | Str+3} (3)]
  9683 | Gauntlet | 9683 ||| DRINKING potion of heal wounds.
  9685 | Gauntlet | Killed a minotaur
  9685 | Gauntlet | Reached ***** piety under Okawaru
  9686 | Gauntlet | Reached skill level 9 in Fighting
  9764 | Gauntlet | 9764 ||| UPGRADING to +2 plate armour of willpower.
  9774 | Gauntlet | 9774 ||| DROPPING +1 plate armour.
  9775 | Gauntlet | 9775 ||| UPGRADING to ring "Junao" {+Blink Fly rC+ rCorr
                  | Int+3}.
  9777 | Gauntlet | 9777 ||| DROPPING +6 ring of intelligence.
  9793 | D:11     | 9793 ||| PLANNING D:1-11
  9797 | D:11     | Found a staircase to the Lair.
  9797 | D:11     | Noticed a fire crab
  9800 | D:11     | 9800 ||| Stepping ~*~*~tactically~*~*~ (cloud).
  9808 | D:11     | 9808 ||| INVOKING Heroism.
  9816 | D:11     | 9816 ||| Stepping ~*~*~tactically~*~*~ (cloud).
  9817 | D:11     | 9817 ||| Stepping ~*~*~tactically~*~*~ (cloud).
  9818 | D:11     | 9818 ||| Stepping ~*~*~tactically~*~*~ (cloud).
  9825 | D:11     | 9825 ||| Stepping ~*~*~tactically~*~*~ (cloud).
  9826 | D:11     | 9826 ||| Stepping ~*~*~tactically~*~*~ (cloud).
  9829 | D:11     | Killed a fire crab
  9830 | D:11     | Reached skill level 3 in Throwing
  9830 | D:11     | Reached skill level 6 in Invocations
  9832 | D:11     | 9832 ||| INVOKING Heroism.
  9837 | D:11     | Reached XP level 12. HP: 38/76 MP: 13/16
  9897 | D:11     | 9897 ||| Stepping ~*~*~tactically~*~*~ (hiding).
  9899 | D:11     | 9899 ||| Stepping ~*~*~tactically~*~*~ (hiding).
  9901 | D:11     | 9901 ||| Stepping ~*~*~tactically~*~*~ (hiding).
  9915 | D:11     | Found Fuxzit's Magic Scroll Emporium.
  9927 | D:11     | 9927 ||| BUYING scroll of enchant weapon (112 gold).
  9927 | D:11     | Bought a scroll of enchant weapon for 112 gold pieces
  9927 | D:11     | 9927 ||| BUYING scroll of identify (30 gold).
  9927 | D:11     | Bought a scroll of identify for 30 gold pieces
  9927 | D:11     | 9927 ||| BUYING scroll of identify (30 gold).
  9927 | D:11     | Bought a scroll of identify for 30 gold pieces
  9927 | D:11     | 9927 ||| BUYING scroll of identify (30 gold).
  9927 | D:11     | Bought a scroll of identify for 30 gold pieces
  9927 | D:11     | 9927 ||| READING scroll of enchant weapon.
  9927 | D:11     | 9927 ||| ENCHANTING +4 broad axe.
  9962 | D:11     | Noticed a boulder beetle
  9963 | D:11     | 9963 ||| INVOKING Heroism.
  9964 | D:11     | 9964 ||| INVOKING Finesse.
  9965 | D:11     | 9965 ||| INVOKING Finesse.
  9991 | D:11     | Killed a boulder beetle
 10034 | D:11     | Noticed a two-headed ogre
 10044 | D:11     | Killed a two-headed ogre
 10132 | D:11     | Found a runed translucent gate.
 10132 | D:11     | Found a runed translucent gate.
 10132 | D:11     | Found a runed translucent gate.
 10252 | D:11     | 10252 ||| READING scroll of enchant armour.
 10252 | D:11     | 10252 ||| ENCHANTING +0 helmet.
 10423 | D:11     | Noticed a two-headed ogre
 10427 | D:11     | Killed a two-headed ogre
 10566 | D:11     | 10566 ||| PLANNING LAIR
 10566 | D:11     | 10566 ||| UPGRADING to +0 pair of boots.
 10571 | D:11     | 10571 ||| READING scroll labelled XESHRUS EDULYNO.
 10572 | D:11     | 10572 ||| READING 4 scrolls of identify.
 10572 | D:11     | 10572 ||| IDENTIFYING bubbling sapphire potion
 10573 | D:11     | 10573 ||| READING 3 scrolls of identify.
 10573 | D:11     | 10573 ||| IDENTIFYING bubbling emerald potion
 10574 | D:11     | 10574 ||| READING 2 scrolls of identify.
 10574 | D:11     | 10574 ||| IDENTIFYING fizzy blue potion
 10593 | Lair:1   | Entered Level 1 of the Lair of Beasts
 10595 | Lair:1   | 10595 ||| INVOKING Heroism.
 10651 | Lair:1   | 10651 ||| INVOKING Heroism.
 10667 | Lair:1   | Reached skill level 9 in Invocations
 10764 | Lair:1   | Reached skill level 12 in Axes
 10904 | Lair:1   | 10904 ||| DROPPING +1 mace of protection.
 10925 | Lair:1   | 10925 ||| DROPPING +6 ring of strength.
 10946 | Lair:2   | Received a gift from Okawaru
 10948 | Lair:2   | Reached skill level 1 in Dodging
 10948 | Lair:2   | 10948 ||| STAIRDANCE
 10967 | Lair:2   | Found a staircase to the Shoals.
 11038 | Lair:2   | Reached skill level 9 in Armour
 11120 | Lair:2   | 11120 ||| Stepping ~*~*~tactically~*~*~ (stealth).
 11126 | Lair:2   | Identified the +1 pair of boots of Life {rC+}
 11142 | Lair:2   | 11142 ||| Stepping ~*~*~tactically~*~*~ (hiding).
 11146 | Lair:2   | 11146 ||| INVOKING Heroism.
 11149 | Lair:2   | 11149 ||| Stepping ~*~*~tactically~*~*~ (cloud).
 11230 | Lair:2   | 11230 ||| INVOKING Heroism.
 11239 | Lair:2   | Reached XP level 13. HP: 80/80 MP: 18/20
 11239 | Lair:2   | 11239 ||| Stepping ~*~*~tactically~*~*~ (stealth).
 11251 | Lair:2   | Noticed Gastronok
 11252 | Lair:2   | 11252 ||| Stepping ~*~*~tactically~*~*~ (hiding).
 11258 | Lair:2   | 11258 ||| INVOKING Heroism.
 11264 | Lair:2   | Killed Gastronok
 11290 | Lair:2   | 11290 ||| INVOKING Heroism.
 11295 | Lair:2   | 11295 ||| INVOKING Finesse.
 11307 | Lair:2   | 11307 ||| SWAPPING to +4 flail.
 11315 | Lair:2   | 11315 ||| SWAPPING to +5 broad axe of freezing.
 11466 | Lair:2   | 11466 ||| Stepping ~*~*~tactically~*~*~ (stealth).
 11468 | Lair:2   | 11468 ||| INVOKING Heroism.
 11905 | Lair:2   | 11905 ||| DROPPING +0 pair of gloves "Orghekof" {-Tele
                  | Rampage rPois Slay+2}.
 11906 | Lair:2   | 11906 ||| UPGRADING to +2 pair of gloves of infusion.
 11911 | Lair:2   | 11911 ||| UPGRADING to +1 pair of boots of Life {rC+}.
 11921 | Lair:2   | 11921 ||| DROPPING +0 pair of boots.
 11922 | Lair:2   | 11922 ||| DROPPING +6 ring of dexterity.
 11923 | Lair:2   | 11923 ||| READING scroll labelled MERERO ZUHAPTO.
 11923 | Lair:2   | Identified a scroll of acquirement
 11923 | Lair:2   | 11923 ||| ACQUIRING ring of fire
 11923 | Lair:2   | Acquired a ring of fire
 12089 | Lair:3   | You are sucked into a shaft and drop 1 floor!
 12174 | Lair:3   | 12174 ||| INVOKING Heroism.
 12484 | Lair:3   | 12484 ||| INVOKING Heroism.
 12528 | Lair:3   | Found a hole to the Spider Nest.
 12561 | Lair:3   | Received a gift from Okawaru
 12593 | Lair:3   | 12593 ||| INVOKING Heroism.
 12721 | Lair:3   | Received a gift from Okawaru
 12736 | Lair:3   | 12736 ||| DROPPING +4 flail.
 12799 | Lair:3   | 12799 ||| INVOKING Heroism.
 12800 | Lair:3   | 12800 ||| INVOKING Finesse.
 12886 | Lair:3   | 12886 ||| INVOKING Heroism.
 12907 | Lair:3   | Gained mutation: Your large and strong wings let you fly.
                  | [Gargoyle growth]
 12907 | Lair:3   | Reached XP level 14. HP: 73/88 MP: 0/21
 13544 | Lair:3   | 13544 ||| UPGRADING to +4 ring of protection.
 14337 | Lair:4   | 14337 ||| READING scroll labelled TYTISE GIQOAR.
 14367 | Lair:5   | Entered Level 5 of the Lair of Beasts
 14368 | Lair:5   | 14368 ||| STAIRDANCE
 14472 | Lair:5   | 14472 ||| INVOKING Heroism.
 14473 | Lair:5   | 14473 ||| INVOKING Finesse.
 14481 | Lair:5   | 14481 ||| SWAPPING to +0 broad axe of flaming.
 14484 | Lair:5   | Received a gift from Okawaru
 14486 | Lair:5   | 14486 ||| SWAPPING to +5 broad axe of freezing.
 14524 | Lair:5   | 14524 ||| INVOKING Heroism.
 14525 | Lair:5   | 14525 ||| Stepping ~*~*~tactically~*~*~ (stealth).
 14526 | Lair:5   | 14526 ||| Stepping ~*~*~tactically~*~*~ (stealth).
 14528 | Lair:5   | 14528 ||| SWAPPING to +0 broad axe of flaming.
 14530 | Lair:5   | 14530 ||| SWAPPING to +5 broad axe of freezing.
 14579 | Lair:5   | 14579 ||| INVOKING Heroism.
 14581 | Lair:5   | 14581 ||| INVOKING Finesse.
 14585 | Lair:5   | 14585 ||| SWAPPING to +0 broad axe of flaming.
 14591 | Lair:5   | Received a gift from Okawaru
 14592 | Lair:5   | Reached skill level 12 in Shields
 14592 | Lair:5   | 14592 ||| SWAPPING to +5 broad axe of freezing.
 14668 | Lair:5   | 14668 ||| Stepping ~*~*~tactically~*~*~ (stealth).
 14697 | Lair:5   | 14697 ||| Stepping ~*~*~tactically~*~*~ (stealth).
 14921 | Lair:5   | 14921 ||| INVOKING Heroism.
 15026 | Lair:5   | 15026 ||| INVOKING Heroism.
 15104 | Lair:5   | Received a gift from Okawaru
 15115 | Lair:5   | 15115 ||| Stepping ~*~*~tactically~*~*~ (stealth).
 15176 | Lair:5   | 15176 ||| Stepping ~*~*~tactically~*~*~ (stealth).
 15275 | Lair:5   | 15275 ||| Stepping ~*~*~tactically~*~*~ (stealth).
 15292 | Lair:5   | 15292 ||| Stepping ~*~*~tactically~*~*~ (stealth).
 15295 | Lair:5   | 15295 ||| Stepping ~*~*~tactically~*~*~ (stealth).
 15296 | Lair:5   | 15296 ||| Stepping ~*~*~tactically~*~*~ (stealth).
 15297 | Lair:5   | 15297 ||| Stepping ~*~*~tactically~*~*~ (stealth).
 15298 | Lair:5   | 15298 ||| Stepping ~*~*~tactically~*~*~ (stealth).
 15308 | Lair:5   | 15308 ||| Stepping ~*~*~tactically~*~*~ (stealth).
 15314 | Lair:5   | Reached skill level 15 in Axes
 15316 | Lair:5   | 15316 ||| Stepping ~*~*~tactically~*~*~ (stealth).
 15335 | Lair:5   | 15335 ||| Stepping ~*~*~tactically~*~*~ (stealth).
 15336 | Lair:5   | 15336 ||| Stepping ~*~*~tactically~*~*~ (stealth).
 15376 | Lair:5   | 15376 ||| Stepping ~*~*~tactically~*~*~ (stealth).
 15377 | Lair:5   | 15377 ||| Stepping ~*~*~tactically~*~*~ (stealth).
 15378 | Lair:5   | 15378 ||| Stepping ~*~*~tactically~*~*~ (stealth).
 15379 | Lair:5   | 15379 ||| Stepping ~*~*~tactically~*~*~ (stealth).
 15385 | Lair:5   | 15385 ||| Stepping ~*~*~tactically~*~*~ (stealth).
 15386 | Lair:5   | 15386 ||| Stepping ~*~*~tactically~*~*~ (stealth).
 15424 | Lair:5   | 15424 ||| Stepping ~*~*~tactically~*~*~ (stealth).
 15443 | Lair:5   | 15443 ||| Stepping ~*~*~tactically~*~*~ (stealth).
 15471 | Lair:5   | 15471 ||| Stepping ~*~*~tactically~*~*~ (stealth).
 15519 | Lair:5   | Noticed Josephine
 15525 | Lair:5   | Killed Josephine
 15600 | Lair:5   | 15600 ||| READING scroll of acquirement.
 15600 | Lair:5   | 15600 ||| ACQUIRING +2 broad axe "Leseiq" {flame, Dex+6}
 15600 | Lair:5   | Acquired the +2 broad axe "Leseiq" {flame, Dex+6}
 15602 | Lair:5   | 15602 ||| SWAPPING to +2 broad axe "Leseiq" {flame, Dex+6}.
 15603 | Lair:5   | 15603 ||| DROPPING +0 broad axe of flaming.
 15604 | Lair:5   | 15604 ||| DROPPING +5 broad axe of freezing.
 15674 | Lair:5   | Received a gift from Okawaru
 15675 | Lair:5   | Reached XP level 15. HP: 96/96 MP: 19/22
 15692 | Lair:5   | Found a staircase to the Slime Pits.
 15693 | Lair:5   | Found a viscous altar of Jiyva.
 15954 | Lair:5   | 15954 ||| READING scroll of acquirement.
 15954 | Lair:5   | 15954 ||| ACQUIRING ring of the Messenger {+Blink rPois rF+
                  | Will- Int-4}
 15954 | Lair:5   | Acquired the ring of the Messenger {+Blink rPois rF+ Will-
                  | Int-4}
 15993 | Lair:5   | 15993 ||| Stepping ~*~*~tactically~*~*~ (stealth).
 16039 | Lair:5   | Received a gift from Okawaru
 16355 | Lair:5   | Reached skill level 3 in Dodging
 16362 | Lair:5   | 16362 ||| INVOKING Heroism.
 16415 | Lair:5   | 16415 ||| Stepping ~*~*~tactically~*~*~ (stealth).
 16417 | Lair:5   | Reached skill level 12 in Fighting
 16417 | Lair:5   | 16417 ||| Stepping ~*~*~tactically~*~*~ (hiding).
 16422 | Lair:5   | 16422 ||| INVOKING Heroism.
 16442 | Lair:5   | 16442 ||| Stepping ~*~*~tactically~*~*~ (stealth).
 16467 | Lair:5   | 16467 ||| Stepping ~*~*~tactically~*~*~ (hiding).
 16486 | Lair:5   | 16486 ||| Stepping ~*~*~tactically~*~*~ (stealth).
 16504 | Lair:5   | 16504 ||| Stepping ~*~*~tactically~*~*~ (stealth).
 16529 | Lair:5   | 16529 ||| Stepping ~*~*~tactically~*~*~ (stealth).
 16539 | Lair:5   | 16539 ||| Stepping ~*~*~tactically~*~*~ (stealth).
 16605 | Lair:5   | Received a gift from Okawaru
 16613 | Lair:5   | 16613 ||| INVOKING Heroism.
 16621 | Lair:5   | Reached skill level 6 in Throwing
 16625 | Lair:5   | Received a gift from Okawaru
 16649 | Lair:5   | 16649 ||| Stepping ~*~*~tactically~*~*~ (stealth).
 16656 | Lair:5   | 16656 ||| Stepping ~*~*~tactically~*~*~ (stealth).
 16687 | Lair:5   | 16687 ||| Stepping ~*~*~tactically~*~*~ (stealth).
 16688 | Lair:5   | 16688 ||| Stepping ~*~*~tactically~*~*~ (stealth).
 16739 | Lair:5   | 16739 ||| Stepping ~*~*~tactically~*~*~ (stealth).
 16740 | Lair:5   | 16740 ||| Stepping ~*~*~tactically~*~*~ (stealth).
 16781 | Lair:5   | 16781 ||| Stepping ~*~*~tactically~*~*~ (stealth).
 16794 | Lair:5   | 16794 ||| INVOKING Heroism.
 16835 | Lair:5   | 16835 ||| Stepping ~*~*~tactically~*~*~ (stealth).
 16839 | Lair:5   | 16839 ||| Stepping ~*~*~tactically~*~*~ (stealth).
 16846 | Lair:5   | 16846 ||| FLEEEEING.
 16848 | Lair:5   | 16848 ||| Stepping ~*~*~tactically~*~*~ (hiding).
 16917 | Lair:5   | 16917 ||| Stepping ~*~*~tactically~*~*~ (stealth).
 16939 | Lair:5   | 16939 ||| Stepping ~*~*~tactically~*~*~ (hiding).
 16959 | Lair:5   | 16959 ||| Stepping ~*~*~tactically~*~*~ (stealth).
 16995 | Lair:5   | 16995 ||| Stepping ~*~*~tactically~*~*~ (hiding).
 17004 | Lair:5   | 17004 ||| Stepping ~*~*~tactically~*~*~ (hiding).
 17016 | Lair:5   | 17016 ||| Stepping ~*~*~tactically~*~*~ (stealth).
 17027 | Lair:5   | Received a gift from Okawaru
 17031 | Lair:5   | 17031 ||| Stepping ~*~*~tactically~*~*~ (stealth).
 17044 | Lair:5   | 17044 ||| Stepping ~*~*~tactically~*~*~ (stealth).
 17052 | Lair:5   | 17052 ||| Stepping ~*~*~tactically~*~*~ (stealth).
 17053 | Lair:5   | 17053 ||| Stepping ~*~*~tactically~*~*~ (stealth).
 17074 | Lair:5   | 17074 ||| Stepping ~*~*~tactically~*~*~ (stealth).
 17334 | Lair:5   | 17334 ||| PLANNING D
 17334 | Lair:5   | 17334 ||| DROPPING +1 pair of boots of flying.
 17727 | D:12     | Identified the +2 leather armour of Courage {Dex+4}
 17945 | D:12     | 17945 ||| Stepping ~*~*~tactically~*~*~ (stealth).
 18117 | D:12     | 18117 ||| Stepping ~*~*~tactically~*~*~ (stealth).
 18119 | D:12     | 18119 ||| INVOKING Heroism.
 18141 | D:12     | Found a staircase to the Orcish Mines.
 18221 | D:12     | Noticed Rupert
 18222 | D:12     | 18222 ||| INVOKING Heroism.
 18223 | D:12     | 18223 ||| INVOKING Finesse.
 18238 | D:12     | Killed Rupert
 18487 | D:12     | 18487 ||| DROPPING amulet of the acrobat.
 18488 | D:12     | 18488 ||| READING scroll labelled NUUMNE UVEFARO.
 18589 | D:12     | 18589 ||| READING scroll labelled HUIMIS CIOGUC.
 18653 | D:13     | 18653 ||| INVOKING Heroism.
 18770 | D:13     | 18770 ||| Stepping ~*~*~tactically~*~*~ (hiding).
 18771 | D:13     | 18771 ||| Stepping ~*~*~tactically~*~*~ (hiding).
 18840 | D:13     | 18840 ||| Stepping ~*~*~tactically~*~*~ (hiding).
 18841 | D:13     | 18841 ||| Stepping ~*~*~tactically~*~*~ (hiding).
 18842 | D:13     | 18842 ||| INVOKING Heroism.
 18855 | D:13     | Reached skill level 12 in Armour
 19049 | D:13     | 19049 ||| Stepping ~*~*~tactically~*~*~ (hiding).
 19051 | D:13     | 19051 ||| Stepping ~*~*~tactically~*~*~ (hiding).
 19052 | D:13     | 19052 ||| Stepping ~*~*~tactically~*~*~ (hiding).
 19090 | D:13     | Received a gift from Okawaru
 19273 | D:13     | 19273 ||| INVOKING Heroism.
 19530 | D:13     | Received a gift from Okawaru
 19690 | D:13     | Found an iron altar of Okawaru.
 19724 | D:13     | 19724 ||| DROPPING amulet of magic regeneration.
 19849 | D:14     | 19849 ||| Stepping ~*~*~tactically~*~*~ (hiding).
 19922 | D:14     | Found a gate to the Vaults.
 19990 | D:14     | Received a gift from Okawaru
 20041 | D:14     | 20041 ||| Stepping ~*~*~tactically~*~*~ (hiding).
 20057 | D:14     | 20057 ||| INVOKING Heroism.
 20060 | D:14     | 20060 ||| Stepping ~*~*~tactically~*~*~ (stealth).
 20426 | D:15     | Entered Level 15 of the Dungeon
 20429 | D:15     | Reached XP level 16. HP: 101/101 MP: 20/23
 20463 | D:15     | 20463 ||| Stepping ~*~*~tactically~*~*~ (stealth).
 20517 | D:15     | 20517 ||| Stepping ~*~*~tactically~*~*~ (stealth).
 20522 | D:15     | 20522 ||| Stepping ~*~*~tactically~*~*~ (stealth).
 20525 | D:15     | 20525 ||| Stepping ~*~*~tactically~*~*~ (hiding).
 20538 | D:15     | 20538 ||| Stepping ~*~*~tactically~*~*~ (stealth).
 20546 | D:15     | 20546 ||| Stepping ~*~*~tactically~*~*~ (stealth).
 20557 | D:15     | 20557 ||| INVOKING Heroism.
 20585 | D:15     | 20585 ||| Stepping ~*~*~tactically~*~*~ (stealth).
 20593 | D:15     | 20593 ||| Stepping ~*~*~tactically~*~*~ (stealth).
 20597 | D:15     | 20597 ||| Stepping ~*~*~tactically~*~*~ (stealth).
 20658 | D:15     | Identified the +4 short sword of True Grit {flame, rPois
                  | Str-3 Dex+6 SInv}
 20815 | D:15     | Found a staircase to the Depths.
 20816 | D:15     | 20816 ||| INVOKING Heroism.
 20819 | D:15     | Received a gift from Okawaru
 20938 | D:15     | Found Jiecephe's Jewellery Emporium.
 20942 | D:15     | 20942 ||| BUYING ring of fire (375 gold).
 20942 | D:15     | Bought a ring of fire for 375 gold pieces
 20942 | D:15     | 20942 ||| BUYING ring of protection from fire (375 gold).
 20942 | D:15     | Bought a ring of protection from fire for 375 gold pieces
 21076 | D:15     | 21076 ||| Stepping ~*~*~tactically~*~*~ (hiding).
 21114 | D:15     | 21114 ||| Stepping ~*~*~tactically~*~*~ (hiding).
 21387 | D:15     | 21387 ||| PLANNING ORC
 21387 | D:15     | 21387 ||| DROPPING ring of fire.
 21471 | Orc:1    | Entered Level 1 of the Orcish Mines
 21484 | Orc:1    | Noticed Erica
 21485 | Orc:1    | 21485 ||| INVOKING Heroism.
 21486 | Orc:1    | 21486 ||| INVOKING Finesse.
 21490 | Orc:1    | Killed Erica
 21563 | Orc:1    | Noticed Jorgrun
 21564 | Orc:1    | 21564 ||| Stepping ~*~*~tactically~*~*~ (hiding).
 21567 | Orc:1    | 21567 ||| INVOKING Heroism.
 21568 | Orc:1    | 21568 ||| INVOKING Finesse.
 21582 | Orc:1    | Killed Jorgrun
 21671 | Orc:1    | Noticed Fannar
 21672 | Orc:1    | 21672 ||| Stepping ~*~*~tactically~*~*~ (hiding).
 21683 | Orc:1    | Killed Fannar
 21826 | Orc:1    | Found a runed translucent door.
 21827 | Orc:1    | Noticed blexxed's ghost (journeyman DsFi)
 22034 | Orc:1    | 22034 ||| READING 9 scrolls of identify.
 22034 | Orc:1    | 22034 ||| IDENTIFYING black potion
 22035 | Orc:1    | 22035 ||| DRINKING potion of experience.
 22035 | Orc:1    | Reached XP level 17. HP: 109/109 MP: 24/24
 22055 | Orc:2    | Entered Level 2 of the Orcish Mines
 22056 | Orc:2    | 22056 ||| Stepping ~*~*~tactically~*~*~ (hiding).
 22061 | Orc:2    | 22061 ||| Stepping ~*~*~tactically~*~*~ (hiding).
 22062 | Orc:2    | 22062 ||| Stepping ~*~*~tactically~*~*~ (hiding).
 22072 | Orc:2    | 22072 ||| Stepping ~*~*~tactically~*~*~ (hiding).
 22073 | Orc:2    | 22073 ||| Stepping ~*~*~tactically~*~*~ (hiding).
 22074 | Orc:2    | 22074 ||| Stepping ~*~*~tactically~*~*~ (hiding).
 22133 | Orc:2    | Found a staircase to the Elven Halls.
 22263 | Orc:2    | 22263 ||| Stepping ~*~*~tactically~*~*~ (hiding).
 22266 | Orc:2    | 22266 ||| Stepping ~*~*~tactically~*~*~ (hiding).
 22298 | Orc:2    | 22298 ||| Stepping ~*~*~tactically~*~*~ (stealth).
 22344 | Orc:2    | 22344 ||| Stepping ~*~*~tactically~*~*~ (stealth).
 22352 | Orc:2    | 22352 ||| Stepping ~*~*~tactically~*~*~ (stealth).
 22394 | Orc:2    | Received a gift from Okawaru
 22465 | Orc:2    | 22465 ||| Stepping ~*~*~tactically~*~*~ (stealth).
 22573 | Orc:2    | Found Zaghoug's Antique Weapon Emporium.
 22574 | Orc:2    | Found Zuunon's Book Shoppe.
 22585 | Orc:2    | Found Yxzid's General Store.
 22589 | Orc:2    | 22589 ||| Stepping ~*~*~tactically~*~*~ (hiding).
 22598 | Orc:2    | 22598 ||| Stepping ~*~*~tactically~*~*~ (hiding).
 22599 | Orc:2    | 22599 ||| Stepping ~*~*~tactically~*~*~ (hiding).
 22600 | Orc:2    | 22600 ||| Stepping ~*~*~tactically~*~*~ (hiding).
 22709 | Orc:2    | Found Nosh's Distillery.
 22712 | Orc:2    | 22712 ||| BUYING ring of protection from fire (350 gold).
 22712 | Orc:2    | Bought a ring of protection from fire for 350 gold pieces
 22712 | Orc:2    | 22712 ||| BUYING scroll of teleportation (42 gold).
 22712 | Orc:2    | Bought a scroll of teleportation for 42 gold pieces
 22726 | Orc:2    | 22726 ||| BUYING potion of curing (42 gold).
 22726 | Orc:2    | Bought a potion of curing for 42 gold pieces
 22726 | Orc:2    | 22726 ||| BUYING potion of curing (42 gold).
 22726 | Orc:2    | Bought a potion of curing for 42 gold pieces
 22726 | Orc:2    | 22726 ||| BUYING potion of curing (42 gold).
 22726 | Orc:2    | Bought a potion of curing for 42 gold pieces
 22726 | Orc:2    | 22726 ||| BUYING potion of heal wounds (70 gold).
 22726 | Orc:2    | Bought a potion of heal wounds for 70 gold pieces
 22947 | Orc:2    | 22947 ||| DROPPING ring of the Messenger {+Blink rPois rF+
                  | Will- Int-4}.
 22948 | Orc:2    | 22948 ||| DROPPING ring of fire.
 23426 | Orc:2    | 23426 ||| PLANNING SHOALS:1-3
 23582 | Shoals:1 | Entered Level 1 of the Shoals
 23583 | Shoals:1 | 23583 ||| INVOKING Heroism.
 23655 | Shoals:1 | 23655 ||| Stepping ~*~*~tactically~*~*~ (hiding).
 23657 | Shoals:1 | 23657 ||| Stepping ~*~*~tactically~*~*~ (hiding).
 23767 | Shoals:1 | 23767 ||| Stepping ~*~*~tactically~*~*~ (hiding).
 23769 | Shoals:1 | 23769 ||| Stepping ~*~*~tactically~*~*~ (hiding).
 23770 | Shoals:1 | 23770 ||| Stepping ~*~*~tactically~*~*~ (hiding).
 23771 | Shoals:1 | 23771 ||| Stepping ~*~*~tactically~*~*~ (hiding).
 23777 | Shoals:1 | Received a gift from Okawaru
 23793 | Shoals:1 | Noticed Kehicw's ghost (adept HOBr)
 23804 | Shoals:1 | 23804 ||| Stepping ~*~*~tactically~*~*~ (hiding).
 23808 | Shoals:1 | 23808 ||| INVOKING Heroism.
 23968 | Shoals:1 | 23968 ||| Stepping ~*~*~tactically~*~*~ (hiding).
 23969 | Shoals:1 | 23969 ||| Stepping ~*~*~tactically~*~*~ (hiding).
 24058 | Shoals:1 | 24058 ||| INVOKING Heroism.
 24120 | Shoals:1 | 24120 ||| INVOKING Heroism.
 24402 | Shoals:1 | Found a runed translucent door.
 24405 | Shoals:1 | 24405 ||| INVOKING Heroism.
 24415 | Shoals:1 | Reached skill level 18 in Axes
 24428 | Shoals:1 | Received a gift from Okawaru
 24591 | Shoals:1 | 24591 ||| INVOKING Heroism.
 24750 | Shoals:1 | 24750 ||| READING scroll of enchant armour.
 24750 | Shoals:1 | 24750 ||| ENCHANTING +1 helmet.
 24896 | Shoals:2 | 24896 ||| Stepping ~*~*~tactically~*~*~ (stealth).
 24899 | Shoals:2 | 24899 ||| Stepping ~*~*~tactically~*~*~ (stealth).
 24900 | Shoals:2 | 24900 ||| Stepping ~*~*~tactically~*~*~ (stealth).
 24914 | Shoals:2 | 24914 ||| INVOKING Heroism.
 24919 | Shoals:2 | 24919 ||| Stepping ~*~*~tactically~*~*~ (hiding).
 24920 | Shoals:2 | 24920 ||| Stepping ~*~*~tactically~*~*~ (stealth).
 25025 | Shoals:2 | 25025 ||| Stepping ~*~*~tactically~*~*~ (stealth).
 25026 | Shoals:2 | 25026 ||| Stepping ~*~*~tactically~*~*~ (stealth).
 25027 | Shoals:2 | 25027 ||| Stepping ~*~*~tactically~*~*~ (stealth).
 25028 | Shoals:2 | 25028 ||| Stepping ~*~*~tactically~*~*~ (stealth).
 25067 | Shoals:2 | 25067 ||| INVOKING Heroism.
 25218 | Shoals:2 | Received a gift from Okawaru
 25493 | Shoals:2 | Noticed Frances
 25494 | Shoals:2 | 25494 ||| INVOKING Heroism.
 25503 | Shoals:2 | Killed Frances
 25507 | Shoals:2 | Received a gift from Okawaru
 25510 | Shoals:2 | Reached XP level 18. HP: 116/116 MP: 8/25
 25533 | Shoals:2 | 25533 ||| INVOKING Heroism.
 25563 | Shoals:2 | 25563 ||| Stepping ~*~*~tactically~*~*~ (stealth).
 25743 | Shoals:2 | 25743 ||| Stepping ~*~*~tactically~*~*~ (stealth).
 25744 | Shoals:2 | 25744 ||| Stepping ~*~*~tactically~*~*~ (stealth).
 26046 | Shoals:2 | 26046 ||| INVOKING Heroism.
 26085 | Shoals:2 | 26085 ||| Stepping ~*~*~tactically~*~*~ (stealth).
 26088 | Shoals:2 | 26088 ||| FLEEEEING.
 26091 | Shoals:2 | 26091 ||| Stepping ~*~*~tactically~*~*~ (hiding).
 26092 | Shoals:2 | 26092 ||| INVOKING Heroism.
 26245 | Shoals:2 | 26245 ||| Stepping ~*~*~tactically~*~*~ (hiding).
 26283 | Shoals:2 | Found a basalt altar of Yredelemnul.
 26615 | Shoals:3 | Noticed Bai Suzhen
 26616 | Shoals:3 | 26616 ||| INVOKING Heroism.
 26633 | Shoals:3 | Killed Bai Suzhen
 26634 | Shoals:3 | 26634 ||| Stepping ~*~*~tactically~*~*~ (cloud).
 26770 | Shoals:3 | 26770 ||| Stepping ~*~*~tactically~*~*~ (hiding).
 26773 | Shoals:3 | 26773 ||| Stepping ~*~*~tactically~*~*~ (hiding).
 26871 | Shoals:3 | Identified the ring of the Catamount {rN+ Will+}
 26977 | Shoals:3 | 26977 ||| INVOKING Heroism.
 26982 | Shoals:3 | Received a gift from Okawaru
 27044 | Shoals:3 | 27044 ||| Stepping ~*~*~tactically~*~*~ (stealth).
 27084 | Shoals:3 | 27084 ||| READING scroll of acquirement.
 27084 | Shoals:3 | 27084 ||| ACQUIRING 1082 gold pieces
 27084 | Shoals:3 | Acquired 1082 gold pieces
 27296 | Shoals:3 | Received a gift from Okawaru
 27391 | Shoals:3 | 27391 ||| Stepping ~*~*~tactically~*~*~ (hiding).
 27669 | Shoals:3 | 27669 ||| PLANNING SPIDER:1-3
 27808 | Spider:1 | Entered Level 1 of the Spider Nest
 27814 | Spider:1 | 27814 ||| INVOKING Heroism.
 27926 | Spider:1 | 27926 ||| Stepping ~*~*~tactically~*~*~ (stealth).
 28084 | Spider:1 | Reached skill level 15 in Fighting
 28180 | Spider:1 | 28180 ||| Stepping ~*~*~tactically~*~*~ (stealth).
 28193 | Spider:1 | 28193 ||| Stepping ~*~*~tactically~*~*~ (stealth).
 28256 | Spider:1 | Received a gift from Okawaru
 28272 | Spider:1 | 28272 ||| Stepping ~*~*~tactically~*~*~ (hiding).
 28278 | Spider:1 | 28278 ||| Stepping ~*~*~tactically~*~*~ (stealth).
 28279 | Spider:1 | 28279 ||| Stepping ~*~*~tactically~*~*~ (stealth).
 28339 | Spider:1 | 28339 ||| READING scroll of enchant armour.
 28339 | Spider:1 | 28339 ||| ENCHANTING +2 plate armour of willpower.
 28360 | Spider:1 | 28360 ||| Stepping ~*~*~tactically~*~*~ (stealth).
 28366 | Spider:1 | 28366 ||| Stepping ~*~*~tactically~*~*~ (stealth).
 28510 | Spider:1 | 28510 ||| Stepping ~*~*~tactically~*~*~ (stealth).
 28512 | Spider:1 | 28512 ||| Stepping ~*~*~tactically~*~*~ (hiding).
 28513 | Spider:1 | 28513 ||| Stepping ~*~*~tactically~*~*~ (hiding).
 28514 | Spider:1 | 28514 ||| Stepping ~*~*~tactically~*~*~ (hiding).
 28515 | Spider:1 | 28515 ||| Stepping ~*~*~tactically~*~*~ (hiding).
 28521 | Spider:1 | 28521 ||| INVOKING Finesse.
 28523 | Spider:1 | 28523 ||| Stepping ~*~*~tactically~*~*~ (hiding).
 28537 | Spider:1 | 28537 ||| Stepping ~*~*~tactically~*~*~ (hiding).
 28549 | Spider:1 | Received a gift from Okawaru
 28552 | Spider:1 | 28552 ||| Stepping ~*~*~tactically~*~*~ (hiding).
 28553 | Spider:1 | 28553 ||| Stepping ~*~*~tactically~*~*~ (hiding).
 28702 | Spider:1 | 28702 ||| INVOKING Finesse.
 28861 | Spider:1 | 28861 ||| INVOKING Heroism.
 29039 | Spider:2 | Noticed Arachne
 29053 | Spider:2 | 29053 ||| Stepping ~*~*~tactically~*~*~ (hiding).
 29054 | Spider:2 | 29054 ||| Stepping ~*~*~tactically~*~*~ (hiding).
 29081 | Spider:2 | Noticed Agnes
 29082 | Spider:2 | 29082 ||| INVOKING Heroism.
 29092 | Spider:2 | Killed Arachne
 29095 | Spider:2 | Killed Agnes
 29148 | Spider:2 | 29148 ||| Stepping ~*~*~tactically~*~*~ (stealth).
 29149 | Spider:2 | 29149 ||| Stepping ~*~*~tactically~*~*~ (stealth).
 29150 | Spider:2 | 29150 ||| Stepping ~*~*~tactically~*~*~ (stealth).
 29162 | Spider:2 | Reached skill level 15 in Armour
 29166 | Spider:2 | 29166 ||| Stepping ~*~*~tactically~*~*~ (stealth).
 29179 | Spider:2 | Received a gift from Okawaru
 29355 | Spider:2 | 29355 ||| INVOKING Heroism.
 29385 | Spider:2 | Identified the +3 kite shield of the Mantidfly {rPois Str+3
                  | Int-4 Dex+2}
 29385 | Spider:2 | Noticed Donald
 29386 | Spider:2 | Received a gift from Okawaru
 29403 | Spider:2 | HP: 20/119 [Donald/+2 eveningstar of protection (17)]
 29404 | Spider:2 | 29404 ||| READING 13 scrolls of teleportation.
 29405 | Spider:2 | 29405 ||| DRINKING 6 potions of heal wounds.
 29436 | Spider:2 | 29436 ||| INVOKING Heroism.
 29468 | Spider:2 | 29468 ||| Stepping ~*~*~tactically~*~*~ (stealth).
 29486 | Spider:2 | 29486 ||| Stepping ~*~*~tactically~*~*~ (stealth).
 29535 | Spider:2 | 29535 ||| Stepping ~*~*~tactically~*~*~ (stealth).
 29555 | Spider:2 | 29555 ||| Stepping ~*~*~tactically~*~*~ (stealth).
 29575 | Spider:2 | 29575 ||| INVOKING Heroism.
 29586 | Spider:2 | Reached skill level 15 in Shields
 29593 | Spider:2 | 29593 ||| Stepping ~*~*~tactically~*~*~ (stealth).
 29616 | Spider:2 | 29616 ||| Stepping ~*~*~tactically~*~*~ (stealth).
 29700 | Spider:2 | Reached XP level 19. HP: 123/124 MP: 23/26
 29795 | Spider:2 | 29795 ||| INVOKING Heroism.
 29925 | Spider:2 | 29925 ||| Stepping ~*~*~tactically~*~*~ (stealth).
 29926 | Spider:2 | 29926 ||| Stepping ~*~*~tactically~*~*~ (stealth).
 29927 | Spider:2 | 29927 ||| Stepping ~*~*~tactically~*~*~ (stealth).
 30010 | Spider:2 | 30010 ||| Stepping ~*~*~tactically~*~*~ (stealth).
 30012 | Spider:2 | 30012 ||| Stepping ~*~*~tactically~*~*~ (stealth).
 30013 | Spider:2 | 30013 ||| INVOKING Heroism.
 30021 | Spider:2 | Killed Donald
 30050 | Spider:2 | 30050 ||| UPGRADING to +3 kite shield of the Mantidfly
                  | {rPois Str+3 Int-4 Dex+2}.
 30060 | Spider:2 | 30060 ||| DROPPING +0 kite shield.
 30061 | Spider:2 | 30061 ||| DROPPING ring of positive energy.
 30260 | Spider:3 | 30260 ||| INVOKING Heroism.
 30493 | Spider:3 | Found a runed translucent door.
 30495 | Spider:3 | Noticed qw's ghost (adept GrCA)
 30515 | Spider:3 | 30515 ||| Stepping ~*~*~tactically~*~*~ (stealth).
 30665 | Spider:3 | Reached skill level 9 in Throwing
 30672 | Spider:3 | Received a gift from Okawaru
 30733 | Spider:3 | 30733 ||| Stepping ~*~*~tactically~*~*~ (stealth).
 31322 | Spider:3 | 31322 ||| PLANNING SHOALS:4
 31546 | Shoals:4 | Entered Level 4 of the Shoals
 31606 | Shoals:4 | 31606 ||| INVOKING Heroism.
 31644 | Shoals:4 | 31644 ||| FLEEEEING.
 31645 | Shoals:4 | 31645 ||| FLEEEEING.
 31646 | Shoals:4 | 31646 ||| FLEEEEING.
 31788 | Shoals:4 | Noticed Ilsuiw
 31789 | Shoals:4 | 31789 ||| INVOKING Heroism.
 31839 | Shoals:4 | Killed Ilsuiw
 31873 | Shoals:4 | 31873 ||| INVOKING Heroism.
 31883 | Shoals:4 | Received a gift from Okawaru
 32156 | Shoals:4 | 32156 ||| INVOKING Heroism.
 32170 | Shoals:4 | 32170 ||| INVOKING Heroism.
 32171 | Shoals:4 | 32171 ||| PLANNING SHOALS:4
 32214 | Shoals:4 | 32214 ||| Stepping ~*~*~tactically~*~*~ (stealth).
 32261 | Shoals:4 | 32261 ||| Stepping ~*~*~tactically~*~*~ (stealth).
 32269 | Shoals:4 | 32269 ||| Stepping ~*~*~tactically~*~*~ (stealth).
 32270 | Shoals:4 | 32270 ||| Stepping ~*~*~tactically~*~*~ (stealth).
 32320 | Shoals:4 | 32320 ||| Stepping ~*~*~tactically~*~*~ (hiding).
 32336 | Shoals:4 | 32336 ||| Stepping ~*~*~tactically~*~*~ (hiding).
 32382 | Shoals:4 | Got a barnacled rune of Zot
 32425 | Shoals:4 | Received a gift from Okawaru
 32478 | Shoals:4 | 32478 ||| Stepping ~*~*~tactically~*~*~ (hiding).
 32481 | Shoals:4 | Noticed Polyphemus
 32482 | Shoals:4 | 32482 ||| INVOKING Heroism.
 32501 | Shoals:4 | Killed Polyphemus
 32508 | Shoals:4 | 32508 ||| INVOKING Finesse.
 32518 | Shoals:4 | Received a gift from Okawaru
 32526 | Shoals:4 | 32526 ||| Stepping ~*~*~tactically~*~*~ (hiding).
 32535 | Shoals:4 | 32535 ||| Stepping ~*~*~tactically~*~*~ (stealth).
 32549 | Shoals:4 | Received a gift from Okawaru
 33015 | Shoals:4 | 33015 ||| Stepping ~*~*~tactically~*~*~ (stealth).
 33263 | Shoals:4 | 33263 ||| INVOKING Heroism.
 33378 | Shoals:4 | Found the +9 sword of Zonguldrok {reap}
 33419 | Shoals:4 | 33419 ||| PLANNING VAULTS:1-4
 33621 | Vaults:1 | Entered Level 1 of the Vaults
 33874 | Vaults:1 | Reached skill level 6 in Dodging
 33897 | Vaults:1 | 33897 ||| Stepping ~*~*~tactically~*~*~ (hiding).
 33973 | Vaults:1 | 33973 ||| Stepping ~*~*~tactically~*~*~ (hiding).
 34130 | Vaults:1 | Reached XP level 20. HP: 98/134 MP: 3/27
 34305 | Vaults:1 | Received a gift from Okawaru
 34307 | Vaults:1 | 34307 ||| DROPPING +3 broad axe of draining.
 34368 | Vaults:1 | 34368 ||| FLEEEEING.
 34369 | Vaults:1 | 34369 ||| FLEEEEING.
 34370 | Vaults:1 | 34370 ||| FLEEEEING.
 34376 | Vaults:1 | 34376 ||| FLEEEEING.
 34377 | Vaults:1 | 34377 ||| FLEEEEING.
 34378 | Vaults:1 | 34378 ||| FLEEEEING.
 34379 | Vaults:1 | 34379 ||| FLEEEEING.
 34380 | Vaults:1 | 34380 ||| FLEEEEING.
 34381 | Vaults:1 | 34381 ||| FLEEEEING.
 34382 | Vaults:1 | 34382 ||| FLEEEEING.
 34383 | Vaults:1 | 34383 ||| FLEEEEING.
 34384 | Vaults:1 | 34384 ||| FLEEEEING.
 34385 | Vaults:1 | 34385 ||| FLEEEEING.
 34386 | Vaults:1 | 34386 ||| FLEEEEING.
 34387 | Vaults:1 | 34387 ||| FLEEEEING.
 34388 | Vaults:1 | 34388 ||| FLEEEEING.
 34389 | Vaults:1 | 34389 ||| FLEEEEING.
 34390 | Vaults:1 | 34390 ||| FLEEEEING.
 34391 | Vaults:1 | 34391 ||| FLEEEEING.
 34397 | Vaults:1 | 34397 ||| FLEEEEING.
 34398 | Vaults:1 | 34398 ||| FLEEEEING.
 34399 | Vaults:1 | 34399 ||| FLEEEEING.
 34400 | Vaults:1 | 34400 ||| FLEEEEING.
 34401 | Vaults:1 | 34401 ||| FLEEEEING.
 34402 | Vaults:1 | 34402 ||| FLEEEEING.
 34403 | Vaults:1 | 34403 ||| FLEEEEING.
 34404 | Vaults:1 | 34404 ||| FLEEEEING.
 34406 | Vaults:1 | 34406 ||| FLEEEEING.
 34408 | Vaults:1 | 34408 ||| FLEEEEING.
 34410 | Vaults:1 | 34410 ||| FLEEEEING.
 34536 | Vaults:1 | 34536 ||| Stepping ~*~*~tactically~*~*~ (stealth).
 34538 | Vaults:1 | 34538 ||| Stepping ~*~*~tactically~*~*~ (hiding).
 34540 | Vaults:1 | 34540 ||| Stepping ~*~*~tactically~*~*~ (hiding).
 34545 | Abyss:3  | Cast into level 3 of the Abyss (a wizard)
 34612 | Abyss:3  | 34612 ||| Stepping ~*~*~tactically~*~*~ (stealth).
 34612 | Abyss:3  | Found a corrupted altar of Lugonu.
 34627 | Abyss:3  | Gained mutation: You are weak. (Str -2) [a cacodemon]
 34645 | Abyss:3  | Noticed a dread lich
 34646 | Abyss:3  | 34646 ||| INVOKING Heroism.
 34648 | Abyss:3  | 34648 ||| INVOKING Finesse.
 34652 | Abyss:3  | Paralysed by a dread lich for 5 turns
 34664 | Abyss:3  | Killed a dread lich
 34679 | Abyss:3  | 34679 ||| Stepping ~*~*~tactically~*~*~ (stealth).
 34683 | Abyss:3  | 34683 ||| Stepping ~*~*~tactically~*~*~ (stealth).
 34686 | Abyss:3  | Noticed a bone dragon
 34687 | Abyss:3  | 34687 ||| Stepping ~*~*~tactically~*~*~ (stealth).
 34688 | Abyss:3  | 34688 ||| Stepping ~*~*~tactically~*~*~ (stealth).
 34723 | Abyss:3  | Killed a bone dragon
 34750 | Abyss:3  | 34750 ||| Stepping ~*~*~tactically~*~*~ (stealth).
 34781 | Vaults:1 | Escaped the Abyss
 34945 | Vaults:1 | 34945 ||| INVOKING Heroism.
 35215 | Vaults:1 | 35215 ||| Stepping ~*~*~tactically~*~*~ (stealth).
 35232 | Vaults:1 | 35232 ||| Stepping ~*~*~tactically~*~*~ (stealth).
 35254 | Vaults:1 | 35254 ||| Stepping ~*~*~tactically~*~*~ (stealth).
 35261 | Vaults:1 | 35261 ||| Stepping ~*~*~tactically~*~*~ (stealth).
 35285 | Vaults:1 | 35285 ||| Stepping ~*~*~tactically~*~*~ (stealth).
 35286 | Vaults:1 | 35286 ||| Stepping ~*~*~tactically~*~*~ (stealth).
 35289 | Vaults:1 | 35289 ||| Stepping ~*~*~tactically~*~*~ (stealth).
 35590 | Vaults:1 | Received a gift from Okawaru
 35755 | Vaults:1 | Reached skill level 18 in Fighting
 36264 | Vaults:2 | 36264 ||| Stepping ~*~*~tactically~*~*~ (hiding).
 36272 | Vaults:2 | Identified the +3 hand axe of Wuce {holy, rPois rC+ Will-
                  | Str+3} (Okawaru gifted it to you on level 2 of the Vaults)
 36272 | Vaults:2 | Received a gift from Okawaru
 36318 | Vaults:2 | Noticed Margery
 36319 | Vaults:2 | 36319 ||| DRINKING 4 potions of resistance.
 36320 | Vaults:2 | 36320 ||| INVOKING Heroism.
 36321 | Vaults:2 | 36321 ||| INVOKING Finesse.
 36337 | Vaults:2 | Killed Margery
 36348 | Vaults:2 | 36348 ||| FLEEEEING.
 36349 | Vaults:2 | 36349 ||| FLEEEEING.
 36350 | Vaults:2 | 36350 ||| FLEEEEING.
 36351 | Vaults:2 | 36351 ||| FLEEEEING.
 36352 | Vaults:2 | 36352 ||| FLEEEEING.
 36353 | Vaults:2 | 36353 ||| FLEEEEING.
 36354 | Vaults:2 | 36354 ||| FLEEEEING.
 36355 | Vaults:2 | 36355 ||| FLEEEEING.
 36356 | Vaults:2 | 36356 ||| FLEEEEING.
 36357 | Vaults:2 | 36357 ||| Stepping ~*~*~tactically~*~*~ (hiding).
 36539 | Vaults:2 | 36539 ||| INVOKING Heroism.
 36540 | Vaults:2 | 36540 ||| INVOKING Finesse.
 36566 | Vaults:2 | Reached skill level 18 in Armour
 36639 | Vaults:2 | 36639 ||| Stepping ~*~*~tactically~*~*~ (hiding).
 36709 | Vaults:2 | Identified the +0 chain mail "Zireileme" {+Blink rF+}
                  | (Okawaru gifted it to you on level 2 of the Vaults)
 36709 | Vaults:2 | Received a gift from Okawaru
 36875 | Vaults:2 | 36875 ||| READING scroll of acquirement.
 36875 | Vaults:2 | 36875 ||| ACQUIRING +2 helmet of the Realm of Zot {rF+
                  | Dex+3}
 36875 | Vaults:2 | Acquired the +2 helmet of the Realm of Zot {rF+ Dex+3}
 36877 | Vaults:2 | 36877 ||| DROPPING +0 chain mail "Zireileme" {+Blink rF+}.
 37064 | Vaults:2 | You are sucked into a shaft and drop 2 floors!
 37079 | Vaults:4 | 37079 ||| Stepping ~*~*~tactically~*~*~ (stealth).
 37218 | Vaults:4 | 37218 ||| Stepping ~*~*~tactically~*~*~ (stealth).
 37222 | Vaults:4 | 37222 ||| Stepping ~*~*~tactically~*~*~ (stealth).
 37223 | Vaults:4 | 37223 ||| Stepping ~*~*~tactically~*~*~ (stealth).
 37238 | Vaults:4 | Reached XP level 21. HP: 142/142 MP: 19/28
 37327 | Vaults:4 | 37327 ||| Stepping ~*~*~tactically~*~*~ (hiding).
 37500 | Vaults:4 | 37500 ||| Stepping ~*~*~tactically~*~*~ (hiding).
 37514 | Vaults:4 | 37514 ||| Stepping ~*~*~tactically~*~*~ (hiding).
 37584 | Vaults:4 | 37584 ||| Stepping ~*~*~tactically~*~*~ (stealth).
 37786 | Vaults:4 | 37786 ||| Stepping ~*~*~tactically~*~*~ (stealth).
 37839 | Vaults:4 | 37839 ||| Stepping ~*~*~tactically~*~*~ (hiding).
 37856 | Vaults:4 | 37856 ||| Stepping ~*~*~tactically~*~*~ (hiding).
 37873 | Vaults:4 | 37873 ||| Stepping randomly (disturbance).
 37874 | Vaults:4 | 37874 ||| Stepping randomly (disturbance).
 37885 | Vaults:4 | 37885 ||| Stepping ~*~*~tactically~*~*~ (hiding).
 37969 | Vaults:4 | 37969 ||| Stepping ~*~*~tactically~*~*~ (stealth).
 37970 | Vaults:4 | 37970 ||| Stepping ~*~*~tactically~*~*~ (stealth).
 37971 | Vaults:4 | 37971 ||| Stepping ~*~*~tactically~*~*~ (stealth).
 37972 | Vaults:4 | 37972 ||| Stepping ~*~*~tactically~*~*~ (stealth).
 38007 | Vaults:4 | 38007 ||| Stepping ~*~*~tactically~*~*~ (stealth).
 38083 | Vaults:4 | 38083 ||| Stepping ~*~*~tactically~*~*~ (stealth).
 38084 | Vaults:4 | 38084 ||| Stepping ~*~*~tactically~*~*~ (stealth).
 38287 | Vaults:4 | 38287 ||| UPGRADING to +2 helmet of the Realm of Zot {rF+
                  | Dex+3}.
 38297 | Vaults:4 | 38297 ||| DROPPING +2 helmet.
 38557 | Vaults:2 | 38557 ||| Stepping ~*~*~tactically~*~*~ (stealth).
 38594 | Vaults:2 | Found a staircase to the Crypt.
 38653 | Vaults:2 | 38653 ||| Stepping ~*~*~tactically~*~*~ (hiding).
 38740 | Vaults:2 | Found Coicez's Assorted Antiques.
 38742 | Vaults:2 | 38742 ||| Stepping ~*~*~tactically~*~*~ (stealth).
 38748 | Vaults:2 | 38748 ||| BUYING 2 potions of haste (840 gold).
 38748 | Vaults:2 | Bought 2 potions of haste for 840 gold pieces
 38748 | Vaults:2 | 38748 ||| BUYING 2 potions of mutation (672 gold).
 38748 | Vaults:2 | Bought 2 potions of mutation for 672 gold pieces
 38757 | Vaults:2 | 38757 ||| Stepping ~*~*~tactically~*~*~ (hiding).
 39155 | Vaults:2 | Received a gift from Okawaru
 39316 | Vaults:3 | Found Imocair's Weapon Shoppe.
 39347 | Vaults:3 | 39347 ||| FLEEEEING.
 39394 | Vaults:3 | Paralysed by a sphinx for 2 turns
 39395 | Vaults:3 | HP: 25/144 [orc knight/+1 halberd (31)]
 39397 | Vaults:3 | 39397 ||| READING 17 scrolls of teleportation.
 39397 | Vaults:3 | HP: 10/144 [sphinx (8)]
 39398 | Vaults:3 | 39398 ||| DRINKING 7 potions of heal wounds.
 39399 | Vaults:3 | 39399 ||| DRINKING 6 potions of heal wounds.
 39412 | Vaults:3 | 39412 ||| INVOKING Heroism.
 39581 | Vaults:3 | 39581 ||| Stepping ~*~*~tactically~*~*~ (hiding).
 39611 | Vaults:3 | Received a gift from Okawaru
 39746 | Vaults:3 | 39746 ||| Stepping ~*~*~tactically~*~*~ (stealth).
 39889 | Vaults:3 | 39889 ||| Stepping ~*~*~tactically~*~*~ (stealth).
 39976 | Vaults:3 | 39976 ||| INVOKING Heroism.
 39977 | Vaults:3 | 39977 ||| INVOKING Finesse.
 40108 | Vaults:3 | 40108 ||| INVOKING Heroism.
 40151 | Vaults:3 | 40151 ||| Stepping ~*~*~tactically~*~*~ (stealth).
 40162 | Vaults:3 | Paralysed by a great orb of eyes for 2 turns
 40167 | Vaults:3 | Received a gift from Okawaru
 40360 | Vaults:3 | 40360 ||| Stepping ~*~*~tactically~*~*~ (stealth).
 40479 | Vaults:3 | 40479 ||| Stepping ~*~*~tactically~*~*~ (hiding).
 40794 | Vaults:4 | 40794 ||| INVOKING Heroism.
 40797 | Vaults:4 | Received a gift from Okawaru
 40798 | Vaults:4 | 40798 ||| INVOKING Finesse.
 40808 | Vaults:4 | Identified the ring "Ceoblapu" {rC+ rN+ Str+2}
 40808 | Vaults:4 | Identified the +2 leather armour of Agnosticism {Dex+5}
 40821 | Vaults:4 | 40821 ||| Stepping ~*~*~tactically~*~*~ (hiding).
 41008 | Vaults:4 | Identified the staff of death "Sigiop" {+Blink Fly rN+
                  | Dex-5 SInv}
 41015 | Vaults:4 | Identified the +0 ring mail "Relugy" {rPois rN+}
 41123 | Vaults:4 | 41123 ||| Stepping ~*~*~tactically~*~*~ (hiding).
 41124 | Vaults:4 | 41124 ||| Stepping ~*~*~tactically~*~*~ (hiding).
 41125 | Vaults:4 | 41125 ||| Stepping ~*~*~tactically~*~*~ (hiding).
 41127 | Vaults:4 | 41127 ||| Stepping ~*~*~tactically~*~*~ (hiding).
 41144 | Vaults:4 | 41144 ||| Stepping ~*~*~tactically~*~*~ (hiding).
 41148 | Vaults:4 | 41148 ||| Stepping ~*~*~tactically~*~*~ (hiding).
 41200 | Vaults:4 | 41200 ||| Stepping ~*~*~tactically~*~*~ (hiding).
 41204 | Vaults:4 | Received a gift from Okawaru
 41336 | Vaults:4 | 41336 ||| Stepping ~*~*~tactically~*~*~ (stealth).
 41338 | Vaults:4 | 41338 ||| Stepping ~*~*~tactically~*~*~ (stealth).
 41345 | Vaults:4 | Reached XP level 22. HP: 151/151 MP: 23/29
 41350 | Vaults:4 | Received a gift from Okawaru
 41463 | Vaults:4 | 41463 ||| Stepping ~*~*~tactically~*~*~ (stealth).
 41467 | Vaults:4 | 41467 ||| Stepping ~*~*~tactically~*~*~ (hiding).
 41559 | Vaults:4 | 41559 ||| PLANNING SPIDER:4
 41559 | Vaults:4 | 41559 ||| DROPPING ring of protection from cold.
 41920 | Spider:4 | Entered Level 4 of the Spider Nest
 41925 | Spider:4 | 41925 ||| STAIRDANCE
 42133 | Spider:4 | 42133 ||| INVOKING Heroism.
 42277 | Spider:4 | 42277 ||| Stepping ~*~*~tactically~*~*~ (stealth).
 42307 | Spider:4 | Received a gift from Okawaru
 42308 | Spider:4 | Noticed Mara
 42309 | Spider:4 | 42309 ||| Stepping ~*~*~tactically~*~*~ (hiding).
 42310 | Spider:4 | 42310 ||| INVOKING Heroism.
 42311 | Spider:4 | 42311 ||| INVOKING Finesse.
 42320 | Spider:4 | 42320 ||| Stepping ~*~*~tactically~*~*~ (hiding).
 42321 | Spider:4 | 42321 ||| Stepping ~*~*~tactically~*~*~ (hiding).
 42329 | Spider:4 | Killed Mara
 42339 | Spider:4 | Reached skill level 9 in Dodging
 42484 | Spider:4 | 42484 ||| Stepping ~*~*~tactically~*~*~ (hiding).
 42494 | Spider:4 | 42494 ||| FLEEEEING.
 42495 | Spider:4 | 42495 ||| FLEEEEING.
 42715 | Spider:4 | 42715 ||| Stepping ~*~*~tactically~*~*~ (stealth).
 42806 | Spider:4 | 42806 ||| FLEEEEING.
 42807 | Spider:4 | 42807 ||| FLEEEEING.
 42808 | Spider:4 | 42808 ||| FLEEEEING.
 42809 | Spider:4 | 42809 ||| FLEEEEING.
 42810 | Spider:4 | 42810 ||| FLEEEEING.
 42811 | Spider:4 | 42811 ||| FLEEEEING.
 42812 | Spider:4 | 42812 ||| FLEEEEING.
 42816 | Spider:4 | 42816 ||| FLEEEEING.
 42817 | Spider:4 | 42817 ||| FLEEEEING.
 42818 | Spider:4 | 42818 ||| FLEEEEING.
 42819 | Spider:4 | 42819 ||| FLEEEEING.
 42820 | Spider:4 | 42820 ||| FLEEEEING.
 42821 | Spider:4 | 42821 ||| FLEEEEING.
 42822 | Spider:4 | 42822 ||| FLEEEEING.
 42823 | Spider:4 | 42823 ||| FLEEEEING.
 42824 | Spider:4 | 42824 ||| FLEEEEING.
 42825 | Spider:4 | 42825 ||| FLEEEEING.
 42826 | Spider:4 | 42826 ||| FLEEEEING.
 42827 | Spider:4 | 42827 ||| FLEEEEING.
 42828 | Spider:4 | 42828 ||| FLEEEEING.
 42829 | Spider:4 | 42829 ||| FLEEEEING.
 42830 | Spider:4 | 42830 ||| FLEEEEING.
 42831 | Spider:4 | 42831 ||| STAIRDANCE
 42948 | Spider:4 | 42948 ||| STAIRDANCE
 43092 | Spider:4 | 43092 ||| DRINKING potion of experience.
 43092 | Spider:4 | Reached XP level 23. HP: 156/156 MP: 30/30
 43094 | Spider:4 | Got a gossamer rune of Zot
 43262 | Spider:4 | Identified the +6 scale mail of Baldness {rCorr}
 43292 | Spider:4 | 43292 ||| FLEEEEING.
 43293 | Spider:4 | 43293 ||| Stepping ~*~*~tactically~*~*~ (stealth).
 43298 | Spider:4 | Received a gift from Okawaru
 43554 | Spider:4 | 43554 ||| PLANNING DEPTHS
 43554 | Spider:4 | 43554 ||| DROPPING +0 acid dragon scales.
 43818 | Depths:1 | Entered Level 1 of the Depths
 43832 | Depths:1 | 43832 ||| Stepping ~*~*~tactically~*~*~ (stealth).
 43836 | Depths:1 | 43836 ||| INVOKING Heroism.
 43871 | Depths:1 | 43871 ||| Stepping ~*~*~tactically~*~*~ (hiding).
 43876 | Depths:1 | Noticed Saint Roka
 43879 | Depths:1 | 43879 ||| Stepping ~*~*~tactically~*~*~ (hiding).
 43899 | Depths:1 | 43899 ||| INVOKING Heroism.
 43901 | Depths:1 | Killed Saint Roka
 44007 | Depths:1 | 44007 ||| INVOKING Heroism.
 44050 | Depths:1 | Received a gift from Okawaru
 44224 | Depths:1 | 44224 ||| INVOKING Heroism.
 44225 | Depths:1 | 44225 ||| INVOKING Finesse.
 44478 | Depths:1 | 44478 ||| INVOKING Heroism.
 44494 | Depths:1 | Received a gift from Okawaru
 44495 | Depths:1 | Reached skill level 21 in Fighting
 44671 | Depths:1 | 44671 ||| INVOKING Heroism.
 44678 | Depths:1 | Reached skill level 18 in Shields
 44758 | Depths:1 | 44758 ||| Stepping ~*~*~tactically~*~*~ (hiding).
 44759 | Depths:1 | 44759 ||| Stepping ~*~*~tactically~*~*~ (hiding).
 44760 | Depths:1 | 44760 ||| Stepping ~*~*~tactically~*~*~ (hiding).
 44761 | Depths:1 | 44761 ||| Stepping ~*~*~tactically~*~*~ (hiding).
 44762 | Depths:1 | 44762 ||| Stepping ~*~*~tactically~*~*~ (hiding).
 44880 | Depths:1 | 44880 ||| Stepping ~*~*~tactically~*~*~ (hiding).
 44882 | Depths:1 | 44882 ||| Stepping ~*~*~tactically~*~*~ (hiding).
 44883 | Depths:1 | 44883 ||| Stepping ~*~*~tactically~*~*~ (hiding).
 44885 | Depths:1 | 44885 ||| INVOKING Heroism.
 45009 | Depths:1 | 45009 ||| INVOKING Heroism.
 45047 | Depths:1 | 45047 ||| Stepping ~*~*~tactically~*~*~ (hiding).
 45171 | Depths:1 | 45171 ||| READING scroll of enchant armour.
 45171 | Depths:1 | 45171 ||| ENCHANTING +3 plate armour of willpower.
 45226 | Depths:1 | 45226 ||| Stepping ~*~*~tactically~*~*~ (hiding).
 45227 | Depths:1 | 45227 ||| Stepping ~*~*~tactically~*~*~ (hiding).
 45228 | Depths:1 | 45228 ||| INVOKING Heroism.
 45286 | Depths:1 | 45286 ||| Stepping ~*~*~tactically~*~*~ (hiding).
 45291 | Depths:1 | 45291 ||| Stepping ~*~*~tactically~*~*~ (hiding).
 45357 | Depths:1 | 45357 ||| Stepping ~*~*~tactically~*~*~ (stealth).
 45385 | Depths:1 | Found Uxkorphu's Changing Room.
 45387 | Depths:1 | 45387 ||| Stepping ~*~*~tactically~*~*~ (hiding).
 45458 | Depths:1 | 45458 ||| BUYING potion of lignification (69 gold).
 45458 | Depths:1 | Bought a potion of lignification for 69 gold pieces
 45458 | Depths:1 | 45458 ||| BUYING potion of mutation (184 gold).
 45458 | Depths:1 | Bought a potion of mutation for 184 gold pieces
 45523 | Depths:1 | Noticed Aizul
 45524 | Depths:1 | 45524 ||| INVOKING Heroism.
 45539 | Depths:1 | Killed Aizul
 45599 | Depths:1 | 45599 ||| Stepping ~*~*~tactically~*~*~ (hiding).
 45602 | Depths:1 | 45602 ||| Stepping ~*~*~tactically~*~*~ (hiding).
 45688 | Depths:1 | Found a gateway to Hell.
 45794 | Depths:1 | Found a one-way gate leading to the halls of Pandemonium.
 45795 | Depths:1 | 45795 ||| Stepping ~*~*~tactically~*~*~ (hiding).
 45797 | Depths:1 | 45797 ||| Stepping ~*~*~tactically~*~*~ (hiding).
 45804 | Depths:1 | Received a gift from Okawaru
 45881 | Depths:1 | 45881 ||| Stepping ~*~*~tactically~*~*~ (hiding).
 45883 | Depths:1 | 45883 ||| Stepping ~*~*~tactically~*~*~ (hiding).
 45884 | Depths:1 | 45884 ||| Stepping ~*~*~tactically~*~*~ (hiding).
 45885 | Depths:1 | 45885 ||| Stepping ~*~*~tactically~*~*~ (hiding).
 45917 | Depths:1 | 45917 ||| DROPPING ring of wizardry.
 45950 | Depths:2 | 45950 ||| INVOKING Heroism.
 46005 | Depths:2 | 46005 ||| INVOKING Heroism.
 46011 | Depths:2 | Reached XP level 24. HP: 166/166 MP: 7/30
 46041 | Depths:2 | Identified the ring "Noapsaun" {rElec rN+ MP-9 EV+5}
 46048 | Depths:2 | Reached skill level 21 in Armour
 46058 | Depths:2 | Noticed a caustic shrike
 46079 | Depths:2 | Killed a caustic shrike
 46079 | Depths:2 | Noticed a juggernaut
 46094 | Depths:2 | Killed a juggernaut
 46114 | Depths:2 | 46114 ||| Stepping ~*~*~tactically~*~*~ (hiding).
 46182 | Depths:2 | 46182 ||| Invisibility monster not found???
 46193 | Depths:2 | 46193 ||| Stepping ~*~*~tactically~*~*~ (hiding).
 46198 | Depths:2 | Identified the +0 broad axe of Sharkskin {venom, rElec}
                  | (Okawaru gifted it to you on level 2 of the Depths)
 46198 | Depths:2 | Received a gift from Okawaru
 46207 | Depths:2 | 46207 ||| FLEEEEING.
 46209 | Depths:2 | 46209 ||| FLEEEEING.
 46210 | Depths:2 | 46210 ||| FLEEEEING.
 46249 | Depths:2 | 46249 ||| FLEEEEING.
 46250 | Depths:2 | 46250 ||| FLEEEEING.
 46251 | Depths:2 | 46251 ||| FLEEEEING.
 46252 | Depths:2 | 46252 ||| FLEEEEING.
 46253 | Depths:2 | 46253 ||| FLEEEEING.
 46254 | Depths:2 | 46254 ||| FLEEEEING.
 46255 | Depths:2 | 46255 ||| FLEEEEING.
 46256 | Depths:2 | 46256 ||| FLEEEEING.
 46257 | Depths:2 | 46257 ||| STAIRDANCE
 46363 | Depths:2 | 46363 ||| INVOKING Finesse.
 46398 | Depths:2 | Identified the +3 ring mail of Amelioration {rPois rC-
                  | rCorr}
 46403 | Depths:2 | 46403 ||| Stepping ~*~*~tactically~*~*~ (stealth).
 46405 | Depths:2 | 46405 ||| Stepping ~*~*~tactically~*~*~ (stealth).
 46407 | Depths:2 | 46407 ||| Stepping ~*~*~tactically~*~*~ (stealth).
 46439 | Depths:2 | 46439 ||| DROPPING +0 broad axe of Sharkskin {venom,
                  | rElec}.
 46442 | Depths:2 | 46442 ||| Stepping ~*~*~tactically~*~*~ (stealth).
 46643 | Depths:2 | 46643 ||| Stepping ~*~*~tactically~*~*~ (stealth).
 46644 | Depths:2 | 46644 ||| Stepping ~*~*~tactically~*~*~ (stealth).
 46645 | Depths:2 | 46645 ||| Stepping ~*~*~tactically~*~*~ (stealth).
 46881 | Depths:2 | 46881 ||| FLEEEEING.
 46882 | Depths:2 | 46882 ||| FLEEEEING.
 46883 | Depths:2 | 46883 ||| FLEEEEING.
 46884 | Depths:2 | 46884 ||| FLEEEEING.
 46885 | Depths:2 | 46885 ||| FLEEEEING.
 46886 | Depths:2 | 46886 ||| FLEEEEING.
 46887 | Depths:2 | 46887 ||| FLEEEEING.
 46887 | Depths:2 | Found a shadowy altar of Dithmenos.
 46888 | Depths:2 | 46888 ||| FLEEEEING.
 46888 | Depths:2 | Found a bloodstained altar of Trog.
 46888 | Depths:2 | Found a stormy altar of Qazlal.
 46888 | Depths:2 | Found a stormy altar of Qazlal.
 46889 | Depths:2 | 46889 ||| FLEEEEING.
 46891 | Depths:2 | 46891 ||| FLEEEEING.
 46892 | Depths:2 | 46892 ||| FLEEEEING.
 46893 | Depths:2 | 46893 ||| FLEEEEING.
 47118 | Depths:2 | 47118 ||| READING scroll of enchant armour.
 47118 | Depths:2 | 47118 ||| ENCHANTING +4 plate armour of willpower.
 47187 | Depths:2 | 47187 ||| Stepping ~*~*~tactically~*~*~ (stealth).
 47246 | Depths:2 | 47246 ||| UPGRADING to ring "Noapsaun" {rElec rN+ MP-9
                  | EV+5}.
 47248 | Depths:2 | 47248 ||| DROPPING +4 ring of protection.
 47354 | Depths:3 | 47354 ||| Stepping ~*~*~tactically~*~*~ (stealth).
 47365 | Depths:3 | 47365 ||| INVOKING Heroism.
 47380 | Depths:3 | 47380 ||| Stepping ~*~*~tactically~*~*~ (hiding).
 47409 | Depths:3 | 47409 ||| Stepping ~*~*~tactically~*~*~ (stealth).
 47418 | Depths:3 | 47418 ||| INVOKING Heroism.
 47437 | Depths:3 | 47437 ||| Stepping ~*~*~tactically~*~*~ (hiding).
 47438 | Depths:3 | 47438 ||| Stepping ~*~*~tactically~*~*~ (stealth).
 47440 | Depths:3 | 47440 ||| Stepping ~*~*~tactically~*~*~ (hiding).
 47442 | Depths:3 | 47442 ||| Stepping ~*~*~tactically~*~*~ (hiding).
 47461 | Depths:3 | Paralysed by a floating eye for 2 turns
 47461 | Depths:3 | Noticed a caustic shrike
 47464 | Depths:3 | Noticed a caustic shrike
 47464 | Depths:3 | Noticed a caustic shrike
 47465 | Depths:3 | Noticed a caustic shrike
 47465 | Depths:3 | Noticed a caustic shrike
 47473 | Depths:3 | Killed a caustic shrike
 47473 | Depths:3 | Received a gift from Okawaru
 47479 | Depths:3 | HP: 40/168 [acid (4)]
 47480 | Depths:3 | 47480 ||| READING 19 scrolls of teleportation.
 47480 | Depths:3 | HP: 16/168 [acid (4)]
 47481 | Depths:3 | 47481 ||| DRINKING 6 potions of heal wounds.
 47481 | Depths:3 | Found Xyaneyk's Weapon Shop.
 47579 | Depths:3 | Found a one-way gate to the infinite horrors of the Abyss.
 47593 | Depths:3 | 47593 ||| Stepping ~*~*~tactically~*~*~ (hiding).
 47594 | Depths:3 | 47594 ||| Stepping ~*~*~tactically~*~*~ (hiding).
 47595 | Depths:3 | 47595 ||| Stepping ~*~*~tactically~*~*~ (hiding).
 47628 | Depths:3 | 47628 ||| Stepping ~*~*~tactically~*~*~ (stealth).
 47636 | Depths:3 | 47636 ||| Stepping ~*~*~tactically~*~*~ (stealth).
 47668 | Depths:3 | 47668 ||| Stepping ~*~*~tactically~*~*~ (stealth).
 47682 | Depths:3 | 47682 ||| INVOKING Heroism.
 47685 | Depths:3 | Received a gift from Okawaru
 47696 | Depths:3 | 47696 ||| Stepping ~*~*~tactically~*~*~ (hiding).
 47777 | Depths:3 | 47777 ||| Stepping ~*~*~tactically~*~*~ (stealth).
 47894 | Depths:3 | 47894 ||| Stepping ~*~*~tactically~*~*~ (hiding).
 47895 | Depths:3 | 47895 ||| Stepping ~*~*~tactically~*~*~ (hiding).
 47896 | Depths:3 | 47896 ||| INVOKING Heroism.
 47962 | Depths:3 | 47962 ||| Stepping ~*~*~tactically~*~*~ (hiding).
 47979 | Depths:3 | Received a gift from Okawaru
 48037 | Depths:3 | 48037 ||| Stepping ~*~*~tactically~*~*~ (stealth).
 48038 | Depths:3 | 48038 ||| Stepping ~*~*~tactically~*~*~ (stealth).
 48040 | Depths:3 | 48040 ||| Stepping ~*~*~tactically~*~*~ (stealth).
 48418 | Depths:3 | 48418 ||| INVOKING Heroism.
 48419 | Depths:3 | 48419 ||| INVOKING Finesse.
 48424 | Depths:3 | Killed a caustic shrike
 48434 | Depths:3 | Killed a caustic shrike
 48443 | Depths:3 | Killed a caustic shrike
 48450 | Depths:3 | Killed a caustic shrike
 48451 | Depths:3 | Reached XP level 25. HP: 171/175 MP: 0/30
 48664 | Depths:3 | Found a runed translucent gate.
 48664 | Depths:3 | Found a runed translucent gate.
 48666 | Depths:3 | Noticed Imio's ghost (adept DgCj)
 48667 | Depths:3 | Found a runed translucent gate.
 48668 | Depths:3 | Noticed a dread lich
 49080 | Depths:4 | Entered Level 4 of the Depths
 49089 | Depths:4 | Found a one-way gateway to a ziggurat.
 49092 | Depths:4 | 49092 ||| Stepping ~*~*~tactically~*~*~ (stealth).
 49094 | Depths:4 | 49094 ||| Stepping ~*~*~tactically~*~*~ (stealth).
 49095 | Depths:4 | 49095 ||| INVOKING Heroism.
 49102 | Depths:4 | 49102 ||| Stepping ~*~*~tactically~*~*~ (hiding).
 49106 | Depths:4 | 49106 ||| Stepping ~*~*~tactically~*~*~ (hiding).
 49107 | Depths:4 | 49107 ||| Stepping ~*~*~tactically~*~*~ (hiding).
 49108 | Depths:4 | 49108 ||| Stepping ~*~*~tactically~*~*~ (hiding).
 49234 | Depths:4 | Identified the +7 battleaxe of the Morning {heavy, rPois}
 49281 | Depths:4 | 49281 ||| Stepping ~*~*~tactically~*~*~ (hiding).
 49284 | Depths:4 | 49284 ||| INVOKING Heroism.
 49288 | Depths:4 | Reached skill level 12 in Throwing
 49301 | Depths:4 | Received a gift from Okawaru
 49304 | Depths:4 | 49304 ||| Stepping ~*~*~tactically~*~*~ (stealth).
 49431 | Depths:4 | 49431 ||| Stepping ~*~*~tactically~*~*~ (hiding).
 49434 | Depths:4 | 49434 ||| INVOKING Heroism.
 49612 | Depths:4 | 49612 ||| Stepping ~*~*~tactically~*~*~ (hiding).
 49615 | Depths:4 | 49615 ||| INVOKING Heroism.
 49705 | Depths:4 | Found a gate to the Realm of Zot.
 49781 | Depths:4 | 49781 ||| INVOKING Heroism.
 50034 | Depths:4 | Found a glowing golden altar of the Shining One.
 50335 | Depths:4 | 50335 ||| Stepping ~*~*~tactically~*~*~ (stealth).
 50336 | Depths:4 | 50336 ||| Stepping ~*~*~tactically~*~*~ (stealth).
 50351 | Depths:4 | 50351 ||| Stepping ~*~*~tactically~*~*~ (stealth).
 50622 | Depths:4 | 50622 ||| PLANNING VAULTS:5
 50622 | Depths:4 | 50622 ||| DROPPING +0 ice dragon scales.
 50623 | Depths:4 | 50623 ||| DROPPING +0 fire dragon scales.
 50893 | Vaults:5 | Entered Level 5 of the Vaults
 50899 | Vaults:5 | 50899 ||| STAIRDANCE
 50901 | Vaults:4 | Received a gift from Okawaru
 51135 | Vaults:5 | 51135 ||| INVOKING Heroism.
 51188 | Vaults:5 | Received a gift from Okawaru
 51241 | Vaults:5 | Noticed an ancient lich
 51242 | Vaults:5 | 51242 ||| INVOKING Heroism.
 51257 | Vaults:5 | Received a gift from Okawaru
 51260 | Vaults:5 | Killed an ancient lich
 51260 | Vaults:5 | Received a gift from Okawaru
 51261 | Vaults:5 | Reached skill level 24 in Fighting
 51281 | Vaults:5 | 51281 ||| FLEEEEING.
 51282 | Vaults:5 | 51282 ||| STAIRDANCE
 51400 | Vaults:5 | 51400 ||| INVOKING Heroism.
 51490 | Vaults:5 | 51490 ||| Stepping ~*~*~tactically~*~*~ (stealth).
 51572 | Vaults:5 | 51572 ||| Stepping ~*~*~tactically~*~*~ (stealth).
 51638 | Vaults:5 | 51638 ||| INVOKING Heroism.
 51892 | Vaults:5 | 51892 ||| INVOKING Heroism.
 51909 | Vaults:5 | 51909 ||| Stepping ~*~*~tactically~*~*~ (hiding).
 51910 | Vaults:5 | 51910 ||| Stepping ~*~*~tactically~*~*~ (hiding).
 51911 | Vaults:5 | 51911 ||| Stepping ~*~*~tactically~*~*~ (hiding).
 51926 | Vaults:5 | Received a gift from Okawaru
 52016 | Vaults:5 | 52016 ||| Stepping ~*~*~tactically~*~*~ (stealth).
 52021 | Vaults:5 | 52021 ||| Stepping ~*~*~tactically~*~*~ (stealth).
 52052 | Vaults:5 | 52052 ||| Stepping ~*~*~tactically~*~*~ (stealth).
 52055 | Vaults:5 | 52055 ||| Stepping ~*~*~tactically~*~*~ (stealth).
 52065 | Vaults:5 | 52065 ||| Stepping ~*~*~tactically~*~*~ (stealth).
 52066 | Vaults:5 | 52066 ||| Stepping ~*~*~tactically~*~*~ (stealth).
 52067 | Vaults:5 | 52067 ||| Stepping ~*~*~tactically~*~*~ (hiding).
 52068 | Vaults:5 | 52068 ||| Stepping ~*~*~tactically~*~*~ (hiding).
 52069 | Vaults:5 | 52069 ||| Stepping ~*~*~tactically~*~*~ (hiding).
 52073 | Vaults:5 | 52073 ||| Stepping ~*~*~tactically~*~*~ (hiding).
 52176 | Vaults:5 | 52176 ||| INVOKING Heroism.
 52216 | Vaults:5 | 52216 ||| Stepping ~*~*~tactically~*~*~ (hiding).
 52302 | Vaults:5 | Identified the +0 plate armour of Abbofu {rF+ MP+9 Str+4
                  | Int-4}
 52522 | Vaults:5 | Identified the +6 mace "Qiocecan" {distort, rN+ MP+9 Int+3}
 52523 | Vaults:5 | 52523 ||| Stepping ~*~*~tactically~*~*~ (stealth).
 52550 | Vaults:5 | Reached XP level 26. HP: 187/187 MP: 0/30
 52593 | Vaults:5 | 52593 ||| FLEEEEING.
 52594 | Vaults:5 | 52594 ||| FLEEEEING.
 52596 | Vaults:5 | 52596 ||| FLEEEEING.
 52597 | Vaults:5 | 52597 ||| FLEEEEING.
 52598 | Vaults:5 | 52598 ||| FLEEEEING.
 52599 | Vaults:5 | 52599 ||| FLEEEEING.
 52600 | Vaults:5 | 52600 ||| FLEEEEING.
 52601 | Vaults:5 | 52601 ||| FLEEEEING.
 52602 | Vaults:5 | 52602 ||| FLEEEEING.
 52603 | Vaults:5 | 52603 ||| FLEEEEING.
 52604 | Vaults:5 | 52604 ||| FLEEEEING.
 52605 | Vaults:5 | 52605 ||| FLEEEEING.
 52606 | Vaults:5 | 52606 ||| FLEEEEING.
 52607 | Vaults:5 | 52607 ||| FLEEEEING.
 52608 | Vaults:5 | 52608 ||| FLEEEEING.
 52609 | Vaults:5 | 52609 ||| FLEEEEING.
 52610 | Vaults:5 | 52610 ||| FLEEEEING.
 52615 | Vaults:5 | 52615 ||| STAIRDANCE
 52701 | Vaults:4 | 52701 ||| UPGRADING to +0 tower shield.
 52711 | Vaults:4 | 52711 ||| DROPPING +3 kite shield of the Mantidfly {rPois
                  | Str+3 Int-4 Dex+2}.
 52712 | Vaults:4 | 52712 ||| DROPPING +2 plate armour of fire resistance.
 52715 | Vaults:5 | 52715 ||| STAIRDANCE
 52749 | Vaults:5 | 52749 ||| INVOKING Heroism.
 52751 | Vaults:5 | 52751 ||| INVOKING Finesse.
 52977 | Vaults:5 | Identified the +0 pair of boots of Momapu {+Inv}
 52986 | Vaults:5 | Got a silver rune of Zot
 53000 | Vaults:5 | Identified the +6 dagger of the Peculiar Youths {heavy,
                  | Dex+2}
 53287 | Vaults:5 | 53287 ||| PLANNING SHOPPING SPREE
 53287 | Vaults:5 | 53287 ||| DROPPING +0 pair of boots of Momapu {+Inv}.
 53288 | Vaults:5 | 53288 ||| PLANNING ZOT:1-4
 53608 | Zot:1    | Entered Level 1 of the Realm of Zot
 53609 | Zot:1    | 53609 ||| INVOKING Heroism.
 53612 | Zot:1    | 53612 ||| Stepping ~*~*~tactically~*~*~ (hiding).
 53618 | Zot:1    | Received a gift from Okawaru
 53645 | Zot:1    | 53645 ||| Stepping ~*~*~tactically~*~*~ (stealth).
 53646 | Zot:1    | 53646 ||| Stepping ~*~*~tactically~*~*~ (stealth).
 53715 | Zot:1    | 53715 ||| DROPPING +1 heavy broad axe.
 53755 | Zot:1    | 53755 ||| Stepping ~*~*~tactically~*~*~ (hiding).
 53756 | Zot:1    | 53756 ||| Stepping ~*~*~tactically~*~*~ (hiding).
 53926 | Zot:1    | Noticed an orb of fire
 53927 | Zot:1    | 53927 ||| DRINKING 3 potions of resistance.
 53927 | Zot:1    | Gained mutation: You are frail. (-10% HP) [an orb of fire]
 53928 | Zot:1    | 53928 ||| INVOKING Heroism.
 53929 | Zot:1    | 53929 ||| INVOKING Finesse.
 53931 | Zot:1    | 53931 ||| Stepping ~*~*~tactically~*~*~ (hiding).
 53942 | Zot:1    | Gained mutation: Armour fits poorly on your strangely
                  | shaped body. [an orb of fire]
 53946 | Zot:1    | Killed an orb of fire
 53949 | Zot:1    | 53949 ||| Stepping ~*~*~tactically~*~*~ (hiding).
 53995 | Zot:1    | 53995 ||| DRINKING 11 potions of mutation.
 53995 | Zot:1    | Lost mutation: You are frail. (-10% HP) [potion of
                  | mutation]
 53995 | Zot:1    | Lost mutation: Armour fits poorly on your strangely shaped
                  | body. [potion of mutation]
 53995 | Zot:1    | Lost mutation: You are weak. (Str -2) [potion of mutation]
 53995 | Zot:1    | Gained mutation: Your magical capacity is low. (-10% MP)
                  | [potion of mutation]
 53995 | Zot:1    | Gained mutation: You have a pair of small antennae on your
                  | head. [potion of mutation]
 53995 | Zot:1    | Gained mutation: Your mind is acute. (Int +4, Str/Dex -1)
                  | [potion of mutation]
 53996 | Zot:1    | 53996 ||| Stepping ~*~*~tactically~*~*~ (stealth).
 54007 | Zot:1    | 54007 ||| Stepping ~*~*~tactically~*~*~ (stealth).
 54041 | Zot:1    | 54041 ||| Stepping ~*~*~tactically~*~*~ (stealth).
 54160 | Zot:1    | 54160 ||| Stepping ~*~*~tactically~*~*~ (hiding).
 54163 | Zot:1    | 54163 ||| Stepping ~*~*~tactically~*~*~ (hiding).
 54164 | Zot:1    | 54164 ||| Stepping ~*~*~tactically~*~*~ (hiding).
 54165 | Zot:1    | 54165 ||| Stepping ~*~*~tactically~*~*~ (hiding).
 54245 | Zot:1    | 54245 ||| INVOKING Heroism.
 54442 | Zot:1    | 54442 ||| INVOKING Heroism.
 54650 | Zot:1    | Noticed an ancient lich
 54651 | Zot:1    | 54651 ||| INVOKING Heroism.
 54669 | Zot:1    | Killed an ancient lich
 54761 | Zot:1    | Noticed a Killer Klown
 54762 | Zot:1    | 54762 ||| INVOKING Heroism.
 54764 | Zot:1    | Noticed a Killer Klown
 54780 | Zot:1    | Killed a Killer Klown
 54786 | Zot:1    | Reached skill level 21 in Shields
 54787 | Zot:1    | Killed a Killer Klown
 54921 | Zot:1    | 54921 ||| READING scroll of enchant armour.
 54921 | Zot:1    | 54921 ||| ENCHANTING +5 plate armour of willpower.
 54931 | Zot:1    | 54931 ||| INVOKING Heroism.
 54976 | Zot:1    | 54976 ||| INVOKING Heroism.
 54984 | Zot:1    | Received a gift from Okawaru
 55100 | Zot:1    | 55100 ||| READING scroll of enchant armour.
 55100 | Zot:1    | 55100 ||| ENCHANTING +6 plate armour of willpower.
 55127 | Zot:1    | 55127 ||| DROPPING +6 plate armour of ponderousness.
 55128 | Zot:1    | 55128 ||| DROPPING +2 helmet of the Realm of Zot {rF+
                  | Dex+3}.
 55327 | Zot:1    | 55327 ||| Stepping ~*~*~tactically~*~*~ (hiding).
 55947 | Zot:1    | 55947 ||| Stepping ~*~*~tactically~*~*~ (cloud).
 55958 | Zot:1    | 55958 ||| INVOKING Heroism.
 56151 | Zot:1    | 56151 ||| UPGRADING to +0 gold dragon scales.
 56221 | Zot:2    | 56221 ||| Stepping ~*~*~tactically~*~*~ (hiding).
 56222 | Zot:2    | 56222 ||| Stepping ~*~*~tactically~*~*~ (hiding).
 56223 | Zot:2    | 56223 ||| INVOKING Heroism.
 56306 | Zot:2    | 56306 ||| Stepping ~*~*~tactically~*~*~ (stealth).
 56318 | Zot:2    | 56318 ||| Stepping ~*~*~tactically~*~*~ (stealth).
 56319 | Zot:2    | 56319 ||| INVOKING Heroism.
 56502 | Zot:2    | 56502 ||| INVOKING Heroism.
 56534 | Zot:2    | 56534 ||| Stepping ~*~*~tactically~*~*~ (stealth).
 56536 | Zot:2    | 56536 ||| Stepping ~*~*~tactically~*~*~ (stealth).
 56565 | Zot:2    | 56565 ||| Stepping ~*~*~tactically~*~*~ (stealth).
 56567 | Zot:2    | 56567 ||| Stepping ~*~*~tactically~*~*~ (stealth).
 56569 | Zot:2    | 56569 ||| Stepping ~*~*~tactically~*~*~ (stealth).
 56572 | Zot:2    | 56572 ||| INVOKING Heroism.
 56592 | Zot:2    | 56592 ||| Stepping ~*~*~tactically~*~*~ (stealth).
 56624 | Zot:2    | 56624 ||| Stepping ~*~*~tactically~*~*~ (stealth).
 56626 | Zot:2    | 56626 ||| Stepping ~*~*~tactically~*~*~ (stealth).
 56815 | Zot:2    | 56815 ||| Stepping ~*~*~tactically~*~*~ (hiding).
 56816 | Zot:2    | 56816 ||| Stepping ~*~*~tactically~*~*~ (hiding).
 56871 | Zot:2    | 56871 ||| Stepping ~*~*~tactically~*~*~ (hiding).
 56872 | Zot:2    | 56872 ||| Stepping ~*~*~tactically~*~*~ (hiding).
 57033 | Zot:2    | 57033 ||| Stepping ~*~*~tactically~*~*~ (hiding).
 57044 | Zot:2    | 57044 ||| INVOKING Heroism.
 57098 | Zot:2    | 57098 ||| Stepping ~*~*~tactically~*~*~ (hiding).
 57099 | Zot:2    | 57099 ||| Stepping ~*~*~tactically~*~*~ (hiding).
 57100 | Zot:2    | 57100 ||| FLEEEEING.
 57101 | Zot:2    | 57101 ||| FLEEEEING.
 57102 | Zot:2    | 57102 ||| FLEEEEING.
 57103 | Zot:2    | 57103 ||| FLEEEEING.
 57104 | Zot:2    | 57104 ||| FLEEEEING.
 57105 | Zot:2    | 57105 ||| FLEEEEING.
 57106 | Zot:2    | 57106 ||| Stepping ~*~*~tactically~*~*~ (hiding).
 57107 | Zot:2    | 57107 ||| Stepping ~*~*~tactically~*~*~ (hiding).
 57161 | Zot:2    | 57161 ||| Stepping ~*~*~tactically~*~*~ (stealth).
 57248 | Zot:2    | 57248 ||| Stepping ~*~*~tactically~*~*~ (hiding).
 57249 | Zot:2    | 57249 ||| Stepping ~*~*~tactically~*~*~ (hiding).
 57472 | Zot:2    | 57472 ||| Stepping ~*~*~tactically~*~*~ (stealth).
 57473 | Zot:2    | 57473 ||| Stepping ~*~*~tactically~*~*~ (stealth).
 57475 | Zot:2    | 57475 ||| Stepping ~*~*~tactically~*~*~ (stealth).
 57484 | Zot:2    | Received a gift from Okawaru
 57659 | Zot:2    | 57659 ||| FLEEEEING.
 57660 | Zot:2    | 57660 ||| FLEEEEING.
 57664 | Zot:2    | 57664 ||| FLEEEEING.
 57994 | Zot:3    | 57994 ||| Stepping ~*~*~tactically~*~*~ (hiding).
 57997 | Zot:3    | 57997 ||| INVOKING Heroism.
 58017 | Zot:3    | 58017 ||| Stepping ~*~*~tactically~*~*~ (stealth).
 58066 | Zot:3    | 58066 ||| Stepping ~*~*~tactically~*~*~ (hiding).
 58067 | Zot:3    | 58067 ||| Stepping ~*~*~tactically~*~*~ (hiding).
 58068 | Zot:3    | 58068 ||| INVOKING Heroism.
 58152 | Zot:3    | 58152 ||| Stepping ~*~*~tactically~*~*~ (stealth).
 58186 | Zot:3    | Reached XP level 27. HP: 162/193 MP: 2/27
 58354 | Zot:3    | 58354 ||| Stepping ~*~*~tactically~*~*~ (hiding).
 58588 | Zot:3    | You are sucked into a shaft and drop 1 floor!
 58606 | Zot:4    | 58606 ||| Stepping ~*~*~tactically~*~*~ (hiding).
 58610 | Zot:4    | 58610 ||| INVOKING Heroism.
 58717 | Zot:4    | 58717 ||| INVOKING Heroism.
 58850 | Zot:4    | 58850 ||| Stepping ~*~*~tactically~*~*~ (stealth).
 58859 | Zot:4    | 58859 ||| INVOKING Heroism.
 58983 | Zot:4    | Found a transporter.
 59189 | Zot:3    | Noticed Parghit
 59190 | Zot:3    | 59190 ||| INVOKING Heroism.
 59195 | Zot:3    | Received a gift from Okawaru
 59235 | Zot:3    | HP: 43/197 [Parghit (19)]
 59236 | Zot:3    | 59236 ||| READING 22 scrolls of teleportation.
 59237 | Zot:3    | 59237 ||| DRINKING 7 potions of heal wounds.
 59243 | Zot:3    | HP: 42/197 [Parghit (25)]
 59244 | Zot:3    | 59244 ||| DRINKING 6 potions of heal wounds.
 59248 | Zot:3    | 59248 ||| DRINKING 5 potions of heal wounds.
 59430 | Zot:3    | 59430 ||| INVOKING Heroism.
 59469 | Zot:3    | 59469 ||| FLEEEEING.
 59470 | Zot:3    | 59470 ||| FLEEEEING.
 59471 | Zot:3    | 59471 ||| Stepping ~*~*~tactically~*~*~ (hiding).
 59473 | Zot:3    | 59473 ||| Stepping ~*~*~tactically~*~*~ (hiding).
 59494 | Zot:3    | Received a gift from Okawaru
 59512 | Zot:3    | 59512 ||| Stepping ~*~*~tactically~*~*~ (cloud).
 59689 | Zot:3    | 59689 ||| INVOKING Heroism.
 59705 | Zot:3    | Reached skill level 27 in Fighting
 59934 | Zot:3    | 59934 ||| INVOKING Heroism.
 59976 | Zot:3    | Killed Parghit
 60134 | Zot:3    | 60134 ||| READING scroll of enchant armour.
 60134 | Zot:3    | 60134 ||| ENCHANTING +0 gold dragon scales.
 60770 | Zot:3    | 60770 ||| DROPPING +0 plate armour of Abbofu {rF+ MP+9
                  | Str+4 Int-4}.
 60771 | Zot:3    | 60771 ||| DROPPING +7 plate armour of willpower.
 60772 | Zot:3    | 60772 ||| UPGRADING to +8 gold dragon scales.
 60782 | Zot:3    | 60782 ||| DROPPING +1 gold dragon scales.
 60829 | Zot:4    | 60829 ||| INVOKING Heroism.
 61126 | Zot:4    | Found a transporter.
 61128 | Zot:4    | Found the +4 consecrated labrys {holy, Valiant Fragile Fly
                  | SInv}
 61266 | Zot:4    | 61266 ||| Stepping ~*~*~tactically~*~*~ (hiding).
 61307 | Zot:4    | 61307 ||| PLANNING THE SHINING ONE WORSHIP
 61466 | Depths:4 | Fell from the grace of Okawaru
 61466 | Depths:4 | Became a worshipper of the Shining One
 61466 | Depths:4 | 61466 ||| PLANNING CRYPT
 61802 | Crypt:1  | Entered Level 1 of the Crypt
 61832 | Crypt:1  | Reached * piety under the Shining One
 61850 | Crypt:1  | Reached skill level 12 in Invocations
 61979 | Crypt:1  | 61979 ||| DROPPING +0 war axe.
 61999 | Crypt:1  | 61999 ||| Stepping ~*~*~tactically~*~*~ (hiding).
 61999 | Crypt:1  | Reached ** piety under the Shining One
 62193 | Crypt:1  | 62193 ||| Stepping ~*~*~tactically~*~*~ (hiding).
 62196 | Crypt:1  | 62196 ||| Stepping ~*~*~tactically~*~*~ (hiding).
 62254 | Crypt:1  | Reached *** piety under the Shining One
 62372 | Crypt:1  | 62372 ||| Stepping ~*~*~tactically~*~*~ (stealth).
 62374 | Crypt:1  | 62374 ||| Stepping ~*~*~tactically~*~*~ (hiding).
 62378 | Crypt:1  | 62378 ||| Stepping ~*~*~tactically~*~*~ (hiding).
 62392 | Crypt:1  | Reached **** piety under the Shining One
 62443 | Crypt:1  | 62443 ||| Stepping ~*~*~tactically~*~*~ (stealth).
 62444 | Crypt:1  | 62444 ||| Stepping ~*~*~tactically~*~*~ (stealth).
 62518 | Crypt:1  | 62518 ||| Stepping ~*~*~tactically~*~*~ (stealth).
 62702 | Crypt:1  | Reached ***** piety under the Shining One
 62753 | Crypt:1  | 62753 ||| Stepping ~*~*~tactically~*~*~ (stealth).
 62768 | Crypt:1  | 62768 ||| INVOKING Summon Divine Warrior.
 62774 | Crypt:1  | 62774 ||| INVOKING Cleansing Flame.
 63002 | Crypt:1  | 63002 ||| Stepping ~*~*~tactically~*~*~ (stealth).
 63020 | Crypt:1  | Reached ****** piety under the Shining One
 63021 | Crypt:1  | Reached skill level 15 in Invocations
 63023 | Crypt:1  | 63023 ||| INVOKING Brand Weapon With Holy Wrath.
 63023 | Crypt:1  | Identified a +4 broad axe of holy wrath (a +2 heavy broad
                  | axe blessed by the Shining One)
 63023 | Crypt:1  | Received a gift from the Shining One
 63475 | Crypt:1  | Found a large runed translucent door.
 63475 | Crypt:1  | Found a large runed translucent door.
 63477 | Crypt:1  | Noticed Teduw's ghost (veteran MiGl)
 63968 | Crypt:2  | 63968 ||| Stepping ~*~*~tactically~*~*~ (stealth).
 64215 | Crypt:2  | 64215 ||| Stepping ~*~*~tactically~*~*~ (hiding).
 64246 | Crypt:2  | 64246 ||| Stepping ~*~*~tactically~*~*~ (stealth).
 64248 | Crypt:2  | 64248 ||| Stepping ~*~*~tactically~*~*~ (stealth).
 64250 | Crypt:2  | 64250 ||| Stepping ~*~*~tactically~*~*~ (stealth).
 64262 | Crypt:2  | 64262 ||| Stepping ~*~*~tactically~*~*~ (hiding).
 64264 | Crypt:2  | 64264 ||| Stepping ~*~*~tactically~*~*~ (hiding).
 64645 | Crypt:2  | 64645 ||| Stepping ~*~*~tactically~*~*~ (hiding).
 64659 | Crypt:2  | 64659 ||| INVOKING Cleansing Flame.
 64703 | Crypt:2  | 64703 ||| DRINKING 34 potions of curing.
 64703 | Crypt:2  | 64703 ||| (to cure confusion)
 64871 | Crypt:1  | Found an ancient bone altar of Kikubaaqudgha.
 65050 | Crypt:2  | 65050 ||| Stepping ~*~*~tactically~*~*~ (stealth).
 65058 | Crypt:2  | 65058 ||| Stepping ~*~*~tactically~*~*~ (hiding).
 65117 | Crypt:2  | 65117 ||| Stepping ~*~*~tactically~*~*~ (hiding).
 65118 | Crypt:2  | 65118 ||| Stepping ~*~*~tactically~*~*~ (hiding).
 65120 | Crypt:2  | 65120 ||| Stepping ~*~*~tactically~*~*~ (hiding).
 65121 | Crypt:2  | 65121 ||| Stepping ~*~*~tactically~*~*~ (hiding).
 65122 | Crypt:2  | 65122 ||| Stepping ~*~*~tactically~*~*~ (hiding).
 65123 | Crypt:2  | 65123 ||| Stepping ~*~*~tactically~*~*~ (hiding).
 65205 | Crypt:2  | Found a corrupted altar of Lugonu.
 65547 | Crypt:3  | Entered Level 3 of the Crypt
 65915 | Crypt:3  | 65915 ||| Stepping ~*~*~tactically~*~*~ (hiding).
 65916 | Crypt:3  | 65916 ||| Stepping ~*~*~tactically~*~*~ (hiding).
 66443 | Crypt:3  | 66443 ||| Stepping ~*~*~tactically~*~*~ (hiding).
 66445 | Crypt:3  | 66445 ||| Stepping ~*~*~tactically~*~*~ (hiding).
 66481 | Crypt:3  | Found a staircase to the Tomb.
 66578 | Crypt:3  | 66578 ||| Stepping ~*~*~tactically~*~*~ (hiding).
 67374 | Crypt:3  | 67374 ||| Stepping ~*~*~tactically~*~*~ (hiding).
 67374 | Crypt:3  | Found the +13 scythe of Curses {drain, curses, Drain}
 67376 | Crypt:3  | 67376 ||| Stepping ~*~*~tactically~*~*~ (hiding).
 67444 | Crypt:3  | 67444 ||| Stepping ~*~*~tactically~*~*~ (stealth).
 67470 | Crypt:3  | Identified the ring of Oqeiboch {rF+ Str-2 Int+5}
 67483 | Crypt:3  | 67483 ||| Stepping ~*~*~tactically~*~*~ (stealth).
 67485 | Crypt:3  | 67485 ||| Stepping ~*~*~tactically~*~*~ (hiding).
 67642 | Crypt:3  | 67642 ||| Stepping ~*~*~tactically~*~*~ (hiding).
 67665 | Crypt:3  | 67665 ||| Stepping ~*~*~tactically~*~*~ (hiding).
 67666 | Crypt:3  | 67666 ||| Stepping ~*~*~tactically~*~*~ (hiding).
 67667 | Crypt:3  | 67667 ||| Stepping ~*~*~tactically~*~*~ (hiding).
 67668 | Crypt:3  | 67668 ||| Stepping ~*~*~tactically~*~*~ (hiding).
 67715 | Crypt:3  | 67715 ||| Stepping ~*~*~tactically~*~*~ (hiding).
 67717 | Crypt:3  | 67717 ||| Stepping ~*~*~tactically~*~*~ (hiding).
 67718 | Crypt:3  | 67718 ||| Stepping ~*~*~tactically~*~*~ (hiding).
 67759 | Crypt:3  | Identified the +1 rapier of False Hope {flame, *Rage Will++
                  | Str+4}
 67897 | Crypt:3  | 67897 ||| Stepping ~*~*~tactically~*~*~ (hiding).
 67901 | Crypt:3  | 67901 ||| Stepping ~*~*~tactically~*~*~ (hiding).
 67903 | Crypt:3  | 67903 ||| Stepping ~*~*~tactically~*~*~ (hiding).
 68038 | Crypt:3  | 68038 ||| PLANNING TOMB
 68038 | Crypt:3  | 68038 ||| SWAPPING to +4 broad axe of holy wrath.
 68039 | Crypt:3  | 68039 ||| READING 11 scrolls of enchant weapon.
 68039 | Crypt:3  | 68039 ||| ENCHANTING +4 broad axe of holy wrath.
 68040 | Crypt:3  | 68040 ||| READING 10 scrolls of enchant weapon.
 68040 | Crypt:3  | 68040 ||| ENCHANTING +5 broad axe of holy wrath.
 68041 | Crypt:3  | 68041 ||| READING 9 scrolls of enchant weapon.
 68041 | Crypt:3  | 68041 ||| ENCHANTING +6 broad axe of holy wrath.
 68042 | Crypt:3  | 68042 ||| READING 8 scrolls of enchant weapon.
 68042 | Crypt:3  | 68042 ||| ENCHANTING +7 broad axe of holy wrath.
 68043 | Crypt:3  | 68043 ||| READING 7 scrolls of enchant weapon.
 68043 | Crypt:3  | 68043 ||| ENCHANTING +8 broad axe of holy wrath.
 68044 | Crypt:3  | 68044 ||| DROPPING +2 broad axe "Leseiq" {flame, Dex+6}.
 68045 | Crypt:3  | 68045 ||| DROPPING +1 pair of boots.
 68046 | Crypt:3  | 68046 ||| DROPPING ring of Oqeiboch {rF+ Str-2 Int+5}.
 68105 | Tomb:1   | Entered Level 1 of the Tomb of the Ancients
 68266 | Tomb:1   | 68266 ||| DRINKING 33 potions of curing.
 68266 | Tomb:1   | 68266 ||| (to cure confusion)
 68273 | Tomb:1   | 68273 ||| DRINKING 32 potions of curing.
 68273 | Tomb:1   | 68273 ||| (to cure confusion)
 68274 | Tomb:1   | Paralysed by a sphinx for 3 turns
 68279 | Tomb:1   | 68279 ||| DRINKING 31 potions of curing.
 68279 | Tomb:1   | 68279 ||| (to cure confusion)
 68681 | Tomb:1   | 68681 ||| INVOKING Cleansing Flame.
 68682 | Tomb:1   | 68682 ||| INVOKING Summon Divine Warrior.
 68684 | Tomb:1   | 68684 ||| INVOKING Cleansing Flame.
 68684 | Tomb:1   | Noticed a royal mummy
 68690 | Tomb:1   | Killed a royal mummy
 68691 | Tomb:1   | 68691 ||| DRINKING 9 potions of magic.
 68699 | Tomb:1   | 68699 ||| FLEEEEING.
 68701 | Tomb:1   | 68701 ||| FLEEEEING.
 68702 | Tomb:1   | 68702 ||| FLEEEEING.
 68703 | Tomb:1   | 68703 ||| FLEEEEING.
 68704 | Tomb:1   | 68704 ||| FLEEEEING.
 68705 | Tomb:1   | 68705 ||| FLEEEEING.
 68706 | Tomb:1   | 68706 ||| FLEEEEING.
 68707 | Tomb:1   | 68707 ||| FLEEEEING.
 68708 | Tomb:1   | 68708 ||| FLEEEEING.
 68709 | Tomb:1   | 68709 ||| FLEEEEING.
 68710 | Tomb:1   | 68710 ||| FLEEEEING.
 68711 | Tomb:1   | 68711 ||| FLEEEEING.
 68729 | Tomb:1   | 68729 ||| INVOKING Summon Divine Warrior.
 68734 | Tomb:1   | Reached skill level 24 in Armour
 68735 | Tomb:1   | 68735 ||| INVOKING Cleansing Flame.
 68736 | Tomb:1   | 68736 ||| INVOKING Cleansing Flame.
 68737 | Tomb:1   | 68737 ||| DRINKING 8 potions of magic.
 68738 | Tomb:1   | 68738 ||| INVOKING Cleansing Flame.
 68741 | Tomb:1   | Noticed a royal mummy
 68748 | Tomb:1   | 68748 ||| INVOKING Cleansing Flame.
 68749 | Tomb:1   | 68749 ||| DRINKING 7 potions of magic.
 68749 | Tomb:1   | Noticed a royal mummy
 68750 | Tomb:1   | 68750 ||| INVOKING Cleansing Flame.
 68751 | Tomb:1   | Killed a royal mummy
 68755 | Tomb:1   | 68755 ||| INVOKING Cleansing Flame.
 68757 | Tomb:1   | 68757 ||| INVOKING Summon Divine Warrior.
 68758 | Tomb:1   | Gained mutation: You occasionally shout uncontrollably at
                  | your foes. [mutagenic glow]
 68764 | Tomb:1   | Killed a royal mummy
 68801 | Tomb:1   | Gained mutation: Your body sometimes deteriorates upon
                  | taking damage. [mutagenic glow]
 69548 | Tomb:1   | Noticed a royal mummy
 69558 | Tomb:1   | Killed a royal mummy
 69660 | Tomb:2   | 69660 ||| DRINKING 12 potions of haste.
 69661 | Tomb:2   | 69661 ||| DRINKING 8 potions of attraction.
 69663 | Tomb:2   | 69663 ||| INVOKING Cleansing Flame.
 69664 | Tomb:2   | Noticed a royal mummy
 69664 | Tomb:2   | Noticed a royal mummy
 69664 | Tomb:2   | Noticed a royal mummy
 69664 | Tomb:2   | Noticed a royal mummy
 69665 | Tomb:2   | 69665 ||| INVOKING Summon Divine Warrior.
 69666 | Tomb:2   | 69666 ||| DRINKING 6 potions of magic.
 69667 | Tomb:2   | 69667 ||| INVOKING Summon Divine Warrior.
 69668 | Tomb:2   | 69668 ||| INVOKING Cleansing Flame.
 69670 | Tomb:2   | 69670 ||| INVOKING Cleansing Flame.
 69672 | Tomb:2   | 69672 ||| DRINKING 5 potions of magic.
 69673 | Tomb:2   | 69673 ||| INVOKING Cleansing Flame.
 69673 | Tomb:2   | Killed a royal mummy
 69674 | Tomb:2   | Killed a royal mummy
 69677 | Tomb:2   | Killed a royal mummy
 69677 | Tomb:2   | Killed a royal mummy
 69968 | Tomb:2   | 69968 ||| Stepping ~*~*~tactically~*~*~ (stealth).
 69977 | Tomb:2   | 69977 ||| Stepping ~*~*~tactically~*~*~ (hiding).
 70135 | Tomb:2   | 70135 ||| READING scroll of acquirement.
 70135 | Tomb:2   | 70135 ||| ACQUIRING +2 hat of Joy {Rampage rElec Str-3}
 70135 | Tomb:2   | Acquired the +2 hat of Joy {Rampage rElec Str-3}
 70137 | Tomb:2   | 70137 ||| UPGRADING to +2 hat of Joy {Rampage rElec Str-3}.
 70273 | Tomb:1   | Noticed a royal mummy
 70275 | Tomb:1   | 70275 ||| INVOKING Summon Divine Warrior.
 70279 | Tomb:1   | Killed a royal mummy
 70287 | Tomb:1   | Noticed a royal mummy
 70292 | Tomb:1   | 70292 ||| INVOKING Cleansing Flame.
 70293 | Tomb:1   | 70293 ||| INVOKING Cleansing Flame.
 70293 | Tomb:1   | Killed a royal mummy
 70387 | Tomb:1   | Noticed a royal mummy
 70388 | Tomb:1   | 70388 ||| INVOKING Summon Divine Warrior.
 70392 | Tomb:1   | 70392 ||| INVOKING Cleansing Flame.
 70393 | Tomb:1   | 70393 ||| INVOKING Cleansing Flame.
 70394 | Tomb:1   | 70394 ||| INVOKING Cleansing Flame.
 70394 | Tomb:1   | Killed a royal mummy
 70394 | Tomb:1   | Noticed a royal mummy
 70398 | Tomb:1   | 70398 ||| DRINKING 4 potions of magic.
 70399 | Tomb:1   | 70399 ||| INVOKING Cleansing Flame.
 70400 | Tomb:1   | 70400 ||| INVOKING Cleansing Flame.
 70400 | Tomb:1   | Killed a royal mummy
 70403 | Tomb:1   | Noticed a royal mummy
 70414 | Tomb:1   | Killed a royal mummy
 70510 | Tomb:1   | Noticed a royal mummy
 70515 | Tomb:1   | 70515 ||| INVOKING Cleansing Flame.
 70517 | Tomb:1   | Killed a royal mummy
 70518 | Tomb:1   | Reached skill level 18 in Invocations
 70599 | Tomb:1   | Noticed a royal mummy
 70600 | Tomb:1   | 70600 ||| INVOKING Summon Divine Warrior.
 70604 | Tomb:1   | Killed a royal mummy
 71010 | Tomb:2   | 71010 ||| INVOKING Cleansing Flame.
 71012 | Tomb:2   | 71012 ||| Stepping ~*~*~tactically~*~*~ (hiding).
 71013 | Tomb:2   | 71013 ||| Stepping ~*~*~tactically~*~*~ (hiding).
 71032 | Tomb:2   | 71032 ||| Stepping ~*~*~tactically~*~*~ (hiding).
 71046 | Tomb:2   | 71046 ||| Stepping ~*~*~tactically~*~*~ (hiding).
 71067 | Tomb:2   | 71067 ||| Stepping ~*~*~tactically~*~*~ (hiding).
 71252 | Tomb:3   | Entered Level 3 of the Tomb of the Ancients
 71253 | Tomb:3   | 71253 ||| DRINKING 12 potions of haste.
 71254 | Tomb:3   | 71254 ||| DRINKING 7 potions of attraction.
 71261 | Tomb:3   | 71261 ||| INVOKING Cleansing Flame.
 71262 | Tomb:3   | 71262 ||| INVOKING Cleansing Flame.
 71265 | Tomb:3   | 71265 ||| INVOKING Cleansing Flame.
 71266 | Tomb:3   | 71266 ||| INVOKING Cleansing Flame.
 71267 | Tomb:3   | 71267 ||| INVOKING Cleansing Flame.
 71268 | Tomb:3   | 71268 ||| INVOKING Cleansing Flame.
 71269 | Tomb:3   | 71269 ||| INVOKING Cleansing Flame.
 71270 | Tomb:3   | 71270 ||| INVOKING Cleansing Flame.
 71271 | Tomb:3   | 71271 ||| INVOKING Cleansing Flame.
 71272 | Tomb:3   | 71272 ||| INVOKING Cleansing Flame.
 71273 | Tomb:3   | 71273 ||| INVOKING Cleansing Flame.
 71274 | Tomb:3   | Identified the ring "Amig" {rF+ Will+}
 71276 | Tomb:3   | 71276 ||| INVOKING Cleansing Flame.
 71277 | Tomb:3   | Noticed a royal mummy
 71277 | Tomb:3   | Noticed a royal mummy
 71278 | Tomb:3   | 71278 ||| INVOKING Cleansing Flame.
 71279 | Tomb:3   | 71279 ||| INVOKING Summon Divine Warrior.
 71280 | Tomb:3   | 71280 ||| DRINKING 3 potions of magic.
 71281 | Tomb:3   | 71281 ||| INVOKING Cleansing Flame.
 71284 | Tomb:3   | 71284 ||| INVOKING Cleansing Flame.
 71285 | Tomb:3   | 71285 ||| INVOKING Cleansing Flame.
 71286 | Tomb:3   | 71286 ||| INVOKING Cleansing Flame.
 71289 | Tomb:3   | Killed a royal mummy
 71290 | Tomb:3   | 71290 ||| INVOKING Cleansing Flame.
 71295 | Tomb:3   | 71295 ||| INVOKING Cleansing Flame.
 71295 | Tomb:3   | Killed a royal mummy
 71296 | Tomb:3   | 71296 ||| INVOKING Summon Divine Warrior.
 71373 | Tomb:3   | Noticed a royal mummy
 71376 | Tomb:3   | Noticed a royal mummy
 71378 | Tomb:3   | 71378 ||| INVOKING Cleansing Flame.
 71381 | Tomb:3   | Killed a royal mummy
 71382 | Tomb:3   | Noticed a royal mummy
 71384 | Tomb:3   | Noticed a royal mummy
 71385 | Tomb:3   | 71385 ||| INVOKING Cleansing Flame.
 71386 | Tomb:3   | 71386 ||| INVOKING Cleansing Flame.
 71387 | Tomb:3   | 71387 ||| DRINKING 2 potions of magic.
 71388 | Tomb:3   | 71388 ||| INVOKING Cleansing Flame.
 71388 | Tomb:3   | Killed a royal mummy
 71388 | Tomb:3   | Noticed Khufu
 71389 | Tomb:3   | 71389 ||| INVOKING Cleansing Flame.
 71390 | Tomb:3   | 71390 ||| INVOKING Cleansing Flame.
 71390 | Tomb:3   | Noticed a royal mummy
 71390 | Tomb:3   | Killed a royal mummy
 71395 | Tomb:3   | 71395 ||| INVOKING Cleansing Flame.
 71396 | Tomb:3   | 71396 ||| DRINKING potion of magic.
 71397 | Tomb:3   | 71397 ||| INVOKING Cleansing Flame.
 71398 | Tomb:3   | 71398 ||| INVOKING Cleansing Flame.
 71399 | Tomb:3   | Killed a royal mummy
 71399 | Tomb:3   | Noticed a royal mummy
 71403 | Tomb:3   | Killed a royal mummy
 71406 | Tomb:3   | Killed Khufu
 71411 | Tomb:3   | Killed a royal mummy
 71518 | Tomb:3   | 71518 ||| DROPPING ring of protection from fire.
 71537 | Tomb:3   | Found the +3 Mad Mage's Maulers {Infuse+∞ VampMP -Cast}
 71546 | Tomb:3   | Identified the +5 halberd of Naben {protect, rPois rC+
                  | Stlth+}
 71834 | Tomb:3   | Identified the +7 dagger "Imp's Demise" {flame, rF+ rCorr
                  | Dex+4 Stlth+}
 71847 | Tomb:3   | Was forgiven by Okawaru
 71999 | Tomb:3   | Got a golden rune of Zot
 72000 | Tomb:3   | 72000 ||| PLANNING PAN
 72000 | Tomb:3   | 72000 ||| DROPPING +1 pair of gloves of hurling.
 72001 | Tomb:3   | 72001 ||| DROPPING ring of willpower.
 72457 | Pan      | Entered Pandemonium
 72479 | Pan      | 72479 ||| Stepping ~*~*~tactically~*~*~ (hiding).
 72482 | Pan      | 72482 ||| Stepping ~*~*~tactically~*~*~ (hiding).
 72535 | Pan      | 72535 ||| Stepping ~*~*~tactically~*~*~ (hiding).
 72539 | Pan      | Noticed Baitri the pandemonium lord
 72540 | Pan      | 72540 ||| INVOKING Cleansing Flame.
 72541 | Pan      | 72541 ||| INVOKING Cleansing Flame.
 72542 | Pan      | 72542 ||| INVOKING Summon Divine Warrior.
 72546 | Pan      | 72546 ||| INVOKING Cleansing Flame.
 72553 | Pan      | Gained mutation: Armour fits poorly on your strangely
                  | shaped body. [a shining eye]
 72561 | Pan      | Killed Baitri the pandemonium lord
 72562 | Pan      | 72562 ||| DRINKING 12 potions of mutation.
 72562 | Pan      | Lost mutation: Your magical capacity is low. (-10% MP)
                  | [potion of mutation]
 72562 | Pan      | Lost mutation: Your mind is acute. (Int +4, Str/Dex -1)
                  | [potion of mutation]
 72562 | Pan      | Gained mutation: You have a pair of antennae on your head.
                  | [potion of mutation]
 72563 | Pan      | 72563 ||| DRINKING 11 potions of mutation.
 72563 | Pan      | Lost mutation: You have a pair of antennae on your head.
                  | [potion of mutation]
 72563 | Pan      | Lost mutation: You have a pair of small antennae on your
                  | head. [potion of mutation]
 72563 | Pan      | Lost mutation: You occasionally shout uncontrollably at
                  | your foes. [potion of mutation]
 72563 | Pan      | Gained mutation: Your magical capacity is low. (-10% MP)
                  | [potion of mutation]
 72563 | Pan      | Gained mutation: You have a pair of small horns on your
                  | head. [potion of mutation]
 72563 | Pan      | Gained mutation: You have a pair of horns on your head.
                  | [potion of mutation]
 72569 | Pan      | 72569 ||| DRINKING 10 potions of mutation.
 72569 | Pan      | Lost mutation: Your magical capacity is low. (-10% MP)
                  | [potion of mutation]
 72569 | Pan      | Lost mutation: Your body sometimes deteriorates upon taking
                  | damage. [potion of mutation]
 72569 | Pan      | Gained mutation: Your body sometimes deteriorates upon
                  | taking damage. [potion of mutation]
 72569 | Pan      | Gained mutation: You are robust. (+10% HP) [potion of
                  | mutation]
 72571 | Pan      | 72571 ||| INVOKING Cleansing Flame.
 72577 | Pan      | 72577 ||| DRINKING 9 potions of mutation.
 72577 | Pan      | Lost mutation: You have a pair of horns on your head.
                  | [potion of mutation]
 72577 | Pan      | Lost mutation: You are robust. (+10% HP) [potion of
                  | mutation]
 72577 | Pan      | Lost mutation: Armour fits poorly on your strangely shaped
                  | body. [potion of mutation]
 72577 | Pan      | Gained mutation: You are weak. (Str -2) [potion of
                  | mutation]
 72577 | Pan      | Gained mutation: You have large cloven feet. [potion of
                  | mutation]
 72577 | Pan      | Gained mutation: You are somewhat resistant to further
                  | mutation. [potion of mutation]
 72697 | Pan      | 72697 ||| INVOKING Cleansing Flame.
 72835 | Pan      | 72835 ||| Stepping ~*~*~tactically~*~*~ (stealth).
 72837 | Pan      | 72837 ||| Stepping ~*~*~tactically~*~*~ (hiding).
 72850 | Pan      | Reached skill level 27 in Armour
 72851 | Pan      | 72851 ||| INVOKING Cleansing Flame.
 73081 | Pan      | 73081 ||| Stepping ~*~*~tactically~*~*~ (stealth).
 73082 | Pan      | 73082 ||| Stepping ~*~*~tactically~*~*~ (stealth).
 73083 | Pan      | 73083 ||| Stepping ~*~*~tactically~*~*~ (stealth).
 73344 | Pan      | 73344 ||| Stepping ~*~*~tactically~*~*~ (hiding).
 73345 | Pan      | 73345 ||| Stepping ~*~*~tactically~*~*~ (hiding).
 73370 | Pan      | 73370 ||| Stepping ~*~*~tactically~*~*~ (hiding).
 73419 | Pan      | Noticed Mennas
 73420 | Pan      | 73420 ||| INVOKING Summon Divine Warrior.
 73440 | Pan      | 73440 ||| INVOKING Summon Divine Warrior.
 73455 | Pan      | Killed Mennas
 73458 | Pan      | 73458 ||| INVOKING Cleansing Flame.
 73578 | Pan      | Noticed Kesocat the pandemonium lord
 73582 | Pan      | 73582 ||| INVOKING Cleansing Flame.
 73583 | Pan      | 73583 ||| INVOKING Cleansing Flame.
 73583 | Pan      | Killed Kesocat the pandemonium lord
 74000 | Pan      | 74000 ||| INVOKING Cleansing Flame.
 74069 | Pan      | 74069 ||| INVOKING Summon Divine Warrior.
 74071 | Pan      | 74071 ||| INVOKING Cleansing Flame.
 74243 | Pan      | 74243 ||| DROPPING ring of see invisible.
 74272 | Pan      | 74272 ||| Stepping ~*~*~tactically~*~*~ (hiding).
 74284 | Pan      | 74284 ||| INVOKING Summon Divine Warrior.
 74287 | Pan      | 74287 ||| DRINKING 34 potions of curing.
 74287 | Pan      | 74287 ||| (to cure confusion)
 74287 | Pan      | Gained mutation: You occasionally lose the ability to drink
                  | potions when taking damage. [a cacodemon]
 74294 | Pan      | 74294 ||| DRINKING 9 potions of mutation.
 74294 | Pan      | Lost mutation: You occasionally lose the ability to drink
                  | potions when taking damage. [potion of mutation]
 74294 | Pan      | Lost mutation: You are somewhat resistant to further
                  | mutation. [potion of mutation]
 74294 | Pan      | Lost mutation: You have large cloven feet. [potion of
                  | mutation]
 74294 | Pan      | Gained mutation: Your magical capacity is low. (-10% MP)
                  | [potion of mutation]
 74294 | Pan      | Gained mutation: Your magical capacity is very low. (-20%
                  | MP) [potion of mutation]
 74359 | Pan      | 74359 ||| DRINKING 3 potions of resistance.
 74446 | Pan      | Found an exit through the horrors of the Abyss.
 74611 | Pan      | 74611 ||| INVOKING Cleansing Flame.
 74615 | Pan      | Reached skill level 21 in Invocations
 74615 | Pan      | 74615 ||| INVOKING Cleansing Flame.
 74623 | Pan      | Noticed Roselep the pandemonium lord
 74625 | Pan      | 74625 ||| INVOKING Cleansing Flame.
 74635 | Pan      | 74635 ||| Stepping ~*~*~tactically~*~*~ (hiding).
 74641 | Pan      | Killed Roselep the pandemonium lord
 74798 | Pan      | 74798 ||| Stepping ~*~*~tactically~*~*~ (hiding).
 74925 | Pan      | 74925 ||| Stepping ~*~*~tactically~*~*~ (stealth).
 74927 | Pan      | 74927 ||| Stepping ~*~*~tactically~*~*~ (stealth).
 74928 | Pan      | 74928 ||| Stepping ~*~*~tactically~*~*~ (stealth).
 74934 | Pan      | 74934 ||| READING scroll of enchant armour.
 74934 | Pan      | 74934 ||| ENCHANTING +8 gold dragon scales.
 75012 | Pan      | 75012 ||| Stepping ~*~*~tactically~*~*~ (hiding).
 75061 | Pan      | 75061 ||| Stepping ~*~*~tactically~*~*~ (stealth).
 75130 | Pan      | 75130 ||| INVOKING Summon Divine Warrior.
 75133 | Pan      | 75133 ||| INVOKING Cleansing Flame.
 75242 | Pan      | Identified the +4 scale mail of a Thousand Olives {+Blink}
 75272 | Pan      | 75272 ||| Stepping ~*~*~tactically~*~*~ (stealth).
 75380 | Pan      | Noticed Fimiu the pandemonium lord
 75380 | Pan      | 75380 ||| INVOKING Summon Divine Warrior.
 75384 | Pan      | Killed Fimiu the pandemonium lord
 75389 | Pan      | 75389 ||| INVOKING Cleansing Flame.
 75474 | Pan      | 75474 ||| Stepping ~*~*~tactically~*~*~ (cloud).
 75699 | Pan      | 75699 ||| INVOKING Cleansing Flame.
 75700 | Pan      | 75700 ||| INVOKING Cleansing Flame.
 75701 | Pan      | 75701 ||| INVOKING Cleansing Flame.
 75967 | Pan      | Gained mutation: You occasionally lose the ability to drink
                  | potions when taking damage. [a neqoxec]
 75969 | Pan      | 75969 ||| DRINKING 8 potions of mutation.
 75969 | Pan      | Lost mutation: Your body sometimes deteriorates upon taking
                  | damage. [potion of mutation]
 75969 | Pan      | Lost mutation: Your magical capacity is very low. (-20% MP)
                  | [potion of mutation]
 75969 | Pan      | Lost mutation: You occasionally lose the ability to drink
                  | potions when taking damage. [potion of mutation]
 75969 | Pan      | Gained mutation: You are clumsy. (Dex -2) [potion of
                  | mutation]
 75969 | Pan      | Gained mutation: Your body sometimes deteriorates upon
                  | taking damage. [potion of mutation]
 75969 | Pan      | Gained mutation: You possess an exceptional clarity of
                  | mind. [potion of mutation]
 75969 | Pan      | Gained mutation: Your spells are a little harder to cast,
                  | but a little more powerful. [potion of mutation]
 76331 | Pan      | Noticed Osamib the pandemonium lord
 76332 | Pan      | 76332 ||| INVOKING Summon Divine Warrior.
 76338 | Pan      | Killed Osamib the pandemonium lord
 76478 | Pan      | 76478 ||| INVOKING Cleansing Flame.
 76479 | Pan      | 76479 ||| INVOKING Cleansing Flame.
 76480 | Pan      | 76480 ||| INVOKING Cleansing Flame.
 76725 | Pan      | Gained mutation: You are occasionally teleported next to
                  | monsters. [a neqoxec]
 76732 | Pan      | 76732 ||| DRINKING 7 potions of mutation.
 76732 | Pan      | Lost mutation: You are occasionally teleported next to
                  | monsters. [potion of mutation]
 76732 | Pan      | Lost mutation: Your spells are a little harder to cast, but
                  | a little more powerful. [potion of mutation]
 76732 | Pan      | Gained mutation: You are partially covered in iridescent
                  | scales. (AC +2) [potion of mutation]
 76875 | Pan      | 76875 ||| INVOKING Cleansing Flame.
 77055 | Pan      | 77055 ||| INVOKING Cleansing Flame.
 77221 | Pan      | 77221 ||| Stepping ~*~*~tactically~*~*~ (stealth).
 77223 | Pan      | 77223 ||| Stepping ~*~*~tactically~*~*~ (hiding).
 77292 | Pan      | 77292 ||| INVOKING Cleansing Flame.
 77292 | Pan      | Noticed Zyserriduc the pandemonium lord
 77293 | Pan      | 77293 ||| INVOKING Summon Divine Warrior.
 77294 | Pan      | 77294 ||| READING 27 scrolls of teleportation.
 77339 | Pan      | 77339 ||| Stepping ~*~*~tactically~*~*~ (stealth).
 77342 | Pan      | 77342 ||| Stepping ~*~*~tactically~*~*~ (hiding).
 77355 | Pan      | 77355 ||| Stepping ~*~*~tactically~*~*~ (hiding).
 77360 | Pan      | 77360 ||| INVOKING Cleansing Flame.
 77371 | Pan      | 77371 ||| Stepping ~*~*~tactically~*~*~ (hiding).
 77372 | Pan      | 77372 ||| Stepping ~*~*~tactically~*~*~ (hiding).
 77379 | Pan      | 77379 ||| Stepping ~*~*~tactically~*~*~ (hiding).
 77381 | Pan      | 77381 ||| Stepping ~*~*~tactically~*~*~ (hiding).
 77383 | Pan      | 77383 ||| INVOKING Summon Divine Warrior.
 77384 | Pan      | 77384 ||| INVOKING Cleansing Flame.
 77388 | Pan      | Killed Zyserriduc the pandemonium lord
 77412 | Pan      | 77412 ||| READING scroll of enchant armour.
 77412 | Pan      | 77412 ||| ENCHANTING +9 gold dragon scales.
 77425 | Depths:1 | Escaped Pandemonium
 77429 | Pan      | Entered Pandemonium
 77482 | Pan      | 77482 ||| Stepping ~*~*~tactically~*~*~ (hiding).
 77484 | Pan      | 77484 ||| Stepping ~*~*~tactically~*~*~ (hiding).
 77486 | Pan      | 77486 ||| Stepping ~*~*~tactically~*~*~ (hiding).
 77488 | Pan      | 77488 ||| Stepping ~*~*~tactically~*~*~ (hiding).
 77523 | Pan      | 77523 ||| Stepping ~*~*~tactically~*~*~ (stealth).
 77563 | Pan      | 77563 ||| Stepping ~*~*~tactically~*~*~ (stealth).
 77564 | Pan      | 77564 ||| Stepping ~*~*~tactically~*~*~ (stealth).
 77571 | Pan      | 77571 ||| INVOKING Summon Divine Warrior.
 77602 | Pan      | 77602 ||| Stepping ~*~*~tactically~*~*~ (stealth).
 77604 | Pan      | 77604 ||| Stepping ~*~*~tactically~*~*~ (stealth).
 77607 | Pan      | 77607 ||| Stepping ~*~*~tactically~*~*~ (stealth).
 77608 | Pan      | 77608 ||| Stepping ~*~*~tactically~*~*~ (stealth).
 77663 | Pan      | Found a runed translucent door.
 77719 | Pan      | Found an exit through the horrors of the Abyss.
 77722 | Pan      | 77722 ||| Stepping ~*~*~tactically~*~*~ (stealth).
 77723 | Pan      | 77723 ||| Stepping ~*~*~tactically~*~*~ (stealth).
 77726 | Pan      | 77726 ||| Stepping ~*~*~tactically~*~*~ (hiding).
 77891 | Pan      | 77891 ||| Stepping ~*~*~tactically~*~*~ (stealth).
 77945 | Pan      | 77945 ||| Stepping ~*~*~tactically~*~*~ (stealth).
 77947 | Pan      | 77947 ||| Stepping ~*~*~tactically~*~*~ (hiding).
 77950 | Pan      | 77950 ||| Stepping ~*~*~tactically~*~*~ (hiding).
 77976 | Pan      | 77976 ||| Stepping ~*~*~tactically~*~*~ (hiding).
 77977 | Pan      | 77977 ||| Stepping ~*~*~tactically~*~*~ (hiding).
 77979 | Pan      | 77979 ||| Stepping ~*~*~tactically~*~*~ (hiding).
 77980 | Pan      | 77980 ||| Stepping ~*~*~tactically~*~*~ (hiding).
 77981 | Pan      | 77981 ||| Stepping ~*~*~tactically~*~*~ (hiding).
 78017 | Pan      | 78017 ||| Stepping ~*~*~tactically~*~*~ (stealth).
 78018 | Pan      | 78018 ||| Stepping ~*~*~tactically~*~*~ (stealth).
 78019 | Pan      | 78019 ||| Stepping ~*~*~tactically~*~*~ (stealth).
 78035 | Pan      | 78035 ||| Stepping ~*~*~tactically~*~*~ (hiding).
 78037 | Pan      | 78037 ||| Stepping ~*~*~tactically~*~*~ (hiding).
 78038 | Pan      | 78038 ||| INVOKING Summon Divine Warrior.
 78039 | Pan      | 78039 ||| INVOKING Cleansing Flame.
 78131 | Pan      | Gained mutation: Armour fits poorly on your strangely
                  | shaped body. [a neqoxec]
 78141 | Pan      | 78141 ||| DRINKING 6 potions of mutation.
 78141 | Pan      | Lost mutation: You are weak. (Str -2) [potion of mutation]
 78141 | Pan      | Lost mutation: Armour fits poorly on your strangely shaped
                  | body. [potion of mutation]
 78141 | Pan      | Lost mutation: You possess an exceptional clarity of mind.
                  | [potion of mutation]
 78141 | Pan      | Gained mutation: You are strong-willed. (Will+) [potion of
                  | mutation]
 78492 | Pan      | 78492 ||| INVOKING Cleansing Flame.
 78493 | Pan      | Noticed Nophia the pandemonium lord
 78505 | Pan      | Killed Nophia the pandemonium lord
 78508 | Pan      | 78508 ||| INVOKING Cleansing Flame.
 78556 | Pan      | 78556 ||| Stepping ~*~*~tactically~*~*~ (hiding).
 78557 | Pan      | 78557 ||| Stepping ~*~*~tactically~*~*~ (hiding).
 78781 | Pan      | 78781 ||| Stepping ~*~*~tactically~*~*~ (hiding).
 78833 | Pan      | 78833 ||| READING scroll of enchant armour.
 78833 | Pan      | 78833 ||| ENCHANTING +10 gold dragon scales.
 78854 | Pan      | 78854 ||| Stepping ~*~*~tactically~*~*~ (hiding).
 78855 | Pan      | 78855 ||| Stepping ~*~*~tactically~*~*~ (hiding).
 78863 | Pan      | Reached skill level 15 in Throwing
 78865 | Pan      | 78865 ||| Stepping ~*~*~tactically~*~*~ (hiding).
 78869 | Pan      | 78869 ||| Stepping ~*~*~tactically~*~*~ (hiding).
 78876 | Pan      | 78876 ||| Stepping ~*~*~tactically~*~*~ (hiding).
 78884 | Pan      | 78884 ||| INVOKING Summon Divine Warrior.
 78887 | Pan      | Noticed Hadwanes the pandemonium lord
 78897 | Pan      | Killed Hadwanes the pandemonium lord
 78898 | Pan      | Reached skill level 24 in Shields
 78901 | Pan      | 78901 ||| INVOKING Cleansing Flame.
 78902 | Pan      | 78902 ||| INVOKING Cleansing Flame.
 79022 | Pan      | 79022 ||| Stepping ~*~*~tactically~*~*~ (stealth).
 79082 | Pan      | 79082 ||| Stepping ~*~*~tactically~*~*~ (stealth).
 79169 | Pan      | Found an exit through the horrors of the Abyss.
 79193 | Pan      | 79193 ||| Stepping ~*~*~tactically~*~*~ (stealth).
 79195 | Pan      | 79195 ||| Stepping ~*~*~tactically~*~*~ (hiding).
 79198 | Pan      | 79198 ||| INVOKING Summon Divine Warrior.
 79498 | Pan      | 79498 ||| Stepping ~*~*~tactically~*~*~ (stealth).
 79499 | Pan      | 79499 ||| Stepping ~*~*~tactically~*~*~ (stealth).
 79581 | Pan      | 79581 ||| Stepping ~*~*~tactically~*~*~ (stealth).
 79589 | Pan      | 79589 ||| Stepping ~*~*~tactically~*~*~ (hiding).
 79592 | Pan      | 79592 ||| INVOKING Summon Divine Warrior.
 79594 | Pan      | 79594 ||| INVOKING Cleansing Flame.
 79779 | Pan      | 79779 ||| INVOKING Summon Divine Warrior.
 79780 | Pan      | 79780 ||| INVOKING Cleansing Flame.
 79906 | Pan      | 79906 ||| Stepping ~*~*~tactically~*~*~ (hiding).
 79907 | Pan      | 79907 ||| Stepping ~*~*~tactically~*~*~ (hiding).
 79908 | Pan      | 79908 ||| Stepping ~*~*~tactically~*~*~ (hiding).
 80095 | Pan      | Identified the +6 tower shield of the Saviour {rElec Dex+3
                  | Stlth-}
 80107 | Pan      | 80107 ||| INVOKING Summon Divine Warrior.
 80127 | Pan      | HP: 41/199 [daeva/+3 scimitar of holy wrath (17)]
 80128 | Pan      | 80128 ||| READING 27 scrolls of teleportation.
 80129 | Pan      | 80129 ||| DRINKING 6 potions of heal wounds.
 80149 | Pan      | 80149 ||| FLEEEEING.
 80150 | Pan      | 80150 ||| FLEEEEING.
 80151 | Pan      | 80151 ||| FLEEEEING.
 80217 | Pan      | 80217 ||| FLEEEEING.
 80219 | Pan      | 80219 ||| FLEEEEING.
 80221 | Pan      | 80221 ||| FLEEEEING.
 80381 | Pan      | 80381 ||| Stepping ~*~*~tactically~*~*~ (stealth).
 80383 | Pan      | 80383 ||| Stepping ~*~*~tactically~*~*~ (stealth).
 80384 | Pan      | 80384 ||| Stepping ~*~*~tactically~*~*~ (stealth).
 80396 | Pan      | 80396 ||| Stepping ~*~*~tactically~*~*~ (stealth).
 80397 | Pan      | 80397 ||| Stepping ~*~*~tactically~*~*~ (stealth).
 80398 | Pan      | 80398 ||| Stepping ~*~*~tactically~*~*~ (stealth).
 80399 | Pan      | 80399 ||| Stepping ~*~*~tactically~*~*~ (stealth).
 80400 | Pan      | 80400 ||| Stepping ~*~*~tactically~*~*~ (stealth).
 80408 | Pan      | Reached skill level 24 in Invocations
 80415 | Pan      | 80415 ||| Stepping ~*~*~tactically~*~*~ (stealth).
 80571 | Pan      | 80571 ||| Stepping ~*~*~tactically~*~*~ (hiding).
 80786 | Pan      | 80786 ||| Stepping ~*~*~tactically~*~*~ (stealth).
 80788 | Pan      | 80788 ||| Stepping ~*~*~tactically~*~*~ (stealth).
 80789 | Pan      | 80789 ||| Stepping ~*~*~tactically~*~*~ (stealth).
 80790 | Pan      | 80790 ||| Stepping ~*~*~tactically~*~*~ (stealth).
 80794 | Pan      | 80794 ||| Stepping ~*~*~tactically~*~*~ (stealth).
 80796 | Pan      | 80796 ||| Stepping ~*~*~tactically~*~*~ (stealth).
 80930 | Pan      | 80930 ||| Stepping ~*~*~tactically~*~*~ (stealth).
 81116 | Pan      | 81116 ||| Stepping ~*~*~tactically~*~*~ (stealth).
 81118 | Pan      | 81118 ||| Stepping ~*~*~tactically~*~*~ (stealth).
 81119 | Pan      | 81119 ||| Stepping ~*~*~tactically~*~*~ (stealth).
 81221 | Pan      | 81221 ||| Stepping ~*~*~tactically~*~*~ (hiding).
 81321 | Pan      | Found a white marble altar of Elyvilon.
 81326 | Pan      | 81326 ||| Stepping ~*~*~tactically~*~*~ (stealth).
 81478 | Pan      | 81478 ||| Stepping ~*~*~tactically~*~*~ (hiding).
 81512 | Pan      | 81512 ||| Stepping ~*~*~tactically~*~*~ (stealth).
 81626 | Pan      | 81626 ||| INVOKING Summon Divine Warrior.
 81795 | Pan      | 81795 ||| Stepping ~*~*~tactically~*~*~ (stealth).
 81796 | Pan      | 81796 ||| Stepping ~*~*~tactically~*~*~ (stealth).
 81797 | Pan      | 81797 ||| Stepping ~*~*~tactically~*~*~ (stealth).
 81799 | Pan      | 81799 ||| Stepping ~*~*~tactically~*~*~ (stealth).
 81803 | Pan      | 81803 ||| Stepping ~*~*~tactically~*~*~ (stealth).
 81860 | Pan      | 81860 ||| Stepping ~*~*~tactically~*~*~ (stealth).
 81998 | Pan      | 81998 ||| Stepping ~*~*~tactically~*~*~ (stealth).
 82108 | Pan      | Found a glowing silver altar of Zin.
 82110 | Pan      | 82110 ||| READING 26 scrolls of teleportation.
 82112 | Pan      | Identified the +2 tower shield of Huucva {Str-5 Dex+7}
 82205 | Pan      | 82205 ||| Stepping ~*~*~tactically~*~*~ (stealth).
 82206 | Pan      | 82206 ||| Stepping ~*~*~tactically~*~*~ (stealth).
 82207 | Pan      | 82207 ||| Stepping ~*~*~tactically~*~*~ (stealth).
 82238 | Pan      | 82238 ||| Stepping ~*~*~tactically~*~*~ (stealth).
 82239 | Pan      | 82239 ||| Stepping ~*~*~tactically~*~*~ (stealth).
 82254 | Depths:1 | Escaped Pandemonium
 82255 | Depths:1 | 82255 ||| UPGRADING to +6 tower shield of the Saviour
                  | {rElec Dex+3 Stlth-}.
 82265 | Depths:1 | 82265 ||| DROPPING +0 tower shield.
 82267 | Pan      | Entered Pandemonium
 82275 | Pan      | 82275 ||| INVOKING Cleansing Flame.
 82276 | Pan      | 82276 ||| INVOKING Summon Divine Warrior.
 82369 | Pan      | 82369 ||| INVOKING Cleansing Flame.
 82369 | Pan      | Noticed Alov the pandemonium lord
 82371 | Pan      | 82371 ||| INVOKING Cleansing Flame.
 82372 | Pan      | 82372 ||| INVOKING Cleansing Flame.
 82373 | Pan      | 82373 ||| INVOKING Cleansing Flame.
 82373 | Pan      | Killed Alov the pandemonium lord
 82375 | Pan      | 82375 ||| DRINKING 2 potions of resistance.
 82489 | Pan      | 82489 ||| Stepping ~*~*~tactically~*~*~ (stealth).
 82533 | Pan      | 82533 ||| Stepping ~*~*~tactically~*~*~ (hiding).
 82536 | Pan      | 82536 ||| Stepping ~*~*~tactically~*~*~ (hiding).
 82551 | Pan      | 82551 ||| Stepping ~*~*~tactically~*~*~ (hiding).
 82584 | Pan      | 82584 ||| Stepping ~*~*~tactically~*~*~ (hiding).
 82631 | Pan      | 82631 ||| Stepping ~*~*~tactically~*~*~ (hiding).
 82632 | Pan      | 82632 ||| Stepping ~*~*~tactically~*~*~ (hiding).
 82790 | Pan      | 82790 ||| Stepping ~*~*~tactically~*~*~ (hiding).
 82816 | Pan      | 82816 ||| Stepping ~*~*~tactically~*~*~ (hiding).
 82818 | Pan      | 82818 ||| Stepping ~*~*~tactically~*~*~ (hiding).
 82853 | Pan      | 82853 ||| Stepping ~*~*~tactically~*~*~ (stealth).
 82855 | Pan      | 82855 ||| Stepping ~*~*~tactically~*~*~ (hiding).
 83041 | Pan      | Found an exit through the horrors of the Abyss.
 83122 | Pan      | 83122 ||| READING scroll of acquirement.
 83122 | Pan      | 83122 ||| ACQUIRING +8 war axe of Calamity {venom, rElec
                  | rCorr Str+3}
 83122 | Pan      | Acquired the +8 war axe of Calamity {venom, rElec rCorr
                  | Str+3}
 83183 | Pan      | 83183 ||| Stepping ~*~*~tactically~*~*~ (stealth).
 83184 | Pan      | 83184 ||| Stepping ~*~*~tactically~*~*~ (stealth).
 83187 | Pan      | 83187 ||| Stepping ~*~*~tactically~*~*~ (stealth).
 83198 | Pan      | 83198 ||| INVOKING Cleansing Flame.
 83211 | Pan      | 83211 ||| Stepping ~*~*~tactically~*~*~ (hiding).
 83239 | Pan      | 83239 ||| Stepping ~*~*~tactically~*~*~ (stealth).
 83465 | Pan      | Entered the realm of Lom Lobon.
 83470 | Pan      | 83470 ||| Stepping ~*~*~tactically~*~*~ (hiding).
 83577 | Pan      | 83577 ||| Stepping ~*~*~tactically~*~*~ (stealth).
 83583 | Pan      | 83583 ||| Stepping ~*~*~tactically~*~*~ (hiding).
 83593 | Pan      | 83593 ||| Stepping ~*~*~tactically~*~*~ (hiding).
 83629 | Pan      | 83629 ||| Stepping ~*~*~tactically~*~*~ (hiding).
 83631 | Pan      | 83631 ||| Stepping ~*~*~tactically~*~*~ (hiding).
 83681 | Pan      | Found an exit through the horrors of the Abyss.
 83770 | Pan      | 83770 ||| Stepping ~*~*~tactically~*~*~ (stealth).
 83774 | Pan      | 83774 ||| Stepping ~*~*~tactically~*~*~ (hiding).
 83775 | Pan      | 83775 ||| Stepping ~*~*~tactically~*~*~ (hiding).
 83803 | Pan      | 83803 ||| INVOKING Summon Divine Warrior.
 83868 | Pan      | 83868 ||| INVOKING Cleansing Flame.
 83878 | Pan      | 83878 ||| INVOKING Cleansing Flame.
 84362 | Pan      | Noticed Lom Lobon
 84363 | Pan      | 84363 ||| DRINKING 13 potions of haste.
 84364 | Pan      | 84364 ||| DRINKING 8 potions of might.
 84366 | Pan      | 84366 ||| INVOKING Summon Divine Warrior.
 84380 | Pan      | 84380 ||| INVOKING Cleansing Flame.
 84384 | Pan      | 84384 ||| INVOKING Summon Divine Warrior.
 84391 | Pan      | Killed Lom Lobon
 84493 | Pan      | Got a magical rune of Zot
 84577 | Pan      | 84577 ||| Stepping ~*~*~tactically~*~*~ (hiding).
 84658 | Pan      | 84658 ||| Stepping ~*~*~tactically~*~*~ (hiding).
 84659 | Pan      | 84659 ||| Stepping ~*~*~tactically~*~*~ (hiding).
 84682 | Pan      | 84682 ||| Stepping ~*~*~tactically~*~*~ (stealth).
 84693 | Pan      | 84693 ||| INVOKING Cleansing Flame.
 84714 | Pan      | 84714 ||| Stepping ~*~*~tactically~*~*~ (hiding).
 84727 | Pan      | 84727 ||| Stepping ~*~*~tactically~*~*~ (stealth).
 84728 | Pan      | 84728 ||| Stepping ~*~*~tactically~*~*~ (stealth).
 84741 | Pan      | 84741 ||| Stepping ~*~*~tactically~*~*~ (stealth).
 84742 | Pan      | 84742 ||| Stepping ~*~*~tactically~*~*~ (stealth).
 84743 | Pan      | 84743 ||| Stepping ~*~*~tactically~*~*~ (stealth).
 84744 | Pan      | 84744 ||| Stepping ~*~*~tactically~*~*~ (stealth).
 84760 | Pan      | 84760 ||| Stepping ~*~*~tactically~*~*~ (hiding).
 84761 | Pan      | 84761 ||| Stepping ~*~*~tactically~*~*~ (hiding).
 84781 | Pan      | 84781 ||| Stepping ~*~*~tactically~*~*~ (hiding).
 84811 | Pan      | 84811 ||| Stepping ~*~*~tactically~*~*~ (hiding).
 84825 | Pan      | Noticed Besmun the pandemonium lord
 84826 | Pan      | 84826 ||| Stepping ~*~*~tactically~*~*~ (hiding).
 84827 | Pan      | 84827 ||| INVOKING Summon Divine Warrior.
 84829 | Pan      | 84829 ||| INVOKING Cleansing Flame.
 84830 | Pan      | 84830 ||| INVOKING Cleansing Flame.
 84830 | Pan      | Killed Besmun the pandemonium lord
 85082 | Pan      | 85082 ||| Stepping ~*~*~tactically~*~*~ (stealth).
 85083 | Pan      | 85083 ||| Stepping ~*~*~tactically~*~*~ (stealth).
 85091 | Pan      | 85091 ||| INVOKING Cleansing Flame.
 85130 | Pan      | 85130 ||| Stepping ~*~*~tactically~*~*~ (stealth).
 85136 | Pan      | 85136 ||| Stepping ~*~*~tactically~*~*~ (hiding).
 85142 | Pan      | 85142 ||| Stepping ~*~*~tactically~*~*~ (hiding).
 85150 | Pan      | 85150 ||| Stepping ~*~*~tactically~*~*~ (hiding).
 85153 | Pan      | 85153 ||| Stepping ~*~*~tactically~*~*~ (hiding).
 85158 | Pan      | Gained mutation: You occasionally lose the ability to drink
                  | potions when taking damage. [a neqoxec]
 85258 | Pan      | 85258 ||| DRINKING 2 potions of resistance.
 85259 | Pan      | 85259 ||| INVOKING Summon Divine Warrior.
 85262 | Pan      | 85262 ||| INVOKING Cleansing Flame.
 85296 | Pan      | 85296 ||| DRINKING 6 potions of mutation.
 85296 | Pan      | Lost mutation: You are partially covered in iridescent
                  | scales. (AC +2) [potion of mutation]
 85296 | Pan      | Lost mutation: You are strong-willed. (Will+) [potion of
                  | mutation]
 85296 | Pan      | Gained mutation: Your flesh is cold resistant. (rC+)
                  | [potion of mutation]
 85297 | Pan      | 85297 ||| DRINKING 5 potions of mutation.
 85297 | Pan      | Lost mutation: Your magical capacity is low. (-10% MP)
                  | [potion of mutation]
 85297 | Pan      | Lost mutation: Your body sometimes deteriorates upon taking
                  | damage. [potion of mutation]
 85297 | Pan      | Gained mutation: Your mind is acute. (Int +4, Str/Dex -1)
                  | [potion of mutation]
 85297 | Pan      | Gained mutation: Your flesh is heat resistant. (rF+)
                  | [potion of mutation]
 85298 | Pan      | 85298 ||| DRINKING 4 potions of mutation.
 85298 | Pan      | Lost mutation: You are clumsy. (Dex -2) [potion of
                  | mutation]
 85298 | Pan      | Lost mutation: Your mind is acute. (Int +4, Str/Dex -1)
                  | [potion of mutation]
 85298 | Pan      | Lost mutation: You have a pair of small horns on your head.
                  | [potion of mutation]
 85298 | Pan      | Gained mutation: You possess an exceptional clarity of
                  | mind. [potion of mutation]
 85299 | Pan      | 85299 ||| DRINKING 3 potions of mutation.
 85299 | Pan      | Lost mutation: You occasionally lose the ability to drink
                  | potions when taking damage. [potion of mutation]
 85299 | Pan      | Lost mutation: You possess an exceptional clarity of mind.
                  | [potion of mutation]
 85299 | Pan      | Gained mutation: Potions are less effective at restoring
                  | your health. [potion of mutation]
 85299 | Pan      | Gained mutation: Your spells are a little harder to cast,
                  | but a little more powerful. [potion of mutation]
 85299 | Pan      | Gained mutation: Your flesh is very cold resistant. (rC++)
                  | [potion of mutation]
 85300 | Pan      | 85300 ||| DRINKING 2 potions of mutation.
 85300 | Pan      | Lost mutation: Potions are less effective at restoring your
                  | health. [potion of mutation]
 85300 | Pan      | Lost mutation: Your flesh is heat resistant. (rF+) [potion
                  | of mutation]
 85300 | Pan      | Gained mutation: Your magical capacity is low. (-10% MP)
                  | [potion of mutation]
 85300 | Pan      | Gained mutation: You are robust. (+10% HP) [potion of
                  | mutation]
 85414 | Pan      | 85414 ||| INVOKING Cleansing Flame.
 85420 | Pan      | Gained mutation: You occasionally lose the ability to read
                  | scrolls when taking damage. [a neqoxec]
 85421 | Pan      | Gained mutation: You are occasionally teleported next to
                  | monsters. [a neqoxec]
 85423 | Pan      | 85423 ||| DRINKING potion of mutation.
 85423 | Pan      | Lost mutation: Your magical capacity is low. (-10% MP)
                  | [potion of mutation]
 85423 | Pan      | Lost mutation: You occasionally lose the ability to read
                  | scrolls when taking damage. [potion of mutation]
 85423 | Pan      | Lost mutation: You are robust. (+10% HP) [potion of
                  | mutation]
 85423 | Pan      | Gained mutation: You have a pair of small horns on your
                  | head. [potion of mutation]
 85423 | Pan      | Gained mutation: You have large cloven feet. [potion of
                  | mutation]
 85625 | Pan      | 85625 ||| DROPPING +2 broad axe of flaming.
 85876 | Pan      | Gained mutation: You are frail. (-10% HP) [a cacodemon]
 85888 | Pan      | 85888 ||| Stepping ~*~*~tactically~*~*~ (stealth).
 85928 | Pan      | 85928 ||| Stepping ~*~*~tactically~*~*~ (stealth).
 85932 | Pan      | 85932 ||| Stepping ~*~*~tactically~*~*~ (stealth).
 86003 | Pan      | 86003 ||| INVOKING Summon Divine Warrior.
 86004 | Pan      | 86004 ||| INVOKING Cleansing Flame.
 86094 | Pan      | 86094 ||| Stepping ~*~*~tactically~*~*~ (stealth).
 86095 | Pan      | 86095 ||| Stepping ~*~*~tactically~*~*~ (stealth).
 86098 | Pan      | 86098 ||| Stepping ~*~*~tactically~*~*~ (stealth).
 86099 | Pan      | 86099 ||| Stepping ~*~*~tactically~*~*~ (stealth).
 86270 | Pan      | Identified the +6 ring mail "Pauriax" {Drain rElec rN+++
                  | Int+2}
 86326 | Pan      | 86326 ||| Stepping ~*~*~tactically~*~*~ (stealth).
 86445 | Pan      | 86445 ||| INVOKING Cleansing Flame.
 86445 | Pan      | Noticed Casihaju the pandemonium lord
 86446 | Pan      | 86446 ||| INVOKING Summon Divine Warrior.
 86456 | Pan      | 86456 ||| INVOKING Summon Divine Warrior.
 86464 | Pan      | Killed Casihaju the pandemonium lord
 86578 | Pan      | Got a demonic rune of Zot
 86653 | Pan      | 86653 ||| Stepping ~*~*~tactically~*~*~ (hiding).
 86673 | Pan      | 86673 ||| Stepping ~*~*~tactically~*~*~ (hiding).
 86681 | Pan      | 86681 ||| Stepping ~*~*~tactically~*~*~ (hiding).
 86682 | Pan      | 86682 ||| INVOKING Summon Divine Warrior.
 86687 | Pan      | Reached skill level 21 in Axes
 86692 | Pan      | Noticed Atoukhlu the pandemonium lord
 86696 | Pan      | Killed Atoukhlu the pandemonium lord
 86906 | Pan      | Entered the realm of Cerebov.
 86909 | Pan      | Found an exit through the horrors of the Abyss.
 86934 | Pan      | 86934 ||| Stepping ~*~*~tactically~*~*~ (hiding).
 86937 | Pan      | 86937 ||| Stepping ~*~*~tactically~*~*~ (hiding).
 87100 | Pan      | Reached skill level 1 in Short Blades
 87115 | Pan      | 87115 ||| Stepping ~*~*~tactically~*~*~ (stealth).
 87117 | Pan      | 87117 ||| INVOKING Summon Divine Warrior.
 87124 | Pan      | 87124 ||| INVOKING Cleansing Flame.
 87125 | Pan      | 87125 ||| INVOKING Cleansing Flame.
 87288 | Pan      | Identified the ring "Zikics" {Fire Str+2 Int+3 Dex+2}
 87346 | Pan      | 87346 ||| Stepping ~*~*~tactically~*~*~ (stealth).
 87350 | Pan      | 87350 ||| Stepping ~*~*~tactically~*~*~ (stealth).
 87353 | Pan      | 87353 ||| Stepping ~*~*~tactically~*~*~ (stealth).
 87357 | Pan      | 87357 ||| Stepping ~*~*~tactically~*~*~ (hiding).
 87358 | Pan      | 87358 ||| Stepping ~*~*~tactically~*~*~ (hiding).
 87586 | Pan      | 87586 ||| Stepping ~*~*~tactically~*~*~ (hiding).
 87593 | Pan      | Reached skill level 3 in Short Blades
 87659 | Pan      | 87659 ||| Stepping ~*~*~tactically~*~*~ (stealth).
 87660 | Pan      | 87660 ||| Stepping ~*~*~tactically~*~*~ (stealth).
 87664 | Pan      | 87664 ||| Stepping ~*~*~tactically~*~*~ (hiding).
 87667 | Pan      | 87667 ||| Stepping ~*~*~tactically~*~*~ (stealth).
 87695 | Pan      | 87695 ||| Stepping ~*~*~tactically~*~*~ (hiding).
 87702 | Pan      | 87702 ||| Stepping ~*~*~tactically~*~*~ (stealth).
 87716 | Pan      | 87716 ||| Stepping ~*~*~tactically~*~*~ (stealth).
 87717 | Pan      | 87717 ||| Stepping ~*~*~tactically~*~*~ (stealth).
 88082 | Pan      | 88082 ||| Stepping ~*~*~tactically~*~*~ (hiding).
 88109 | Pan      | Identified the +10 broad axe of Inquiry {heavy, Int+4}
 88109 | Pan      | Found the +6 sword of Cerebov {flame}
 88109 | Pan      | Noticed Cerebov
 88110 | Pan      | 88110 ||| DRINKING 12 potions of haste.
 88111 | Pan      | 88111 ||| DRINKING potion of resistance.
 88112 | Pan      | 88112 ||| INVOKING Cleansing Flame.
 88113 | Pan      | Reached skill level 27 in Invocations
 88113 | Pan      | 88113 ||| INVOKING Cleansing Flame.
 88114 | Pan      | 88114 ||| INVOKING Summon Divine Warrior.
 88115 | Pan      | 88115 ||| DRINKING 8 potions of might.
 88130 | Pan      | Killed Cerebov
 88295 | Pan      | Identified the staff of poison "Qaopt" {+Blink rElec rPois}
 88320 | Pan      | 88320 ||| Stepping ~*~*~tactically~*~*~ (hiding).
 88323 | Pan      | 88323 ||| Stepping ~*~*~tactically~*~*~ (hiding).
 88406 | Pan      | 88406 ||| Stepping ~*~*~tactically~*~*~ (stealth).
 88472 | Pan      | 88472 ||| Stepping ~*~*~tactically~*~*~ (stealth).
 88580 | Pan      | 88580 ||| Stepping ~*~*~tactically~*~*~ (hiding).
 88581 | Pan      | 88581 ||| Stepping ~*~*~tactically~*~*~ (hiding).
 88589 | Pan      | 88589 ||| INVOKING Summon Divine Warrior.
 88695 | Pan      | Identified the staff of poison "Cumm" {rPois rC+ Str+2}
 88737 | Pan      | Identified the +2 lajatang of the Leaping Lamprey {flame,
                  | *Rage *Noise rN+++ Stlth+}
 89066 | Pan      | Identified the +3 leather armour of Decompression {Str+9
                  | Dex-2}
 89252 | Pan      | 89252 ||| Stepping ~*~*~tactically~*~*~ (hiding).
 89254 | Pan      | 89254 ||| INVOKING Summon Divine Warrior.
 89255 | Pan      | 89255 ||| INVOKING Cleansing Flame.
 89310 | Pan      | Got a fiery rune of Zot
 89358 | Pan      | 89358 ||| Stepping ~*~*~tactically~*~*~ (stealth).
 89359 | Pan      | 89359 ||| Stepping ~*~*~tactically~*~*~ (stealth).
 89360 | Pan      | 89360 ||| Stepping ~*~*~tactically~*~*~ (stealth).
 89368 | Pan      | Entered the realm of Gloorx Vloq.
 89457 | Pan      | 89457 ||| Stepping ~*~*~tactically~*~*~ (stealth).
 89458 | Pan      | 89458 ||| Stepping ~*~*~tactically~*~*~ (stealth).
 89539 | Pan      | Identified the amulet of Jobbaf {RegenMP -Tele +Inv rCorr
                  | Dex+2}
 89593 | Pan      | 89593 ||| Stepping ~*~*~tactically~*~*~ (stealth).
 89594 | Pan      | 89594 ||| Stepping ~*~*~tactically~*~*~ (stealth).
 89596 | Pan      | 89596 ||| Stepping ~*~*~tactically~*~*~ (stealth).
 89606 | Pan      | 89606 ||| Stepping ~*~*~tactically~*~*~ (stealth).
 89607 | Pan      | 89607 ||| Stepping ~*~*~tactically~*~*~ (stealth).
 89608 | Pan      | 89608 ||| Stepping ~*~*~tactically~*~*~ (stealth).
 89660 | Pan      | 89660 ||| Stepping ~*~*~tactically~*~*~ (stealth).
 89685 | Pan      | 89685 ||| Stepping ~*~*~tactically~*~*~ (stealth).
 89692 | Pan      | 89692 ||| Stepping ~*~*~tactically~*~*~ (stealth).
 89716 | Pan      | Found an exit through the horrors of the Abyss.
 89815 | Pan      | 89815 ||| Stepping ~*~*~tactically~*~*~ (stealth).
 90035 | Pan      | 90035 ||| INVOKING Cleansing Flame.
 90038 | Pan      | 90038 ||| Stepping ~*~*~tactically~*~*~ (stealth).
 90042 | Pan      | Noticed Gloorx Vloq
 90043 | Pan      | 90043 ||| INVOKING Summon Divine Warrior.
 90046 | Pan      | 90046 ||| INVOKING Cleansing Flame.
 90052 | Pan      | Killed Gloorx Vloq
 90227 | Pan      | Got a dark rune of Zot
 90314 | Pan      | Entered the realm of Mnoleg.
 90321 | Pan      | 90321 ||| Stepping ~*~*~tactically~*~*~ (stealth).
 90322 | Pan      | 90322 ||| Stepping ~*~*~tactically~*~*~ (stealth).
 90329 | Pan      | 90329 ||| Stepping ~*~*~tactically~*~*~ (stealth).
 90350 | Pan      | 90350 ||| Stepping ~*~*~tactically~*~*~ (stealth).
 90351 | Pan      | Gained mutation: You do not regenerate when monsters are
                  | visible. [a neqoxec]
 90352 | Pan      | 90352 ||| Stepping ~*~*~tactically~*~*~ (hiding).
 90370 | Pan      | Lost mutation: You do not regenerate when monsters are
                  | visible. [a cacodemon]
 90511 | Pan      | Noticed Mnoleg
 90512 | Pan      | 90512 ||| INVOKING Summon Divine Warrior.
 90513 | Pan      | 90513 ||| DRINKING 43 potions of curing.
 90513 | Pan      | 90513 ||| (to cure confusion)
 90514 | Pan      | 90514 ||| DRINKING 42 potions of curing.
 90514 | Pan      | 90514 ||| (to cure confusion)
 90521 | Pan      | 90521 ||| DRINKING 41 potions of curing.
 90521 | Pan      | 90521 ||| (to cure confusion)
 90522 | Pan      | 90522 ||| INVOKING Cleansing Flame.
 90530 | Pan      | 90530 ||| DRINKING 40 potions of curing.
 90530 | Pan      | 90530 ||| (to cure confusion)
 90531 | Pan      | 90531 ||| DRINKING 39 potions of curing.
 90531 | Pan      | 90531 ||| (to cure confusion)
 90532 | Pan      | Paralysed by a floating eye for 4 turns
 90534 | Pan      | Gained mutation: Potions are less effective at restoring
                  | your health. [a cacodemon]
 90539 | Pan      | 90539 ||| INVOKING Cleansing Flame.
 90539 | Pan      | Paralysed by a floating eye for 4 turns
 90542 | Pan      | Gained mutation: Your body sometimes deteriorates upon
                  | taking damage. [Mnoleg's mutagenic touch]
 90544 | Pan      | Lost intelligence.
 90547 | Pan      | Gained mutation: You are dopey. (Int -2) [a cacodemon]
 90549 | Pan      | 90549 ||| DRINKING 38 potions of curing.
 90549 | Pan      | 90549 ||| (to cure confusion)
 90550 | Pan      | Killed Mnoleg
 90551 | Pan      | 90551 ||| DRINKING 37 potions of curing.
 90551 | Pan      | 90551 ||| (to cure confusion)
 90552 | Pan      | 90552 ||| DRINKING 36 potions of curing.
 90552 | Pan      | 90552 ||| (to cure confusion)
 90552 | Pan      | Gained mutation: You occasionally shout uncontrollably at
                  | your foes. [a shining eye]
 90553 | Pan      | 90553 ||| SWAPPING to +10 broad axe of Inquiry {heavy,
                  | Int+4}.
 90555 | Pan      | 90555 ||| DRINKING 35 potions of curing.
 90555 | Pan      | 90555 ||| (to cure confusion)
 90555 | Pan      | Gained mutation: You are clumsy. (Dex -2) [a neqoxec]
 90556 | Pan      | 90556 ||| SWAPPING to +9 broad axe of holy wrath.
 90559 | Pan      | 90559 ||| DRINKING 34 potions of curing.
 90559 | Pan      | 90559 ||| (to cure confusion)
 90564 | Pan      | Gained mutation: Your body often deteriorates upon taking
                  | damage. [a neqoxec]
 90566 | Pan      | 90566 ||| DRINKING 33 potions of curing.
 90566 | Pan      | 90566 ||| (to cure confusion)
 90644 | Pan      | 90644 ||| Stepping ~*~*~tactically~*~*~ (stealth).
 90678 | Pan      | 90678 ||| Stepping ~*~*~tactically~*~*~ (hiding).
 90725 | Pan      | Identified the ring of the Cuttlefish {rElec rCorr Dex+3
                  | SInv Stlth+}
 90748 | Pan      | 90748 ||| Stepping ~*~*~tactically~*~*~ (hiding).
 90764 | Pan      | 90764 ||| Stepping ~*~*~tactically~*~*~ (stealth).
 90768 | Pan      | Gained mutation: You are vulnerable to heat. (rF-) [a
                  | cacodemon]
 90790 | Pan      | 90790 ||| Stepping ~*~*~tactically~*~*~ (stealth).
 90806 | Pan      | 90806 ||| Stepping ~*~*~tactically~*~*~ (stealth).
 90838 | Pan      | 90838 ||| Stepping ~*~*~tactically~*~*~ (stealth).
 90839 | Pan      | 90839 ||| Stepping ~*~*~tactically~*~*~ (stealth).
 90855 | Pan      | Got a glowing rune of Zot
 90940 | Pan      | Gained mutation: You are very clumsy. (Dex -4) [a neqoxec]
 91017 | Pan      | Gained mutation: Potions cannot restore your health. [a
                  | neqoxec]
 91018 | Pan      | 91018 ||| Stepping ~*~*~tactically~*~*~ (hiding).
 91135 | Pan      | 91135 ||| Stepping ~*~*~tactically~*~*~ (stealth).
 91136 | Pan      | 91136 ||| Stepping ~*~*~tactically~*~*~ (stealth).
 91167 | Pan      | 91167 ||| Stepping ~*~*~tactically~*~*~ (stealth).
 91215 | Pan      | 91215 ||| Stepping ~*~*~tactically~*~*~ (stealth).
 91216 | Pan      | 91216 ||| Stepping ~*~*~tactically~*~*~ (stealth).
 91229 | Pan      | Gained mutation: You occasionally lose the ability to drink
                  | potions when taking damage. [a cacodemon]
 91230 | Pan      | Gained mutation: You are often teleported next to monsters.
                  | [a cacodemon]
 91279 | Pan      | 91279 ||| DRINKING 34 potions of curing.
 91279 | Pan      | 91279 ||| (to cure confusion)
 91294 | Pan      | 91294 ||| DRINKING 33 potions of curing.
 91294 | Pan      | 91294 ||| (to cure confusion)
 91387 | Pan      | Gained mutation: Your magical capacity is low. (-10% MP) [a
                  | cacodemon]
 91438 | Pan      | 91438 ||| PLANNING SLIME:5
 91438 | Pan      | 91438 ||| SWAPPING to +10 broad axe of Inquiry {heavy,
                  | Int+4}.
 91439 | Pan      | 91439 ||| UPGRADING to ring "Zikics" {Fire Str+2 Int+3
                  | Dex+2}.
 91526 | Pan      | 91526 ||| Stepping ~*~*~tactically~*~*~ (cloud).
 91539 | Pan      | 91539 ||| Stepping ~*~*~tactically~*~*~ (stealth).
 91542 | Pan      | Found an exit through the horrors of the Abyss.
 91543 | Pan      | 91543 ||| Stepping ~*~*~tactically~*~*~ (hiding).
 91546 | Pan      | 91546 ||| INVOKING Summon Divine Warrior.
 91792 | Pan      | Gained mutation: You are very frail. (-20% HP) [a neqoxec]
 91820 | Pan      | 91820 ||| INVOKING Cleansing Flame.
 91821 | Pan      | 91821 ||| INVOKING Cleansing Flame.
 91934 | Pan      | 91934 ||| INVOKING Cleansing Flame.
 91936 | Pan      | Reached skill level 24 in Axes
 91944 | Pan      | Noticed Ismi the pandemonium lord
 91945 | Pan      | 91945 ||| INVOKING Cleansing Flame.
 91946 | Pan      | 91946 ||| INVOKING Cleansing Flame.
 91953 | Pan      | Killed Ismi the pandemonium lord
 91955 | Pan      | 91955 ||| INVOKING Summon Divine Warrior.
 91959 | Pan      | 91959 ||| INVOKING Cleansing Flame.
 92217 | Pan      | 92217 ||| Stepping ~*~*~tactically~*~*~ (hiding).
 92257 | Pan      | 92257 ||| Stepping ~*~*~tactically~*~*~ (stealth).
 92372 | Depths:1 | Escaped Pandemonium
 92606 | Slime:1  | Entered Level 1 of the Pits of Slime
 92627 | Slime:1  | Paralysed by a great orb of eyes for 5 turns
 92809 | Slime:3  | 92809 ||| STAIRDANCE
 92815 | Slime:3  | Gained mutation: You frequently scream uncontrollably at
                  | your foes. [a shining eye]
 92816 | Slime:3  | 92816 ||| STAIRDANCE
 92823 | Slime:3  | 92823 ||| STAIRDANCE
 92853 | Slime:4  | Lost mutation: Your spells are a little harder to cast, but
                  | a little more powerful. [a shining eye]
 93115 | Slime:3  | Gained mutation: You are very dopey. (Int -4) [a shining
                  | eye]
 93119 | Slime:3  | Gained mutation: You are weak. (Str -2) [a shining eye]
 93123 | Slime:3  | Gained mutation: You occasionally lose the ability to read
                  | scrolls when taking damage. [a shining eye]
 93124 | Slime:3  | Lost mutation: Your magical capacity is low. (-10% MP) [a
                  | shining eye]
 93265 | Slime:5  | Entered Level 5 of the Pits of Slime
 93268 | Slime:5  | 93268 ||| STAIRDANCE
 93274 | Slime:5  | 93274 ||| STAIRDANCE
 93284 | Slime:5  | Noticed the Royal Jelly
 93285 | Slime:5  | 93285 ||| INVOKING Summon Divine Warrior.
 93291 | Slime:5  | 93291 ||| DRINKING 10 potions of cancellation.
 93295 | Slime:5  | HP: 38/159 [acid[the Royal Jelly] (2)]
 93296 | Slime:5  | 93296 ||| READING 27 scrolls of teleportation.
 93298 | Slime:5  | HP: 16/159 [rockslime (12)]
 93299 | Slime:5  | HP: 4/159 [acid blob/splash of acid[the Royal Jelly] (13)]
 93300 | Slime:5  | The Shining One protects you from harm!
 93301 | Slime:5  | 93301 ||| READING 26 scrolls of teleportation.
 93375 | Slime:5  | 93375 ||| INVOKING Summon Divine Warrior.
 93376 | Slime:5  | Gained mutation: You are very weak. (Str -4) [a shining
                  | eye]
 93382 | Slime:5  | HP: 38/159 [rockslime[the Royal Jelly] (13)]
 93383 | Slime:5  | 93383 ||| READING 25 scrolls of teleportation.
 93386 | Slime:5  | HP: 18/159 [acid[the Royal Jelly] (2)]
 93388 | Slime:5  | 93388 ||| READING 24 scrolls of teleportation.
 93399 | Slime:5  | 93399 ||| READING 23 scrolls of teleportation.
 93401 | Slime:5  | HP: 24/159 [acid[the Royal Jelly] (2)]
 93402 | Slime:5  | 93402 ||| READING 22 scrolls of teleportation.
 93454 | Slime:5  | Gained mutation: Your magical capacity is low. (-10% MP) [a
                  | shining eye]
 93470 | Slime:5  | Killed the Royal Jelly
 93473 | Slime:5  | HP: 38/159 [acid[the Royal Jelly] (3)]
 93474 | Slime:5  | 93474 ||| READING 21 scrolls of teleportation.
 93476 | Slime:5  | HP: 10/159 [acid blob[the Royal Jelly] (10)]
 93477 | Slime:5  | HP: 4/159 [acid[the Royal Jelly] (1)]
 93477 | Slime:5  | HP: 1/159 [azure jelly[the Royal Jelly] (3)]
 93477 | Slime:5  | Killed from afar by an acid blob

Levels and vault maps discovered:
D:1:      dpeg_arrival_court, layout_basic
D:2:      layout_rooms, serial_undead, serial_undead_f, serial_undead_b,
          serial_undead_e, serial_undead_e, serial_undead_c, serial_undead_a
D:3:      kennysheep_slugbush, layout_basic
D:4:      layout_layer_cave
D:5:      layout_layer_cave, dancing_weapons_uskayaw, kennysheep_mini,
          jmf_multi_god_temple, uniq_prince_ribbit1
D:6:      layout_basic, grunt_temple_overflow_opulence,
          worldfamousw_hep_ancestral_shrine, mainiacjoe_overflow_alcove_2,
          minmay_temple_entry_proselytizer, nicolae_elevator_lobby_asterisk
D:7:      layout_loops_ring, jmf_multi_god_temple2, uniq_menkaure
D:8:      layout_cave_pools, uniq_grum
D:9:      layout_basic, nicolae_overflow_hidden_temple
D:10:     layout_cave_pools, nicolae_stop_n_shop_2
D:11:     layout_rooms, minmay_lair_entry_lava, gauntlet_entry_generic,
          serial_shops, shop, ploomutoo_gammafunk_ghost_potion_laboratory,
          roderic_nine_men_s_morris, grunt_decor_mini_mirrors,
          kennysheep_generic_room_12
D:12:     layout_loops_corners, david_orc_5, hangedman_decor_diamond_cutter,
          centaur_isle, uniq_rupert
D:13:     layout_roguey [special_room_bee],
          hellmonk_okawaru_the_only_friend_you_need
D:14:     layout_roguey, david_vaults_5
D:15:     grunt_enter_depths_snipers, layout_loops_ring, serial_shops,
          nicolae_shop_back_alley_shop, nicolae_concentric_dashed_squares_wild
Temple:   hellmonk_temple_beads
Lair:1:   layout_layer_cave, beast_lair_carwin_2
Lair:2:   layout_cave_pods, minmay_shoals_entry_lonely_mermaid,
          chequers_serial_rivers_marsh, grunt_megastairs_3, uniq_gastronok
Lair:3:   layout_cave_pods, nicolae_spider_entry_tight_spaces,
          grunt_megastairs_4
Lair:4:   layout_loops_ring, portal_ice_cave_entry_imps
Lair:5:   hangedman_lair_tendril_chambers, layout_gridlike,
          hangedman_lair_caniforms_friends, slime_entry_1, uniq_josephine
Shoals:1: layout_shoals, hellmonk_ghost_happy_afterlife
Shoals:2: layout_shoals, wheals_shoals_ruined_temple, uniq_frances
Shoals:3: layout_shoals, uniq_bai_suzhen
Shoals:4: shoals_end_simple, layout_shoals, shoal_ilsuiw, uniq_polyphemus
Spider:1: layout_spider_delve
Spider:2: layout_spider_delve, nicolae_spider_cling_halls, uniq_arachne,
          uniq_donald, uniq_agnes
Spider:3: layout_cave_pods, gammafunk_ghost_grave
Spider:4: hellmonk_spider_rune_bug_friends, drop_trap, uniq_mara
Slime:1:  layout_caves, basic_altar
Slime:2:  layout_caves, cheibrodos_slime_lost_civilization_7
Slime:3:  layout_caves
Slime:4:  cheibrodos_slime_lost_civilization_3, layout_caves,
          cheibrodos_slime_lost_civilization_6
Slime:5
Orc:1:    layout_caves, gammafunk_ghost_grave, uniq_erica, uniq_jorgrun,
          uniq_fannar
Orc:2:    st_orc_open, layout_caves, david_defended_altar_orc
Vaults:1: nicolae_vaults_network_quinsquares
          [nicolae_vaults_network_quincunx_subvault,
          nicolae_vaults_network_quincunx_subvault,
          nicolae_vaults_network_quincunx_subvault,
          nicolae_vaults_network_quincunx_subvault],
          nicolae_vaults_windows_and_doors_thing, nicolae_vaults_spaceships,
          nicolae_vaults_ring_of_whatevers, vaults_room_pools,
          ontoclasm_vaults_shout, nicolae_vaults_house_3,
          hangedman_vaults_capsules, ontoclasm_vaults_twist,
          nicolae_vaults_diamond_1, layout_vaults_omnigrid
Vaults:2: nicolae_vaults_shelves_hall, vaults_room_pool, nicolae_vaults_cochlea,
          hangedman_vaults_corner, nicolae_vaults_closet_pinwheel_4,
          nicolae_vaults_security_offices_2, nicolae_vaults_theta,
          nicolae_vaults_octothorpe, ontoclasm_vaults_gateway,
          hangedman_vaults_hat, v_misc_18, minmay_crypt_entry_skeletal_spiral,
          layout_vaults_big_room, serial_shops, nicolae_shop_hallway_plus,
          uniq_margery
Vaults:3: nicolae_vaults_swerve, vaults_room_pool, st_more_cells,
          nicolae_vaults_heart-shaped_vault, nicolae_vaults_tetromino_L_2,
          nicolae_vaults_closet_pinwheel_2, ontoclasm_vaults_hangar,
          layout_vaults_maze_snakey, serial_shops,
          nicolae_shop_bloodbath_and_beyond
Vaults:4: vaults_room_grunt_arrival_checkpoint, grunt_vaults_trifunnel,
          v_misc_12, nicolae_vaults_ninety_degrees,
          nicolae_vaults_storing_the_good_stuff,
          nicolae_vaults_shrinking_rooms_1, vaults_room_door_ring,
          nicolae_vaults_double_plus_2, grunt_vaults_hallway_long,
          ontoclasm_vaults_fault, ontoclasm_vaults_idyll,
          nicolae_vaults_three_branches, layout_vaults_ring
Vaults:5: serial_shops
Crypt:1:  layout_misc_corridors, ebering_ghost_disaster_area,
          grunt_ministairs_11, st_chilly_death, grunt_megastairs_2,
          grunt_crypt_arrival_split, lemuel_upstairs_altar
Crypt:2:  layout_catacombs, amcnicky_altar_lugonu_corruption,
          roderic_lattice_octagonal_star
Crypt:3:  due_elkab, layout_chaotic_city, tomb_entry_forgotten_bobbens
Tomb:1
Tomb:2
Tomb:3
Depths:1: minmay_polygon_palace, layout_gridlike, rand_demon_pan_entry_5,
          kennysheep_boxes, hell_entry, drop_trap, nicolae_transmutations_shop,
          minmay_misc_feat_secret_circle, grunt_ministairs_10,
          nicolae_rock_paper_scissors, uniq_aizul, uniq_saint_roka
Depths:2: minmay_the_grid_octo_tiled_octocenter_mashed
          [minmay_the_grid_octo_clover, minmay_the_grid_octo_shrine,
          minmay_the_grid_octo_77, minmay_the_grid_octo_clover_2,
          minmay_the_grid_octo_prize_star, minmay_the_grid_square_5x5_lines,
          minmay_the_grid_square_5x5_c, minmay_the_grid_square_5x5_v,
          minmay_the_grid_square_5x5_inset], layout_cave_pools, hell_entry,
          pan_entry
Depths:3: minmay_central_circle, layout_gridlike, hangedman_abyss_entry_splay,
          serial_shops, shop, hell_entry, gammafunk_ghost_necromancy
Depths:4: grunt_zot_entry_pinwheel, layout_basic, enter_ziggurat_f,
          tso_metal_star, hell_entry, abyss_entry_crystal, serial_corexii_hall,
          corexii_hall_statues_i, chequers_hall_statues_y,
          chequers_hall_statues_wall_a, corexii_hall_statues_s
Zot:1:    layout_cathedral_of_symmetry, hangedman_player_shredder
Zot:2:    grunt_twist_and_shout, layout_concentric_octagons
Zot:3:    layout_cathedral_of_symmetry, uniq_parghit, uniq_josephina
Zot:4:    gammafunk_dig_for_victory, layout_basic

Skill      XL: |  1  2  3  4  5  6  7  8  9 10 11 12 13 14 15 16 17 18 19 20 21 22 23 24 25 26 27 |
---------------+----------------------------------------------------------------------------------+-----
Axes           | 2 3 4 5 6 7 9 10 11 12 13 15 16 17 18 25 | 25.0
Shields        | 4 5 6 7 8 9 10 11 12 13 15 16 17 18 19 22 25 | 25.8
Fighting       | 4 5 6 8 9 10 11 12 13 14 15 17 18 19 20 21 22 24 26 27 | 27.0
Armour         | 4 5 6 7 9 10 11 12 13 15 16 18 19 20 22 27 | 27.0
Invocations    | 4 6 10 27 | 27.0
Throwing       | 2 3 5 6 7 8 9 10 11 12 13 15 | 15.0
Dodging        | 1 3 4 6 8 9 10 11 | 11.0
Short Blades   | 4 |  4.9

Action                     |  1- 3 |  4- 6 |  7- 9 | 10-12 | 13-15 | 16-18 | 19-21 | 22-24 | 25-27 || total
---------------------------+-------+-------+-------+-------+-------+-------+-------+-------+-------++-------
  Melee: War axe           |   102 |   170 |       |       |       |       |       |       |       ||   272
         Broad axe         |       |     1 |   286 |   345 |   733 |   781 |  1125 |   959 |  4530 ||  8760
         Flail             |       |       |       |       |     7 |       |       |       |       ||     7
         Headbutt          |       |       |       |       |       |       |       |       |   606 ||   606
  Throw: Boomerang         |       |    57 |    14 |    16 |       |     7 |    63 |    80 |   730 ||   967
         Javelin           |       |       |       |    42 |   208 |   175 |   234 |    90 |   176 ||   925
 Invoke: Heroism           |       |       |     6 |    16 |    23 |    24 |    18 |    19 |    36 ||   142
         Finesse           |       |       |       |     1 |     5 |     4 |     6 |     4 |     2 ||    22
         Cleansing Flame   |       |       |       |       |       |       |       |       |   117 ||   117
         Summon Divine War |       |       |       |       |       |       |       |       |    49 ||    49
         Brand Weapon With |       |       |       |       |       |       |       |       |     1 ||     1
    Use: Scroll            |     5 |     7 |    11 |     9 |     6 |     5 |     2 |     3 |    24 ||    72
         Potion            |       |     5 |     1 |     3 |       |     2 |     3 |     2 |    60 ||    76
   Stab: Petrified         |       |       |       |       |       |       |     4 |       |       ||     4
         Petrifying        |       |       |       |       |       |       |     2 |       |       ||     2
         Distracted        |       |       |       |       |       |       |     1 |       |     2 ||     3
 Armour: Scale mail        |    52 |    77 |       |       |       |       |       |       |       ||   129
         Plate armour      |       |    57 |   204 |   168 |   237 |   382 |   370 |   368 |   238 ||  2024
         Gold dragon scale |       |       |       |       |       |       |       |       |  1521 ||  1521
  Dodge: Dodged            |    32 |    61 |    75 |   123 |   254 |   288 |   261 |   351 |  1624 ||  3069
  Block: Buckler           |    17 |    24 |       |       |       |       |       |       |       ||    41
         Kite shield       |       |    36 |   121 |   200 |   500 |   618 |   762 |   729 |   413 ||  3379
         Reflection        |       |       |       |       |    25 |    51 |    86 |    15 |   135 ||   312
         Tower shield      |       |       |       |       |       |       |       |       |  3817 ||  3817

Table legend:
 A = Non-vault XP
 B = Vault XP
 C = Vault XP percentage of total XP
 D = Non-vault monster count
 E = Vault monster count
 F = Vault count percentage of total count
                 A         B        C        D         E       F
            +---------+---------+-------+---------+---------+-------
      Total | 1324651 | 1056493 |  44.4 |    2297 |    1295 |  36.1
            +---------+---------+-------+---------+---------+-------
        D:1 |      66 |       0 |   0.0 |      29 |       0 |   0.0
        D:2 |      18 |      25 |  58.1 |      11 |       9 |  45.0
        D:3 |     131 |      28 |  17.6 |      25 |       7 |  21.9
        D:4 |     345 |       0 |   0.0 |      20 |       0 |   0.0
        D:5 |     319 |     408 |  56.1 |       8 |       3 |  27.3
        D:6 |    1063 |      41 |   3.7 |      26 |       1 |   3.7
        D:7 |    1032 |     154 |  13.0 |      23 |       1 |   4.2
        D:8 |     964 |     404 |  29.5 |      26 |       3 |  10.3
        D:9 |    1924 |       0 |   0.0 |      24 |       0 |   0.0
       D:10 |    3630 |       0 |   0.0 |      21 |       0 |   0.0
       D:11 |    4932 |     933 |  15.9 |      17 |       2 |  10.5
       D:12 |    3115 |    5211 |  62.6 |       7 |      28 |  80.0
       D:13 |    9916 |    2486 |  20.0 |      20 |      25 |  55.6
       D:14 |    5885 |     884 |  13.1 |      13 |       1 |   7.1
       D:15 |    9839 |    2661 |  21.3 |      21 |       3 |  12.5
     Lair:1 |    5233 |     817 |  13.5 |      24 |       4 |  14.3
     Lair:2 |    9720 |    2682 |  21.6 |      30 |       6 |  16.7
     Lair:3 |   13008 |    3919 |  23.2 |      33 |      16 |  32.7
     Lair:4 |    2743 |     123 |   4.3 |      14 |      12 |  46.2
     Lair:5 |   18073 |   22331 |  55.3 |      48 |      97 |  66.9
   Shoals:1 |   12488 |       0 |   0.0 |      26 |       0 |   0.0
   Shoals:2 |   21610 |    4417 |  17.0 |      39 |       5 |  11.4
   Shoals:3 |   15964 |    3234 |  16.8 |      34 |       1 |   2.9
   Shoals:4 |   18989 |   29154 |  60.6 |      40 |      42 |  51.2
   Spider:1 |   15813 |       0 |   0.0 |      44 |       0 |   0.0
   Spider:2 |   22368 |    5013 |  18.3 |      54 |       3 |   5.3
   Spider:3 |   15827 |     434 |   2.7 |      45 |       1 |   2.2
   Spider:4 |   12814 |   22453 |  63.7 |      33 |      26 |  44.1
    Slime:1 |    9643 |       0 |   0.0 |      20 |       0 |   0.0
    Slime:2 |    6156 |       0 |   0.0 |      15 |       0 |   0.0
    Slime:3 |    9186 |       0 |   0.0 |      22 |       0 |   0.0
    Slime:4 |    7226 |       0 |   0.0 |      11 |       0 |   0.0
    Slime:5 |    9262 |   17646 |  65.6 |      14 |       9 |  39.1
      Orc:1 |    2867 |    3515 |  55.1 |      17 |       3 |  15.0
      Orc:2 |    1037 |   14891 |  93.5 |      22 |      40 |  64.5
   Vaults:1 |   33976 |   19159 |  36.1 |      52 |      23 |  30.7
   Vaults:2 |   22036 |   25420 |  53.6 |      30 |      38 |  55.9
   Vaults:3 |   22555 |   13433 |  37.3 |      34 |      15 |  30.6
   Vaults:4 |   30820 |   41592 |  57.4 |      45 |      47 |  51.1
   Vaults:5 |   32310 |   79440 |  71.1 |      45 |      70 |  60.9
    Crypt:1 |   37280 |   29852 |  44.5 |      62 |      59 |  48.8
    Crypt:2 |   21649 |       0 |   0.0 |      35 |       0 |   0.0
    Crypt:3 |   26028 |   38285 |  59.5 |      35 |      61 |  63.5
     Tomb:1 |    5663 |   70247 |  92.5 |      19 |      53 |  73.6
     Tomb:2 |    3312 |   27376 |  89.2 |      10 |      42 |  80.8
     Tomb:3 |   12666 |   96684 |  88.4 |      25 |      91 |  78.4
   Depths:1 |   23137 |   44064 |  65.6 |      32 |      47 |  59.5
   Depths:2 |   28649 |   42078 |  59.5 |      36 |      38 |  51.4
   Depths:3 |   36025 |   35523 |  49.6 |      30 |      27 |  47.4
   Depths:4 |   19243 |   19190 |  49.9 |      21 |      16 |  43.2
      Zot:1 |   42674 |   28698 |  40.2 |      37 |      18 |  32.7
      Zot:2 |   39222 |   17898 |  31.3 |      29 |      20 |  40.8
      Zot:3 |   54678 |    3052 |   5.3 |      48 |       1 |   2.0
      Zot:4 |   37293 |       0 |   0.0 |      27 |       0 |   0.0
    Abyss:3 |   16090 |    1386 |   7.9 |      22 |       3 |  12.0
        Pan |  506139 |  273150 |  35.1 |     747 |     266 |  26.3
   Gauntlet |       0 |    6102 | 100.0 |       0 |      12 | 100.0
            +---------+---------+-------+---------+---------+-------
